Workbook

Sheet Contents
B3: United Nations Environment Programme
B4: COMPILER FOR ECONOMY-WIDE MATERIAL FLOW ACCOUNTS
B5: (EW-MFA Compiler)
B7: Country:
B9: If you have any questions, please contact us at the following email address: | D9: unep-science-sdgs@un.org
B13: TABLE OF CONTENTS
B15: Sheet | C15: Title | D15: Status
B16: Contents | C16: Table of contents | D16: for information
B17: Intro | C17: Introduction and methodology | D17: for information
B18: Description & Definitions | C18: Description of tables and Definitions | D18: for information
B19: Table_A | C19: Domestic Extraction | D19: to fill in
B20: Table_B | C20: Imports of Materials | D20: to fill in
B21: Table_C | C21: Exports of Materials | D21: to fill in
B22: Table_D | C22: Material Outflows | D22: to fill in
B23: Table_E | C23: Balancing Items | D23: to fill in
B24: Table_F | C24: Headline Indicators | D24: to be filled in automatically
B25: Corresp SDMX Codes | C25: Correspondence EW-MFA Codes to SDMX Product Codes | D25: can be used for estimation of selected items
B26: Corresp FAO Crop Codes_DE | C26: Correspondence FAO Crop Codes to EW-MFA Codes_Domestic Extraction | D26: can be used for estimation of selected items
... B44: Corresp SITC Rev.4_Trade | C44: Correspondence Table SITC Rev. 4 Codes to EW-MFA Codes | D44: can be used for estimation of selected items

Sheet Intro
B2: Introduction
B3: EW-MFA based accounts and indicators deliver a very comprehensive overview of natural resource extraction, trade in natural resources, waste disposal and emissions. They measure environmental pressures of natural resource use, and EW-MFA based headline indicators (Domestic Extraction, Direct Material Input, Domestic Material Consumption, Physical Trade Balance, Domestic Processed Output, Material Productivity) have been used as a proxy for overall environmental pressure and impact of a national economy. For this reason, indicators based on EW-MFA data sets have been adopted for monitoring progress of the 2030 Agenda for Sustainable Development and the SDG targets for resource productivity (SDG 8.4) and sustainable use of natural resources (SDG 12.2).
B4: Material flow accounts belong to environmental-economic accounts and apply the accounting concepts, structures, rules and principles of the System of Environmental-Economic Accounting 2012 - Central Framework (SEEA-CF).
B6: Methodology
B7: The EW-MFA Compiler supports countries to build Economy-Wide Material Flow Accounts. As well as providing the basic structure required for these accounts, a number of simple tools are also included here for the calculation of some categories of materials, where those categories are not the result of simple summation.
B8: The EW-MFA Compiler should be used in conjunction with reading the global manual on EW-MFA "UNEP (2023). The use of natural resources in the economy: A Global Manual on Economy-Wide Material Flow Accounting":
B9: https://wedocs.unep.org/bitstream/handle/20.500.11822/36253/UNRE.pdf?sequence=3&isAllowed=y
B11: Material categories
B12: Material categories are subdivided in a hierarchical, five-level structure of mutually exclusive categories. The categories at the highest level are called flows, which are alphabetically coded categories intended to facilitate economy-wide material flows analysis. The flows subdivide the entire spectrum of productive activities into broad groupings, such as “Domestic extraction” (flow A), “Imports of materials” (flow B), “Exports of materials” (flow C), and “Material outflows” (flow D). The classification is then organized into successively more detailed categories, which are numerically coded: one-digit, two-digit, three-digit, and, at the greatest level of detail, four-digit.
B13: Acknowledgements
B14: The EW-MFA Compiler was produced by UNEP, with the support of the Commonwealth Scientific and Industrial Research Organisation (CSIRO) for the development of tools to faciliate the compilation of national accounts.

Sheet Description & Definitions
B2: DESCRIPTION OF TABLES
B3: Table_A - Domestic extraction (DE)
B4: Domestic extraction includes four groups of extracted materials: A.1 Biomass, A.2 Metal ores, A.3 Non-metallic minerals, and A.4 Fossil fuels.
B5: A.1 Biomass: According to EW-MFA conventions, DE of biomass includes all biomass of vegetable origin extracted by humans and their livestock, capture of wild fish, and the biomass of hunted animals. Biomass of livestock and livestock products (e.g. milk, meat, eggs, hides) is not accounted for as domestic extraction but considered as flows within the economic system.
B6: The most consistent international source of data on biomass extraction is the statistical database provided by the United Nations Food and Agricultural Organization (FAOSTAT). FAOSTAT covers a huge range of data concerning agriculture, forestry, and fishery, and the land use and food system in general at the level of nation states and in time series from 1961 onwards.
B7: A decision tree to help work through alternative data sources preferentially is presented in Figure 2.1 of the Global Manual on EW-MFA (see the link in the Intro sheet for this compiler).
B8: A.2 Metal ores: For EW-MFA purposes, only that portion of the excavated rock which is to be processed in some way, to obtain the desired metals, should be counted. This means that any soil or rock which is simply excavated and moved, to gain access to the metal ore itself, should not be counted as ore.
B9: While the detailed system described in the Global Manual on EW-MFA, using questionnaire-based surveys of a country’s major minerals producers, is recommended, its success is contingent upon the cooperation of the mine operators.
B10: A flow chart to aid in deciding which approach is best for the compiler’s particular circumstances is set out in Figure 2.3 of the Global Manual on EW-MFA (see the link in the Intro sheet for this compiler).
B11: A.3 Non-metallic minerals: If accounted by mass, the vast majority of the materials of this category are sand, gravel, and clay used for construction, while the remainders are used either as decorative stones or for chemicals and fertilizers. Certain materials can be used for either industrial or construction purposes, since there is no clear and distinct differentiation between the two.
B12: A flow chart for the compilation of non-metallic mineral EW-MFA is set out in Figure 2.4 of the Global Manual on EW-MFA (see the link in the Intro sheet for this compiler).
B13: A.4 Fossil fuels: Fossil fuels are materials formed from biomass in the geological past and comprise solid, liquid and gaseous materials: coal and peat, crude oil and natural gas, oil shale and tar sands.
... B61: Material Productivity is defined as the ratio between GDP and DMC. It indicates the economic value generated per unit of material consumption. Over time, the indicator illustrates whether decoupling of material use from economic growth is achieved. This indicator is also called resource efficiency, e.g. in the European policy context.

Sheet Table_A
A1: Table_A - Domestic extraction
A2: (tonnes)
A3: Material category | B3: Description | C3: 2010 | D3: 2011 | E3: 2012 | F3: 2013 | G3: 2014 | H3: 2015 | I3: 2016 | J3: 2017 | K3: 2018 | L3: 2019 | M3: 2020 | N3: 2021 | O3: 2022 | P3: 2023 | Q3: 2024 | R3: 2025 | S3: 2026 | T3: 2027 | U3: 2028 | V3: 2029 | W3: 2030
A4: A.1 | B4: BIOMASS | C4: =C5+C22+C27+C30 -> 0 | D4: =D5+D22+D27+D30 -> 0 | E4: =E5+E22+E27+E30 -> 0 | F4: =F5+F22+F27+F30 -> 0 | G4: =G5+G22+G27+G30 -> 0 | H4: =H5+H22+H27+H30 -> 0 | I4: =I5+I22+I27+I30 -> 0 | J4: =J5+J22+J27+J30 -> 0 | ... W4: =W5+W22+W27+W30 -> 0
A5: A.1.1 | B5: Crops | C5: =C6+C11+C12+C13+C14+C15+C16+C17+C18+C19+C20+C21 -> 0 | D5: =D6+D11+D12+D13+D14+D15+D16+D17+D18+D19+D20+D21 -> 0 | E5: =E6+E11+E12+E13+E14+E15+E16+E17+E18+E19+E20+E21 -> 0 | F5: =F6+F11+F12+F13+F14+F15+F16+F17+F18+F19+F20+F21 -> 0 | G5: =G6+G11+G12+G13+G14+G15+G16+G17+G18+G19+G20+G21 -> 0 | H5: =H6+H11+H12+H13+H14+H15+H16+H17+H18+H19+H20+H21 -> 0 | I5: =I6+I11+I12+I13+I14+I15+I16+I17+I18+I19+I20+I21 -> 0 | J5: =J6+J11+J12+J13+J14+J15+J16+J17+J18+J19+J20+J21 -> 0 | ... W5: =W6+W11+W12+W13+W14+W15+W16+W17+W18+W19+W20+W21 -> 0
A6: A.1.1.1 | B6: Cereals | C6: =SUM(C7:C10) -> 0 | D6: =SUM(D7:D10) -> 0 | E6: =SUM(E7:E10) -> 0 | F6: =SUM(F7:F10) -> 0 | G6: =SUM(G7:G10) -> 0 | H6: =SUM(H7:H10) -> 0 | I6: =SUM(I7:I10) -> 0 | J6: =SUM(J7:J10) -> 0 | ... W6: =SUM(W7:W10) -> 0
A7: A.1.1.1.1 | B7: Rice
A8: A.1.1.1.2 | B8: Wheat
A9: A.1.1.1.3 | B9: Maize
A10: A.1.1.1.4 | B10: Cereals n.e.c.
A11: A.1.1.2 | B11: Roots, tubers
A12: A.1.1.3 | B12: Sugar crops
A13: A.1.1.4 | B13: Pulses
A14: A.1.1.5 | B14: Nuts
A15: A.1.1.6 | B15: Oil bearing crops
A16: A.1.1.7 | B16: Vegetables
A17: A.1.1.8 | B17: Fruits
A18: A.1.1.9 | B18: Fibres
... A21: A.1.1.12 | B21: Other crops n.e.c.
A22: A.1.2 | B22: Crop residues (used), fodder crops, grazed biomass | C22: =SUM(C23:C26) -> 0 | D22: =SUM(D23:D26) -> 0 | E22: =SUM(E23:E26) -> 0 | F22: =SUM(F23:F26) -> 0 | G22: =SUM(G23:G26) -> 0 | H22: =SUM(H23:H26) -> 0 | I22: =SUM(I23:I26) -> 0 | J22: =SUM(J23:J26) -> 0 | ... W22: =SUM(W23:W26) -> 0
A23: A.1.2.1 | B23: Straw | C23: ='Crop Residues Tool_DE'!D13 -> 0 | D23: ='Crop Residues Tool_DE'!E13 -> 0 | E23: ='Crop Residues Tool_DE'!F13 -> 0 | F23: ='Crop Residues Tool_DE'!G13 -> 0 | G23: ='Crop Residues Tool_DE'!H13 -> 0 | H23: ='Crop Residues Tool_DE'!I13 -> 0 | I23: ='Crop Residues Tool_DE'!J13 -> 0 | J23: ='Crop Residues Tool_DE'!K13 -> 0 | ... W23: ='Crop Residues Tool_DE'!X13 -> 0
A24: A.1.2.2 | B24: Other crop residues (sugar and fodder beet leaves, other) | C24: ='Crop Residues Tool_DE'!D14 -> 0 | D24: ='Crop Residues Tool_DE'!E14 -> 0 | E24: ='Crop Residues Tool_DE'!F14 -> 0 | F24: ='Crop Residues Tool_DE'!G14 -> 0 | G24: ='Crop Residues Tool_DE'!H14 -> 0 | H24: ='Crop Residues Tool_DE'!I14 -> 0 | I24: ='Crop Residues Tool_DE'!J14 -> 0 | J24: ='Crop Residues Tool_DE'!K14 -> 0 | ... W24: ='Crop Residues Tool_DE'!X14 -> 0
A25: A.1.2.3 | B25: Fodder crops (including biomass harvest from grassland)
A26: A.1.2.4 | B26: Grazed biomass | C26: ='Grazed Biomass Tool_DE'!D13 -> 0 | D26: ='Grazed Biomass Tool_DE'!E13 -> 0 | E26: ='Grazed Biomass Tool_DE'!F13 -> 0 | F26: ='Grazed Biomass Tool_DE'!G13 -> 0 | G26: ='Grazed Biomass Tool_DE'!H13 -> 0 | H26: ='Grazed Biomass Tool_DE'!I13 -> 0 | I26: ='Grazed Biomass Tool_DE'!J13 -> 0 | J26: ='Grazed Biomass Tool_DE'!K13 -> 0 | ... W26: ='Grazed Biomass Tool_DE'!X13 -> 0
A27: A.1.3 | B27: Wood | C27: =C28+C29 -> 0 | D27: =D28+D29 -> 0 | E27: =E28+E29 -> 0 | F27: =F28+F29 -> 0 | G27: =G28+G29 -> 0 | H27: =H28+H29 -> 0 | I27: =I28+I29 -> 0 | J27: =J28+J29 -> 0 | ... W27: =W28+W29 -> 0
A28: A.1.3.1 | B28: Timber (Industrial roundwood)
A29: A.1.3.2 | B29: Wood fuel and other extraction
A30: A.1.4 | B30: Wild harvest n.e.c. | C30: =SUM(C31:C35) -> 0 | D30: =SUM(D31:D35) -> 0 | E30: =SUM(E31:E35) -> 0 | F30: =SUM(F31:F35) -> 0 | G30: =SUM(G31:G35) -> 0 | H30: =SUM(H31:H35) -> 0 | I30: =SUM(I31:I35) -> 0 | J30: =SUM(J31:J35) -> 0 | ... W30: =SUM(W31:W35) -> 0
A31: A.1.4.1 | B31: Wild fish catch
A32: A.1.4.2 | B32: All other wild aquatic animals catch
A33: A.1.4.3 | B33: Wild aquatic plant harvest
A34: A.1.4.4 | B34: Wild terrestrial plant harvest n.e.c. (incl. gathering)
A35: A.1.4.5 | B35: Wild terrestrial animal catch (incl. hunting)
A36: A.2 | B36: METAL ORES | C36: =SUM(C37,C39,C41) -> 0 | D36: =SUM(D37,D39,D41) -> 0 | E36: =SUM(E37,E39,E41) -> 0 | F36: =SUM(F37,F39,F41) -> 0 | G36: =SUM(G37,G39,G41) -> 0 | H36: =SUM(H37,H39,H41) -> 0 | I36: =SUM(I37,I39,I41) -> 0 | J36: =SUM(J37,J39,J41) -> 0 | ... W36: =SUM(W37,W39,W41) -> 0
A37: A.2.1 | B37: Iron ores
A38: M.2.Fe | B38: Iron ores metal content (memo item)
A39: A.2.2 | B39: Aluminium ores
A40: M.2.Al | B40: Aluminium ores metal content (memo item)
A41: A.2.3 | B41: Other metal ores
A42: M.2.x | B42: X ores metal content, where X is a specific metallic element other than iron or aluminium (memo item)
A43: A.3 | B43: NON-METALLIC MINERALS | C43: =C44+C45+C49+C50+C51+C52+C55+C58 -> 0 | D43: =D44+D45+D49+D50+D51+D52+D55+D58 -> 0 | E43: =E44+E45+E49+E50+E51+E52+E55+E58 -> 0 | F43: =F44+F45+F49+F50+F51+F52+F55+F58 -> 0 | G43: =G44+G45+G49+G50+G51+G52+G55+G58 -> 0 | H43: =H44+H45+H49+H50+H51+H52+H55+H58 -> 0 | I43: =I44+I45+I49+I50+I51+I52+I55+I58 -> 0 | J43: =J44+J45+J49+J50+J51+J52+J55+J58 -> 0 | ... W43: =W44+W45+W49+W50+W51+W52+W55+W58 -> 0
A44: A.3.1 | B44: Ornamental or building stone
A45: A.3.2 | B45: Carbonate minerals important in cement | C45: =SUM(C46:C48) -> 0 | D45: =SUM(D46:D48) -> 0 | E45: =SUM(E46:E48) -> 0 | F45: =SUM(F46:F48) -> 0 | G45: =SUM(G46:G48) -> 0 | H45: =SUM(H46:H48) -> 0 | I45: =SUM(I46:I48) -> 0 | J45: =SUM(J46:J48) -> 0 | ... W45: =SUM(W46:W48) -> 0
A46: A.3.2.1 | B46: Chalk
A47: A.3.2.2 | B47: Dolomite
A48: A.3.2.3 | B48: Limestone
A49: A.3.4 | B49: Chemical and fertilizer minerals
A50: A.3.5 | B50: Salt
A51: A.3.6 | B51: Gypsum
A52: A.3.7 | B52: Clays | C52: =C53+C54 -> 0 | D52: =D53+D54 -> 0 | E52: =E53+E54 -> 0 | F52: =F53+F54 -> 0 | G52: =G53+G54 -> 0 | H52: =H53+H54 -> 0 | I52: =I53+I54 -> 0 | J52: =J53+J54 -> 0 | ... W52: =W53+W54 -> 0
A53: A.3.7.1 | B53: Structural clays
A54: A.3.7.2 | B54: Specialty clays
A55: A.3.8 | B55: Sand and gravel | C55: =C56+C57 -> 0 | D55: =D56+D57 -> 0 | E55: =E56+E57 -> 0 | F55: =F56+F57 -> 0 | G55: =G56+G57 -> 0 | H55: =H56+H57 -> 0 | I55: =I56+I57 -> 0 | J55: =J56+J57 -> 0 | ... W55: =W56+W57 -> 0
A56: A.3.8.1 | B56: Industrial sand and gravel
A57: A.3.8.2 | B57: Sand and gravel for construction
A58: A.3.9 | B58: Other non-metallic minerals n.e.c.
A59: A.4 | B59: FOSSIL FUELS | C59: =C60+C69+C73 -> 0 | D59: =D60+D69+D73 -> 0 | E59: =E60+E69+E73 -> 0 | F59: =F60+F69+F73 -> 0 | G59: =G60+G69+G73 -> 0 | H59: =H60+H69+H73 -> 0 | I59: =I60+I69+I73 -> 0 | J59: =J60+J69+J73 -> 0 | ... W59: =W60+W69+W73 -> 0
A60: A.4.1 | B60: Coal and peat | C60: =C61+C64+C68 -> 0 | D60: =D61+D64+D68 -> 0 | E60: =E61+E64+E68 -> 0 | F60: =F61+F64+F68 -> 0 | G60: =G61+G64+G68 -> 0 | H60: =H61+H64+H68 -> 0 | I60: =I61+I64+I68 -> 0 | J60: =J61+J64+J68 -> 0 | ... W60: =W61+W64+W68 -> 0
A61: A.4.1.1 | B61: Brown coal | C61: =C62+C63 -> 0 | D61: =D62+D63 -> 0 | E61: =E62+E63 -> 0 | F61: =F62+F63 -> 0 | G61: =G62+G63 -> 0 | H61: =H62+H63 -> 0 | I61: =I62+I63 -> 0 | J61: =J62+J63 -> 0 | ... W61: =W62+W63 -> 0
A62: A.4.1.1.1 | B62: Lignite (brown coal)
A63: A.4.1.1.2 | B63: Other sub-bituminous coal
A64: A.4.1.2 | B64: Hard coal | C64: =C65+C66+C67 -> 0 | D64: =D65+D66+D67 -> 0 | E64: =E65+E66+E67 -> 0 | F64: =F65+F66+F67 -> 0 | G64: =G65+G66+G67 -> 0 | H64: =H65+H66+H67 -> 0 | I64: =I65+I66+I67 -> 0 | J64: =J65+J66+J67 -> 0 | ... W64: =W65+W66+W67 -> 0
A65: A.4.1.2.1 | B65: Anthracite
A66: A.4.1.2.2 | B66: Coking coal
A67: A.4.1.2.3 | B67: Other bituminous coal
A68: A.4.1.3 | B68: Peat
A69: A.4.2 | B69: Crude oil, natural gas and natural gas liquids | C69: =C70+C71+C72 -> 0 | D69: =D70+D71+D72 -> 0 | E69: =E70+E71+E72 -> 0 | F69: =F70+F71+F72 -> 0 | G69: =G70+G71+G72 -> 0 | H69: =H70+H71+H72 -> 0 | I69: =I70+I71+I72 -> 0 | J69: =J70+J71+J72 -> 0 | ... W69: =W70+W71+W72 -> 0
A70: A.4.2.1 | B70: Crude oil
A71: A.4.2.2 | B71: Natural gas
A72: A.4.2.3 | B72: Natural gas liquids
A73: A.4.3 | B73: Oil shale and tar sands
B74: TOTAL DOMESTIC EXTRACTION | C74: =C4+C36+C43+C59 -> 0 | D74: =D4+D36+D43+D59 -> 0 | E74: =E4+E36+E43+E59 -> 0 | F74: =F4+F36+F43+F59 -> 0 | G74: =G4+G36+G43+G59 -> 0 | H74: =H4+H36+H43+H59 -> 0 | I74: =I4+I36+I43+I59 -> 0 | J74: =J4+J36+J43+J59 -> 0 | ... W74: =W4+W36+W43+W59 -> 0

Sheet Table_B
A1: Table_B - Imports of materials
A2: (tonnes)
A3: Material category | B3: Description | C3: 2010 | D3: 2011 | E3: 2012 | F3: 2013 | G3: 2014 | H3: 2015 | I3: 2016 | J3: 2017 | K3: 2018 | L3: 2019 | M3: 2020 | N3: 2021 | O3: 2022 | P3: 2023 | Q3: 2024 | R3: 2025 | S3: 2026 | T3: 2027 | U3: 2028 | V3: 2029 | W3: 2030
A4: B.1 | B4: BIOMASS | C4: =C5+C22+C26+C29+C33+C38 -> 0 | D4: =D5+D22+D26+D29+D33+D38 -> 0 | E4: =E5+E22+E26+E29+E33+E38 -> 0 | F4: =F5+F22+F26+F29+F33+F38 -> 0 | G4: =G5+G22+G26+G29+G33+G38 -> 0 | H4: =H5+H22+H26+H29+H33+H38 -> 0 | I4: =I5+I22+I26+I29+I33+I38 -> 0 | J4: =J5+J22+J26+J29+J33+J38 -> 0 | ... W4: =W5+W22+W26+W29+W33+W38 -> 0
A5: B.1.1 | B5: Crops, raw and processed | C5: =C6+C11+C12+C13+C14+C15+C16+C17+C18+C19+C20+C21 -> 0 | D5: =D6+D11+D12+D13+D14+D15+D16+D17+D18+D19+D20+D21 -> 0 | E5: =E6+E11+E12+E13+E14+E15+E16+E17+E18+E19+E20+E21 -> 0 | F5: =F6+F11+F12+F13+F14+F15+F16+F17+F18+F19+F20+F21 -> 0 | G5: =G6+G11+G12+G13+G14+G15+G16+G17+G18+G19+G20+G21 -> 0 | H5: =H6+H11+H12+H13+H14+H15+H16+H17+H18+H19+H20+H21 -> 0 | I5: =I6+I11+I12+I13+I14+I15+I16+I17+I18+I19+I20+I21 -> 0 | J5: =J6+J11+J12+J13+J14+J15+J16+J17+J18+J19+J20+J21 -> 0 | ... W5: =W6+W11+W12+W13+W14+W15+W16+W17+W18+W19+W20+W21 -> 0
A6: B.1.1.1 | B6: Cereals | C6: =SUM(C7:C10) -> 0 | D6: =SUM(D7:D10) -> 0 | E6: =SUM(E7:E10) -> 0 | F6: =SUM(F7:F10) -> 0 | G6: =SUM(G7:G10) -> 0 | H6: =SUM(H7:H10) -> 0 | I6: =SUM(I7:I10) -> 0 | J6: =SUM(J7:J10) -> 0 | ... W6: =SUM(W7:W10) -> 0
A7: B.1.1.1.1 | B7: Rice
A8: B.1.1.1.2 | B8: Wheat
A9: B.1.1.1.3 | B9: Maize
A10: B.1.1.1.4 | B10: Cereals n.e.c.
A11: B.1.1.2 | B11: Roots, tubers
A12: B.1.1.3 | B12: Sugar crops
A13: B.1.1.4 | B13: Pulses
A14: B.1.1.5 | B14: Nuts
A15: B.1.1.6 | B15: Oil bearing crops
A16: B.1.1.7 | B16: Vegetables
A17: B.1.1.8 | B17: Fruits
A18: B.1.1.9 | B18: Fibres
... A21: B.1.1.12 | B21: Other crops n.e.c.
A22: B.1.2 | B22: Crop residues (used) and fodder crops | C22: =SUM(C23:C25) -> 0 | D22: =SUM(D23:D25) -> 0 | E22: =SUM(E23:E25) -> 0 | F22: =SUM(F23:F25) -> 0 | G22: =SUM(G23:G25) -> 0 | H22: =SUM(H23:H25) -> 0 | I22: =SUM(I23:I25) -> 0 | J22: =SUM(J23:J25) -> 0 | ... W22: =SUM(W23:W25) -> 0
A23: B.1.2.1 | B23: Straw
A24: B.1.2.2 | B24: Other crop residues (sugar and fodder beet leaves, other)
A25: B.1.2.3 | B25: Fodder crops (including biomass harvest from grassland)
A26: B.1.3 | B26: Wood and wood products | C26: =SUM(C27:C28) -> 0 | D26: =SUM(D27:D28) -> 0 | E26: =SUM(E27:E28) -> 0 | F26: =SUM(F27:F28) -> 0 | G26: =SUM(G27:G28) -> 0 | H26: =SUM(H27:H28) -> 0 | I26: =SUM(I27:I28) -> 0 | J26: =SUM(J27:J28) -> 0 | ... W26: =SUM(W27:W28) -> 0
A27: B.1.3.1 | B27: Timber (Industrial roundwood)
A28: B.1.3.2 | B28: Wood fuel and other extraction
A29: B.1.4 | B29: Wild fish, aquatic animals and plants | C29: =SUM(C30:C32) -> 0 | D29: =SUM(D30:D32) -> 0 | E29: =SUM(E30:E32) -> 0 | F29: =SUM(F30:F32) -> 0 | G29: =SUM(G30:G32) -> 0 | H29: =SUM(H30:H32) -> 0 | I29: =SUM(I30:I32) -> 0 | J29: =SUM(J30:J32) -> 0 | ... W29: =SUM(W30:W32) -> 0
A30: B.1.4.1 | B30: Wild fish catch
A31: B.1.4.2 | B31: All other wild aquatic animals
A32: B.1.4.3 | B32: Aquatic plants
A33: B.1.5 | B33: Live animals and products (exluding wild fish, aquatic animals and plants) | C33: =SUM(C34:C37) -> 0 | D33: =SUM(D34:D37) -> 0 | E33: =SUM(E34:E37) -> 0 | F33: =SUM(F34:F37) -> 0 | G33: =SUM(G34:G37) -> 0 | H33: =SUM(H34:H37) -> 0 | I33: =SUM(I34:I37) -> 0 | J33: =SUM(J34:J37) -> 0 | ... W33: =SUM(W34:W37) -> 0
A34: B.1.5.1 | B34: Live animals (exluding wild fish and animals)
A35: B.1.5.2 | B35: Meat and meat preparations
A36: B.1.5.3 | B36: Dairy products, birds eggs, and honey
A37: B.1.5.4 | B37: Other products from animals
A38: B.1.compound | B38: Mixed / compounded products mainly from biomass
A39: B.2 | B39: METAL ORES | C39: =SUM(C40,C42,C44,C46) -> 0 | D39: =SUM(D40,D42,D44,D46) -> 0 | E39: =SUM(E40,E42,E44,E46) -> 0 | F39: =SUM(F40,F42,F44,F46) -> 0 | G39: =SUM(G40,G42,G44,G46) -> 0 | H39: =SUM(H40,H42,H44,H46) -> 0 | I39: =SUM(I40,I42,I44,I46) -> 0 | J39: =SUM(J40,J42,J44,J46) -> 0 | ... W39: =SUM(W40,W42,W44,W46) -> 0
A40: B.2.Fe | B40: Iron ores and concentrates, iron and steel, products dominated by iron content
A41: B.2.Fe.m | B41: Iron ores metal content (memo item)
A42: B.2.Al | B42: Aluminium ores and concentrates, aluminium metal, products dominated by aluminium content
A43: B.2.Al.m | B43: Aluminium ores metal content (memo item)
A44: B.2.x | B44: X ores and concentrates, X metal, products dominated by X (where X is a specific metallic element other than iron or aluminium)
A45: B.2.x.m | B45: X ores metal content, where X is a specific metallic element other than iron or aluminium (memo item)
A46: B.2.compound | B46: Mixed / compounded products mainly from metal
A47: B.3 | B47: NON-METALLIC MINERALS | C47: =C48+C49+C54+C55+C56+C57+C60+C63+C64 -> 0 | D47: =D48+D49+D54+D55+D56+D57+D60+D63+D64 -> 0 | E47: =E48+E49+E54+E55+E56+E57+E60+E63+E64 -> 0 | F47: =F48+F49+F54+F55+F56+F57+F60+F63+F64 -> 0 | G47: =G48+G49+G54+G55+G56+G57+G60+G63+G64 -> 0 | H47: =H48+H49+H54+H55+H56+H57+H60+H63+H64 -> 0 | I47: =I48+I49+I54+I55+I56+I57+I60+I63+I64 -> 0 | J47: =J48+J49+J54+J55+J56+J57+J60+J63+J64 -> 0 | ... W47: =W48+W49+W54+W55+W56+W57+W60+W63+W64 -> 0
A48: B.3.1 | B48: Ornamental or building stone
A49: B.3.2 | B49: Carbonate minerals important in cement | C49: =SUM(C50:C53) -> 0 | D49: =SUM(D50:D53) -> 0 | E49: =SUM(E50:E53) -> 0 | F49: =SUM(F50:F53) -> 0 | G49: =SUM(G50:G53) -> 0 | H49: =SUM(H50:H53) -> 0 | I49: =SUM(I50:I53) -> 0 | J49: =SUM(J50:J53) -> 0 | ... W49: =SUM(W50:W53) -> 0
A50: B.3.2.1 | B50: Chalk
A51: B.3.2.2 | B51: Dolomite
A52: B.3.2.3 | B52: Limestone
A53: B.3.2.4 | B53: Cement and its products
A54: B.3.4 | B54: Chemical and fertilizer minerals
A55: B.3.5 | B55: Salt
A56: B.3.6 | B56: Gypsum and its products
A57: B.3.7 | B57: Clays | C57: =SUM(C58:C59) -> 0 | D57: =SUM(D58:D59) -> 0 | E57: =SUM(E58:E59) -> 0 | F57: =SUM(F58:F59) -> 0 | G57: =SUM(G58:G59) -> 0 | H57: =SUM(H58:H59) -> 0 | I57: =SUM(I58:I59) -> 0 | J57: =SUM(J58:J59) -> 0 | ... W57: =SUM(W58:W59) -> 0
A58: B.3.7.1 | B58: Structural clays and their products
A59: B.3.7.2 | B59: Specialty clays
A60: B.3.8 | B60: Sand and gravel | C60: =SUM(C61:C62) -> 0 | D60: =SUM(D61:D62) -> 0 | E60: =SUM(E61:E62) -> 0 | F60: =SUM(F61:F62) -> 0 | G60: =SUM(G61:G62) -> 0 | H60: =SUM(H61:H62) -> 0 | I60: =SUM(I61:I62) -> 0 | J60: =SUM(J61:J62) -> 0 | ... W60: =SUM(W61:W62) -> 0
A61: B.3.8.1 | B61: Industrial sand and gravel
A62: B.3.8.2 | B62: Sand and gravel for construction
A63: B.3.9 | B63: Other non-metallic minerals n.e.c.
A64: B.3.compound | B64: Mixed / compounded products mainly from non-metallic mineral
A65: B.4 | B65: FOSSIL FUELS | C65: =C66+C76+C79+C80 -> 0 | D65: =D66+D76+D79+D80 -> 0 | E65: =E66+E76+E79+E80 -> 0 | F65: =F66+F76+F79+F80 -> 0 | G65: =G66+G76+G79+G80 -> 0 | H65: =H66+H76+H79+H80 -> 0 | I65: =I66+I76+I79+I80 -> 0 | J65: =J66+J76+J79+J80 -> 0 | ... W65: =W66+W76+W79+W80 -> 0
A66: B.4.1 | B66: Coal and peat | C66: =C67+C70+C74+C75 -> 0 | D66: =D67+D70+D74+D75 -> 0 | E66: =E67+E70+E74+E75 -> 0 | F66: =F67+F70+F74+F75 -> 0 | G66: =G67+G70+G74+G75 -> 0 | H66: =H67+H70+H74+H75 -> 0 | I66: =I67+I70+I74+I75 -> 0 | J66: =J67+J70+J74+J75 -> 0 | ... W66: =W67+W70+W74+W75 -> 0
A67: B.4.1.1 | B67: Brown coal | C67: =SUM(C68:C69) -> 0 | D67: =SUM(D68:D69) -> 0 | E67: =SUM(E68:E69) -> 0 | F67: =SUM(F68:F69) -> 0 | G67: =SUM(G68:G69) -> 0 | H67: =SUM(H68:H69) -> 0 | I67: =SUM(I68:I69) -> 0 | J67: =SUM(J68:J69) -> 0 | ... W67: =SUM(W68:W69) -> 0
A68: B.4.1.1.1 | B68: Lignite (brown coal)
A69: B.4.1.1.2 | B69: Other sub-bituminous coal
A70: B.4.1.2 | B70: Hard coal | C70: =SUM(C71:C73) -> 0 | D70: =SUM(D71:D73) -> 0 | E70: =SUM(E71:E73) -> 0 | F70: =SUM(F71:F73) -> 0 | G70: =SUM(G71:G73) -> 0 | H70: =SUM(H71:H73) -> 0 | I70: =SUM(I71:I73) -> 0 | J70: =SUM(J71:J73) -> 0 | ... W70: =SUM(W71:W73) -> 0
A71: B.4.1.2.1 | B71: Anthracite
A72: B.4.1.2.2 | B72: Coking coal
A73: B.4.1.2.3 | B73: Other bituminous coal
A74: B.4.1.3 | B74: Peat
A75: B.4.1.4 | B75: Coal derived products n.e.c.
A76: B.4.2 | B76: Conventional petroleum and gas | C76: =SUM(C77:C78) -> 0 | D76: =SUM(D77:D78) -> 0 | E76: =SUM(E77:E78) -> 0 | F76: =SUM(F77:F78) -> 0 | G76: =SUM(G77:G78) -> 0 | H76: =SUM(H77:H78) -> 0 | I76: =SUM(I77:I78) -> 0 | J76: =SUM(J77:J78) -> 0 | ... W76: =SUM(W77:W78) -> 0
A77: B.4.2.1 | B77: Crude oil and liquid petroleum products
A78: B.4.2.2 | B78: Natural gas and gaseous petroleum products
A79: B.4.3 | B79: Oil shale and tar sands
A80: B.4.compound | B80: Mixed / compounded products mainly from fossil fuels
A81: B.5 | B81: MIXED / COMPLEX PRODUCTS n.e.c.
A82: B.6 | B82: WASTE FOR FINAL TREATMENT AND DISPOSAL
B83: TOTAL IMPORTS OF MATERIALS | C83: =C4+C39+C47+C65+C81+C82 -> 0 | D83: =D4+D39+D47+D65+D81+D82 -> 0 | E83: =E4+E39+E47+E65+E81+E82 -> 0 | F83: =F4+F39+F47+F65+F81+F82 -> 0 | G83: =G4+G39+G47+G65+G81+G82 -> 0 | H83: =H4+H39+H47+H65+H81+H82 -> 0 | I83: =I4+I39+I47+I65+I81+I82 -> 0 | J83: =J4+J39+J47+J65+J81+J82 -> 0 | ... W83: =W4+W39+W47+W65+W81+W82 -> 0

Sheet Table_C
A1: Table_C - Exports of materials
A2: (tonnes)
A3: Material category | B3: Description | C3: 2010 | D3: 2011 | E3: 2012 | F3: 2013 | G3: 2014 | H3: 2015 | I3: 2016 | J3: 2017 | K3: 2018 | L3: 2019 | M3: 2020 | N3: 2021 | O3: 2022 | P3: 2023 | Q3: 2024 | R3: 2025 | S3: 2026 | T3: 2027 | U3: 2028 | V3: 2029 | W3: 2030
A4: C.1 | B4: BIOMASS | C4: =C5+C22+C26+C29+C33+C38 -> 0 | D4: =D5+D22+D26+D29+D33+D38 -> 0 | E4: =E5+E22+E26+E29+E33+E38 -> 0 | F4: =F5+F22+F26+F29+F33+F38 -> 0 | G4: =G5+G22+G26+G29+G33+G38 -> 0 | H4: =H5+H22+H26+H29+H33+H38 -> 0 | I4: =I5+I22+I26+I29+I33+I38 -> 0 | J4: =J5+J22+J26+J29+J33+J38 -> 0 | ... W4: =W5+W22+W26+W29+W33+W38 -> 0
A5: C.1.1 | B5: Crops, raw and processed | C5: =C6+C11+C12+C13+C14+C15+C16+C17+C18+C19+C20+C21 -> 0 | D5: =D6+D11+D12+D13+D14+D15+D16+D17+D18+D19+D20+D21 -> 0 | E5: =E6+E11+E12+E13+E14+E15+E16+E17+E18+E19+E20+E21 -> 0 | F5: =F6+F11+F12+F13+F14+F15+F16+F17+F18+F19+F20+F21 -> 0 | G5: =G6+G11+G12+G13+G14+G15+G16+G17+G18+G19+G20+G21 -> 0 | H5: =H6+H11+H12+H13+H14+H15+H16+H17+H18+H19+H20+H21 -> 0 | I5: =I6+I11+I12+I13+I14+I15+I16+I17+I18+I19+I20+I21 -> 0 | J5: =J6+J11+J12+J13+J14+J15+J16+J17+J18+J19+J20+J21 -> 0 | ... W5: =W6+W11+W12+W13+W14+W15+W16+W17+W18+W19+W20+W21 -> 0
A6: C.1.1.1 | B6: Cereals | C6: =SUM(C7:C10) -> 0 | D6: =SUM(D7:D10) -> 0 | E6: =SUM(E7:E10) -> 0 | F6: =SUM(F7:F10) -> 0 | G6: =SUM(G7:G10) -> 0 | H6: =SUM(H7:H10) -> 0 | I6: =SUM(I7:I10) -> 0 | J6: =SUM(J7:J10) -> 0 | ... W6: =SUM(W7:W10) -> 0
A7: C.1.1.1.1 | B7: Rice
A8: C.1.1.1.2 | B8: Wheat
A9: C.1.1.1.3 | B9: Maize
A10: C.1.1.1.4 | B10: Cereals n.e.c.
A11: C.1.1.2 | B11: Roots, tubers
A12: C.1.1.3 | B12: Sugar crops
A13: C.1.1.4 | B13: Pulses
A14: C.1.1.5 | B14: Nuts
A15: C.1.1.6 | B15: Oil bearing crops
A16: C.1.1.7 | B16: Vegetables
A17: C.1.1.8 | B17: Fruits
A18: C.1.1.9 | B18: Fibres
... A21: C.1.1.12 | B21: Other crops n.e.c.
A22: C.1.2 | B22: Crop residues (used) and fodder crops | C22: =SUM(C23:C25) -> 0 | D22: =SUM(D23:D25) -> 0 | E22: =SUM(E23:E25) -> 0 | F22: =SUM(F23:F25) -> 0 | G22: =SUM(G23:G25) -> 0 | H22: =SUM(H23:H25) -> 0 | I22: =SUM(I23:I25) -> 0 | J22: =SUM(J23:J25) -> 0 | ... W22: =SUM(W23:W25) -> 0
A23: C.1.2.1 | B23: Straw
A24: C.1.2.2 | B24: Other crop residues (sugar and fodder beet leaves, other)
A25: C.1.2.3 | B25: Fodder crops (including biomass harvest from grassland)
A26: C.1.3 | B26: Wood and wood products | C26: =SUM(C27:C28) -> 0 | D26: =SUM(D27:D28) -> 0 | E26: =SUM(E27:E28) -> 0 | F26: =SUM(F27:F28) -> 0 | G26: =SUM(G27:G28) -> 0 | H26: =SUM(H27:H28) -> 0 | I26: =SUM(I27:I28) -> 0 | J26: =SUM(J27:J28) -> 0 | ... W26: =SUM(W27:W28) -> 0
A27: C.1.3.1 | B27: Timber (Industrial roundwood)
A28: C.1.3.2 | B28: Wood fuel and other extraction
A29: C.1.4 | B29: Wild fish, aquatic animals and plants | C29: =SUM(C30:C32) -> 0 | D29: =SUM(D30:D32) -> 0 | E29: =SUM(E30:E32) -> 0 | F29: =SUM(F30:F32) -> 0 | G29: =SUM(G30:G32) -> 0 | H29: =SUM(H30:H32) -> 0 | I29: =SUM(I30:I32) -> 0 | J29: =SUM(J30:J32) -> 0 | ... W29: =SUM(W30:W32) -> 0
A30: C.1.4.1 | B30: Wild fish catch
A31: C.1.4.2 | B31: All other wild aquatic animals
A32: C.1.4.3 | B32: Aquatic plants
A33: C.1.5 | B33: Live animals and products (exluding wild fish, aquatic animals and plants) | C33: =SUM(C34:C37) -> 0 | D33: =SUM(D34:D37) -> 0 | E33: =SUM(E34:E37) -> 0 | F33: =SUM(F34:F37) -> 0 | G33: =SUM(G34:G37) -> 0 | H33: =SUM(H34:H37) -> 0 | I33: =SUM(I34:I37) -> 0 | J33: =SUM(J34:J37) -> 0 | ... W33: =SUM(W34:W37) -> 0
A34: C.1.5.1 | B34: Live animals (exluding wild fish and animals)
A35: C.1.5.2 | B35: Meat and meat preparations
A36: C.1.5.3 | B36: Dairy products, birds eggs, and honey
A37: C.1.5.4 | B37: Other products from animals
A38: C.1.compound | B38: Mixed / compounded products mainly from biomass
A39: C.2 | B39: METAL ORES | C39: =SUM(C40,C42,C44,C46) -> 0 | D39: =SUM(D40,D42,D44,D46) -> 0 | E39: =SUM(E40,E42,E44,E46) -> 0 | F39: =SUM(F40,F42,F44,F46) -> 0 | G39: =SUM(G40,G42,G44,G46) -> 0 | H39: =SUM(H40,H42,H44,H46) -> 0 | I39: =SUM(I40,I42,I44,I46) -> 0 | J39: =SUM(J40,J42,J44,J46) -> 0 | ... W39: =SUM(W40,W42,W44,W46) -> 0
A40: C.2.Fe | B40: Iron ores and concentrates, iron and steel, products dominated by iron content
A41: C.2.Fe.m | B41: Iron ores metal content (memo item)
A42: C.2.Al | B42: Aluminium ores and concentrates, aluminium metal, products dominated by aluminium content
A43: C.2.Al.m | B43: Aluminium ores metal content (memo item)
A44: C.2.x | B44: X ores and concentrates, X metal, products dominated by X (where X is a specific metallic element other than iron or aluminium)
A45: C.2.x.m | B45: X ores metal content, where X is a specific metallic element other than iron or aluminium (memo item)
A46: C.2.compound | B46: Mixed / compounded products mainly from metal
A47: C.3 | B47: NON-METALLIC MINERALS | C47: =C48+C49+C54+C55+C56+C57+C60+C63+C64 -> 0 | D47: =D48+D49+D54+D55+D56+D57+D60+D63+D64 -> 0 | E47: =E48+E49+E54+E55+E56+E57+E60+E63+E64 -> 0 | F47: =F48+F49+F54+F55+F56+F57+F60+F63+F64 -> 0 | G47: =G48+G49+G54+G55+G56+G57+G60+G63+G64 -> 0 | H47: =H48+H49+H54+H55+H56+H57+H60+H63+H64 -> 0 | I47: =I48+I49+I54+I55+I56+I57+I60+I63+I64 -> 0 | J47: =J48+J49+J54+J55+J56+J57+J60+J63+J64 -> 0 | ... W47: =W48+W49+W54+W55+W56+W57+W60+W63+W64 -> 0
A48: C.3.1 | B48: Ornamental or building stone
A49: C.3.2 | B49: Carbonate minerals important in cement | C49: =SUM(C50:C53) -> 0 | D49: =SUM(D50:D53) -> 0 | E49: =SUM(E50:E53) -> 0 | F49: =SUM(F50:F53) -> 0 | G49: =SUM(G50:G53) -> 0 | H49: =SUM(H50:H53) -> 0 | I49: =SUM(I50:I53) -> 0 | J49: =SUM(J50:J53) -> 0 | ... W49: =SUM(W50:W53) -> 0
A50: C.3.2.1 | B50: Chalk
A51: C.3.2.2 | B51: Dolomite
A52: C.3.2.3 | B52: Limestone
A53: C.3.2.4 | B53: Cement and its products
A54: C.3.4 | B54: Chemical and fertilizer minerals
A55: C.3.5 | B55: Salt
A56: C.3.6 | B56: Gypsum and its products
A57: C.3.7 | B57: Clays | C57: =SUM(C58:C59) -> 0 | D57: =SUM(D58:D59) -> 0 | E57: =SUM(E58:E59) -> 0 | F57: =SUM(F58:F59) -> 0 | G57: =SUM(G58:G59) -> 0 | H57: =SUM(H58:H59) -> 0 | I57: =SUM(I58:I59) -> 0 | J57: =SUM(J58:J59) -> 0 | ... W57: =SUM(W58:W59) -> 0
A58: C.3.7.1 | B58: Structural clays and their products
A59: C.3.7.2 | B59: Specialty clays
A60: C.3.8 | B60: Sand and gravel | C60: =SUM(C61:C62) -> 0 | D60: =SUM(D61:D62) -> 0 | E60: =SUM(E61:E62) -> 0 | F60: =SUM(F61:F62) -> 0 | G60: =SUM(G61:G62) -> 0 | H60: =SUM(H61:H62) -> 0 | I60: =SUM(I61:I62) -> 0 | J60: =SUM(J61:J62) -> 0 | ... W60: =SUM(W61:W62) -> 0
A61: C.3.8.1 | B61: Industrial sand and gravel
A62: C.3.8.2 | B62: Sand and gravel for construction
A63: C.3.9 | B63: Other non-metallic minerals n.e.c.
A64: C.3.compound | B64: Mixed / compounded products mainly from non-metallic mineral
A65: C.4 | B65: FOSSIL FUELS | C65: =C66+C76+C79+C80 -> 0 | D65: =D66+D76+D79+D80 -> 0 | E65: =E66+E76+E79+E80 -> 0 | F65: =F66+F76+F79+F80 -> 0 | G65: =G66+G76+G79+G80 -> 0 | H65: =H66+H76+H79+H80 -> 0 | I65: =I66+I76+I79+I80 -> 0 | J65: =J66+J76+J79+J80 -> 0 | ... W65: =W66+W76+W79+W80 -> 0
A66: C.4.1 | B66: Coal and peat | C66: =C67+C70+C74+C75 -> 0 | D66: =D67+D70+D74+D75 -> 0 | E66: =E67+E70+E74+E75 -> 0 | F66: =F67+F70+F74+F75 -> 0 | G66: =G67+G70+G74+G75 -> 0 | H66: =H67+H70+H74+H75 -> 0 | I66: =I67+I70+I74+I75 -> 0 | J66: =J67+J70+J74+J75 -> 0 | ... W66: =W67+W70+W74+W75 -> 0
A67: C.4.1.1 | B67: Brown coal | C67: =SUM(C68:C69) -> 0 | D67: =SUM(D68:D69) -> 0 | E67: =SUM(E68:E69) -> 0 | F67: =SUM(F68:F69) -> 0 | G67: =SUM(G68:G69) -> 0 | H67: =SUM(H68:H69) -> 0 | I67: =SUM(I68:I69) -> 0 | J67: =SUM(J68:J69) -> 0 | ... W67: =SUM(W68:W69) -> 0
A68: C.4.1.1.1 | B68: Lignite (brown coal)
A69: C.4.1.1.2 | B69: Other sub-bituminous coal
A70: C.4.1.2 | B70: Hard coal | C70: =SUM(C71:C73) -> 0 | D70: =SUM(D71:D73) -> 0 | E70: =SUM(E71:E73) -> 0 | F70: =SUM(F71:F73) -> 0 | G70: =SUM(G71:G73) -> 0 | H70: =SUM(H71:H73) -> 0 | I70: =SUM(I71:I73) -> 0 | J70: =SUM(J71:J73) -> 0 | ... W70: =SUM(W71:W73) -> 0
A71: C.4.1.2.1 | B71: Anthracite
A72: C.4.1.2.2 | B72: Coking coal
A73: C.4.1.2.3 | B73: Other bituminous coal
A74: C.4.1.3 | B74: Peat
A75: C.4.1.4 | B75: Coal derived products n.e.c.
A76: C.4.2 | B76: Conventional petroleum and gas | C76: =SUM(C77:C78) -> 0 | D76: =SUM(D77:D78) -> 0 | E76: =SUM(E77:E78) -> 0 | F76: =SUM(F77:F78) -> 0 | G76: =SUM(G77:G78) -> 0 | H76: =SUM(H77:H78) -> 0 | I76: =SUM(I77:I78) -> 0 | J76: =SUM(J77:J78) -> 0 | ... W76: =SUM(W77:W78) -> 0
A77: C.4.2.1 | B77: Crude oil and liquid petroleum products
A78: C.4.2.2 | B78: Natural gas and gaseous petroleum products
A79: C.4.3 | B79: Oil shale and tar sands
A80: C.4.compound | B80: Mixed / compounded products mainly from fossil fuels
A81: C.5 | B81: MIXED / COMPLEX PRODUCTS n.e.c.
A82: C.6 | B82: WASTE FOR FINAL TREATMENT AND DISPOSAL
B83: TOTAL EXPORTS OF MATERIALS | C83: =C4+C39+C47+C65+C81+C82 -> 0 | D83: =D4+D39+D47+D65+D81+D82 -> 0 | E83: =E4+E39+E47+E65+E81+E82 -> 0 | F83: =F4+F39+F47+F65+F81+F82 -> 0 | G83: =G4+G39+G47+G65+G81+G82 -> 0 | H83: =H4+H39+H47+H65+H81+H82 -> 0 | I83: =I4+I39+I47+I65+I81+I82 -> 0 | J83: =J4+J39+J47+J65+J81+J82 -> 0 | ... W83: =W4+W39+W47+W65+W81+W82 -> 0

Sheet Table_D
A1: Table_D - Material outflows
A2: (tonnes)
A3: Material category | B3: Description | C3: 2010 | D3: 2011 | E3: 2012 | F3: 2013 | G3: 2014 | H3: 2015 | I3: 2016 | J3: 2017 | K3: 2018 | L3: 2019 | M3: 2020 | N3: 2021 | O3: 2022 | P3: 2023 | Q3: 2024 | R3: 2025 | S3: 2026 | T3: 2027 | U3: 2028 | V3: 2029 | W3: 2030
A4: D.1 | B4: EMISSIONS TO AIR | C4: =C5+C8+C9+C10+C11+C12+C13+C14+C15+C16+C17+C18+C19+C20+C21 -> 0 | D4: =D5+D8+D9+D10+D11+D12+D13+D14+D15+D16+D17+D18+D19+D20+D21 -> 0 | E4: =E5+E8+E9+E10+E11+E12+E13+E14+E15+E16+E17+E18+E19+E20+E21 -> 0 | F4: =F5+F8+F9+F10+F11+F12+F13+F14+F15+F16+F17+F18+F19+F20+F21 -> 0 | G4: =G5+G8+G9+G10+G11+G12+G13+G14+G15+G16+G17+G18+G19+G20+G21 -> 0 | H4: =H5+H8+H9+H10+H11+H12+H13+H14+H15+H16+H17+H18+H19+H20+H21 -> 0 | I4: =I5+I8+I9+I10+I11+I12+I13+I14+I15+I16+I17+I18+I19+I20+I21 -> 0 | J4: =J5+J8+J9+J10+J11+J12+J13+J14+J15+J16+J17+J18+J19+J20+J21 -> 0 | ... W4: =W5+W8+W9+W10+W11+W12+W13+W14+W15+W16+W17+W18+W19+W20+W21 -> 0
A5: D.1.1 | B5: Carbon dioxide (CO2) | C5: =SUM(C6:C7) -> 0 | D5: =SUM(D6:D7) -> 0 | E5: =SUM(E6:E7) -> 0 | F5: =SUM(F6:F7) -> 0 | G5: =SUM(G6:G7) -> 0 | H5: =SUM(H6:H7) -> 0 | I5: =SUM(I6:I7) -> 0 | J5: =SUM(J6:J7) -> 0 | ... W5: =SUM(W6:W7) -> 0
A6: D.1.1.1 | B6: Carbon dioxide (CO2) from biomass combustion
A7: D.1.1.2 | B7: Carbon dioxide (CO2) excluding biomass combustion
A8: D.1.2 | B8: Methane (CH4)
A9: D.1.3 | B9: Dinitrogen oxide (N2O)
A10: D.1.4 | B10: Nitrogen oxides (NOx)
A11: D.1.5 | B11: Hydrofluorocarbons (HFCs)
A12: D.1.6 | B12: Perfluorocarbons (PFCs)
A13: D.1.7 | B13: Sulphur hexafluoride (SF6)
A14: D.1.8 | B14: Carbon monoxide (CO)
A15: D.1.9 | B15: Non-methane volatile organic compounds (NMVOC)
A16: D.1.10 | B16: Sulfur dioxide (SO2)
A17: D.1.11 | B17: Ammonia (NH3)
... A21: D.1.15 | B21: Other emissions to air
A22: D.2 | B22: WASTE LANDFILLED (UNCONTROLLED) | C22: =SUM(C23:C24) -> 0 | D22: =SUM(D23:D24) -> 0 | E22: =SUM(E23:E24) -> 0 | F22: =SUM(F23:F24) -> 0 | G22: =SUM(G23:G24) -> 0 | H22: =SUM(H23:H24) -> 0 | I22: =SUM(I23:I24) -> 0 | J22: =SUM(J23:J24) -> 0 | ... W22: =SUM(W23:W24) -> 0
A23: D.2.1 | B23: Municipal waste (uncontrolled)
A24: D.2.2 | B24: Industrial waste (uncontrolled)
B25: Waste disposal to controlled landfills (memo item)
A26: D.3 | B26: EMISSIONS TO WATER | C26: =SUM(C27:C31) -> 0 | D26: =SUM(D27:D31) -> 0 | E26: =SUM(E27:E31) -> 0 | F26: =SUM(F27:F31) -> 0 | G26: =SUM(G27:G31) -> 0 | H26: =SUM(H27:H31) -> 0 | I26: =SUM(I27:I31) -> 0 | J26: =SUM(J27:J31) -> 0 | ... W26: =SUM(W27:W31) -> 0
A27: D.3.1 | B27: Nitrogen (N)
A28: D.3.2 | B28: Phosphorus (P)
A29: D.3.3 | B29: Heavy metals
A30: D.3.4 | B30: Other substances and (organic) materials
A31: D.3.5 | B31: Dumping of materials at sea
A32: D.4 | B32: DISSIPATIVE USE OF PRODUCTS | C32: =SUM(C33:C40) -> 0 | D32: =SUM(D33:D40) -> 0 | E32: =SUM(E33:E40) -> 0 | F32: =SUM(F33:F40) -> 0 | G32: =SUM(G33:G40) -> 0 | H32: =SUM(H33:H40) -> 0 | I32: =SUM(I33:I40) -> 0 | J32: =SUM(J33:J40) -> 0 | ... W32: =SUM(W33:W40) -> 0
A33: D.4.1 | B33: Organic fertilizer (manure)
A34: D.4.2 | B34: Mineral fertilizer
A35: D.4.3 | B35: Sewage sludge
A36: D.4.4 | B36: Compost
A37: D.4.5 | B37: Pesticides
A38: D.4.6 | B38: Seeds
A39: D.4.7 | B39: Salt and other thawing materials spread on roads
A40: D.4.8 | B40: Solvents, laughing gas and other
A41: D.5 | B41: DISSIPATIVE LOSSES
B42: DOMESTIC PROCESSED OUTPUT | C42: =C4+C22+C26+C32+C41 -> 0 | D42: =D4+D22+D26+D32+D41 -> 0 | E42: =E4+E22+E26+E32+E41 -> 0 | F42: =F4+F22+F26+F32+F41 -> 0 | G42: =G4+G22+G26+G32+G41 -> 0 | H42: =H4+H22+H26+H32+H41 -> 0 | I42: =I4+I22+I26+I32+I41 -> 0 | J42: =J4+J22+J26+J32+J41 -> 0 | ... W42: =W4+W22+W26+W32+W41 -> 0

Sheet Table_E
A1: Table_E - Balancing items
A2: (tonnes)
A3: Material category | B3: Description | C3: 2010 | D3: 2011 | E3: 2012 | F3: 2013 | G3: 2014 | H3: 2015 | I3: 2016 | J3: 2017 | K3: 2018 | L3: 2019 | M3: 2020 | N3: 2021 | O3: 2022 | P3: 2023 | Q3: 2024 | R3: 2025 | S3: 2026 | T3: 2027 | U3: 2028 | V3: 2029 | W3: 2030
B4: Balancing items: input side | C4: =SUM(C5:C8) -> 0 | D4: =SUM(D5:D8) -> 0 | E4: =SUM(E5:E8) -> 0 | F4: =SUM(F5:F8) -> 0 | G4: =SUM(G5:G8) -> 0 | H4: =SUM(H5:H8) -> 0 | I4: =SUM(I5:I8) -> 0 | J4: =SUM(J5:J8) -> 0 | ... W4: =SUM(W5:W8) -> 0
B5: Oxygen for combustion processes
B6: Oxygen for respiration of humans and livestock; bacterial respiration from solid waste and wastewater
B7: Nitrogen for Haber-Bosch process
B8: Water requirements for the domestic production of exported beverages
B9: Balancing items: output side | C9: =SUM(C10,C13,C16) -> 0 | D9: =SUM(D10,D13,D16) -> 0 | E9: =SUM(E10,E13,E16) -> 0 | F9: =SUM(F10,F13,F16) -> 0 | G9: =SUM(G10,G13,G16) -> 0 | H9: =SUM(H10,H13,H16) -> 0 | I9: =SUM(I10,I13,I16) -> 0 | J9: =SUM(J10,J13,J16) -> 0 | ... W9: =SUM(W10,W13,W16) -> 0
B10: Water vapour from combustion | C10: =SUM(C11:C12) -> 0 | D10: =SUM(D11:D12) -> 0 | E10: =SUM(E11:E12) -> 0 | F10: =SUM(F11:F12) -> 0 | G10: =SUM(G11:G12) -> 0 | H10: =SUM(H11:H12) -> 0 | I10: =SUM(I11:I12) -> 0 | J10: =SUM(J11:J12) -> 0 | ... W10: =SUM(W11:W12) -> 0
B11: Water vapour from moisture content of fuels
B12: Water vapour from the oxidized hydrogen components of fuels
B13: Gases from respiration of humans and livestock (CO2 and H2O), and from bacterial respiration from solid waste and wastewater (H2O) | C13: =SUM(C14:C15) -> 0 | D13: =SUM(D14:D15) -> 0 | E13: =SUM(E14:E15) -> 0 | F13: =SUM(F14:F15) -> 0 | G13: =SUM(G14:G15) -> 0 | H13: =SUM(H14:H15) -> 0 | I13: =SUM(I14:I15) -> 0 | J13: =SUM(J14:J15) -> 0 | ... W13: =SUM(W14:W15) -> 0
B14: Carbon dioxide (CO2)
B15: Water vapour (H2O)
B16: Excorporated water from biomass products

Sheet Table_F
A1: Table_F - Headline indicators
A2: (tonnes)
A3: Material category | B3: Description | C3: 2010 | D3: 2011 | E3: 2012 | F3: 2013 | G3: 2014 | H3: 2015 | I3: 2016 | J3: 2017 | K3: 2018 | L3: 2019 | M3: 2020 | N3: 2021 | O3: 2022 | P3: 2023 | Q3: 2024 | R3: 2025 | S3: 2026 | T3: 2027 | U3: 2028 | V3: 2029 | W3: 2030
B4: Domestic extraction (DE) | C4: =Table_A!C74 -> 0 | D4: =Table_A!D74 -> 0 | E4: =Table_A!E74 -> 0 | F4: =Table_A!F74 -> 0 | G4: =Table_A!G74 -> 0 | H4: =Table_A!H74 -> 0 | I4: =Table_A!I74 -> 0 | J4: =Table_A!J74 -> 0 | ... W4: =Table_A!W74 -> 0
B5: Imports | C5: =Table_B!C83 -> 0 | D5: =Table_B!D83 -> 0 | E5: =Table_B!E83 -> 0 | F5: =Table_B!F83 -> 0 | G5: =Table_B!G83 -> 0 | H5: =Table_B!H83 -> 0 | I5: =Table_B!I83 -> 0 | J5: =Table_B!J83 -> 0 | ... W5: =Table_B!W83 -> 0
B6: Exports | C6: =Table_C!C83 -> 0 | D6: =Table_C!D83 -> 0 | E6: =Table_C!E83 -> 0 | F6: =Table_C!F83 -> 0 | G6: =Table_C!G83 -> 0 | H6: =Table_C!H83 -> 0 | I6: =Table_C!I83 -> 0 | J6: =Table_C!J83 -> 0 | ... W6: =Table_C!W83 -> 0
B7: Direct material input (DMI) | C7: =C4+C5 -> 0 | D7: =D4+D5 -> 0 | E7: =E4+E5 -> 0 | F7: =F4+F5 -> 0 | G7: =G4+G5 -> 0 | H7: =H4+H5 -> 0 | I7: =I4+I5 -> 0 | J7: =J4+J5 -> 0 | ... W7: =W4+W5 -> 0
B8: Domestic material consumption (DMC) | C8: =C7-C6 -> 0 | D8: =D7-D6 -> 0 | E8: =E7-E6 -> 0 | F8: =F7-F6 -> 0 | G8: =G7-G6 -> 0 | H8: =H7-H6 -> 0 | I8: =I7-I6 -> 0 | J8: =J7-J6 -> 0 | ... W8: =W7-W6 -> 0
B9: Physical trade balance (PTB) | C9: =C5-C6 -> 0 | D9: =D5-D6 -> 0 | E9: =E5-E6 -> 0 | F9: =F5-F6 -> 0 | G9: =G5-G6 -> 0 | H9: =H5-H6 -> 0 | I9: =I5-I6 -> 0 | J9: =J5-J6 -> 0 | ... W9: =W5-W6 -> 0
B10: Domestic processed output (DPO) | C10: =Table_D!C42 -> 0 | D10: =Table_D!D42 -> 0 | E10: =Table_D!E42 -> 0 | F10: =Table_D!F42 -> 0 | G10: =Table_D!G42 -> 0 | H10: =Table_D!H42 -> 0 | I10: =Table_D!I42 -> 0 | J10: =Table_D!J42 -> 0 | ... W10: =Table_D!W42 -> 0
B11: Net additions to stock (NAS) | C11: =C4+C5+Table_E!C4-Table_F!C6-Table_F!C10-Table_E!C9 -> 0 | D11: =D4+D5+Table_E!D4-Table_F!D6-Table_F!D10-Table_E!D9 -> 0 | E11: =E4+E5+Table_E!E4-Table_F!E6-Table_F!E10-Table_E!E9 -> 0 | F11: =F4+F5+Table_E!F4-Table_F!F6-Table_F!F10-Table_E!F9 -> 0 | G11: =G4+G5+Table_E!G4-Table_F!G6-Table_F!G10-Table_E!G9 -> 0 | H11: =H4+H5+Table_E!H4-Table_F!H6-Table_F!H10-Table_E!H9 -> 0 | I11: =I4+I5+Table_E!I4-Table_F!I6-Table_F!I10-Table_E!I9 -> 0 | J11: =J4+J5+Table_E!J4-Table_F!J6-Table_F!J10-Table_E!J9 -> 0 | ... W11: =W4+W5+Table_E!W4-Table_F!W6-Table_F!W10-Table_E!W9 -> 0

Sheet Corresp SDMX Codes
A1: Correspondence EW-MFA Codes to SDMX Product Codes
A2: This table shows the mapping from UNEP EW-MFA codes to Statistical Data and Metadata eXchange (SDMX) product codes. The correspondence is shown for Table_A - Domestic extraction, Table_B - Imports of materials, Table_C - Exports of materials, Table_D - Material outflows, and Table_E - Balancing items.
A4: Table_A - Domestic extraction | E4: Table_B - Imports of materials | I4: Table_C - Exports of materials | M4: Table_D - Material outflows | Q4: Table_E - Balancing items
A5: Material category | B5: Description | C5: SDMX product code | E5: Material category | F5: Description | G5: SDMX product code | I5: Material category | J5: Description | K5: SDMX product code | M5: Material category | N5: Description | O5: SDMX product code | Q5: Material category | R5: Description | S5: SDMX product code
A6: A.1 | B6: BIOMASS | C6: MF1 | E6: B.1 | F6: BIOMASS | G6: MF1 | I6: C.1 | J6: BIOMASS | K6: MF1 | M6: D.1 | N6: EMISSIONS TO AIR | O6: MF71 | R6: Balancing items: input side | S6: MF81
A7: A.1.1 | B7: Crops | C7: MF11 | E7: B.1.1 | F7: Crops, raw and processed | G7: MF11 | I7: C.1.1 | J7: Crops, raw and processed | K7: MF11 | M7: D.1.1 | N7: Carbon dioxide (CO2) | O7: MF711 | R7: Oxygen for combustion processes | S7: MF811
A8: A.1.1.1 | B8: Cereals | C8: MF111 | E8: B.1.1.1 | F8: Cereals | G8: MF111 | I8: C.1.1.1 | J8: Cereals | K8: MF111 | M8: D.1.1.1 | N8: Carbon dioxide (CO2) from biomass combustion | O8: MF7111 | R8: Oxygen for respiration of humans and livestock; bacterial respiration from solid waste and wastewater | S8: MF812
A9: A.1.1.1.1 | B9: Rice | E9: B.1.1.1.1 | F9: Rice | I9: C.1.1.1.1 | J9: Rice | M9: D.1.1.2 | N9: Carbon dioxide (CO2) excluding biomass combustion | O9: MF7112 | R9: Nitrogen for Haber-Bosch process | S9: MF813
A10: A.1.1.1.2 | B10: Wheat | E10: B.1.1.1.2 | F10: Wheat | I10: C.1.1.1.2 | J10: Wheat | M10: D.1.2 | N10: Methane (CH4) | O10: MF712 | R10: Water requirements for the domestic production of exported beverages | S10: MF814
A11: A.1.1.1.3 | B11: Maize | E11: B.1.1.1.3 | F11: Maize | I11: C.1.1.1.3 | J11: Maize | M11: D.1.3 | N11: Dinitrogen oxide (N2O) | O11: MF713 | R11: Balancing items: output side | S11: MF82
A12: A.1.1.1.4 | B12: Cereals n.e.c. | E12: B.1.1.1.4 | F12: Cereals n.e.c. | I12: C.1.1.1.4 | J12: Cereals n.e.c. | M12: D.1.4 | N12: Nitrous oxides (NOx) | O12: MF714 | R12: Water vapour from combustion | S12: MF821
A13: A.1.1.2 | B13: Roots, tubers | C13: MF112 | E13: B.1.1.2 | F13: Roots, tubers | G13: MF112 | I13: C.1.1.2 | J13: Roots, tubers | K13: MF112 | M13: D.1.5 | N13: Hydroflourcarbons (HFCs) | O13: MF715 | R13: Water vapour from moisture content of fuels | S13: MF8211
A14: A.1.1.3 | B14: Sugar crops | C14: MF113 | E14: B.1.1.3 | F14: Sugar crops | G14: MF113 | I14: C.1.1.3 | J14: Sugar crops | K14: MF113 | M14: D.1.6 | N14: Perflourocarbons (PFCs) | O14: MF716 | R14: Water vapour from the oxidized hydrogen components of fuels | S14: MF8212
A15: A.1.1.4 | B15: Pulses | C15: MF114 | E15: B.1.1.4 | F15: Pulses | G15: MF114 | I15: C.1.1.4 | J15: Pulses | K15: MF114 | M15: D.1.7 | N15: Sulphur hexafluoride (SF6) | O15: MF717 | R15: Gases from respiration of humans and livestock (CO2 and H2O), and from bacterial respiration from solid waste and wastewater (H2O) | S15: MF822
A16: A.1.1.5 | B16: Nuts | C16: MF115 | E16: B.1.1.5 | F16: Nuts | G16: MF115 | I16: C.1.1.5 | J16: Nuts | K16: MF115 | M16: D.1.8 | N16: Carbon monoxide (CO) | O16: MF718 | R16: Carbon dioxide (CO2) | S16: MF8221
A17: A.1.1.6 | B17: Oil bearing crops | C17: MF116 | E17: B.1.1.6 | F17: Oil bearing crops | G17: MF116 | I17: C.1.1.6 | J17: Oil bearing crops | K17: MF116 | M17: D.1.9 | N17: Non-methane volatile organic compounds (NMVOC) | O17: MF719 | R17: Water vapour (H2O) | S17: MF8222
A18: A.1.1.7 | B18: Vegetables | C18: MF117 | E18: B.1.1.7 | F18: Vegetables | G18: MF117 | I18: C.1.1.7 | J18: Vegetables | K18: MF117 | M18: D.1.10 | N18: Sulfur dioxide (SO2) | O18: MF71A | R18: Excorporated water from biomass products | S18: MF823
A19: A.1.1.8 | B19: Fruits | C19: MF118 | E19: B.1.1.8 | F19: Fruits | G19: MF118 | I19: C.1.1.8 | J19: Fruits | K19: MF118 | M19: D.1.11 | N19: Ammonia (NH3) | O19: MF71B
A20: A.1.1.9 | B20: Fibres | C20: MF119 | E20: B.1.1.9 | F20: Fibres | G20: MF119 | I20: C.1.1.9 | J20: Fibres | K20: MF119 | M20: D.1.12 | N20: Heavy metals | O20: MF71C
A21: A.1.1.10 | B21: Spice, beverage, pharmaceutical crops | E21: B.1.1.10 | F21: Spice, beverage, pharmaceutical crops | I21: C.1.1.10 | J21: Spice, beverage, pharmaceutical crops | M21: D.1.13 | N21: Persistent organic pollutants (POPs) | O21: MF71D
A22: A.1.1.11 | B22: Tobacco | E22: B.1.1.11 | F22: Tobacco | I22: C.1.1.11 | J22: Tobacco | M22: D.1.14 | N22: Particles (e.g. PM10, Dust) | O22: MF71E
A23: A.1.1.12 | B23: Other crops n.e.c. | C23: MF11A | E23: B.1.1.12 | F23: Other crops n.e.c. | G23: MF11A | I23: C.1.1.12 | J23: Other crops n.e.c. | K23: MF11A | M23: D.1.15 | N23: Other emissions to air | O23: MF71F
A24: A.1.2 | B24: Crop residues (used), fodder crops, grazed biomass | C24: MF12 | E24: B.1.2 | F24: Crop residues (used) and fodder crops | I24: C.1.2 | J24: Crop residues (used) and fodder crops | M24: D.2 | N24: WASTE LANDFILLED (UNCONTROLLED) | O24: MF72
A25: A.1.2.1 | B25: Straw | C25: MF1211 | E25: B.1.2.1 | F25: Straw | G25: MF1211 | I25: C.1.2.1 | J25: Straw | K25: MF1211 | M25: D.2.1 | N25: Municipal waste (uncontrolled) | O25: MF721
A26: A.1.2.2 | B26: Other crop residues (sugar and fodder beet leaves, other) | C26: MF1212 | E26: B.1.2.2 | F26: Other crop residues (sugar and fodder beet leaves, other) | G26: MF1212 | I26: C.1.2.2 | J26: Other crop residues (sugar and fodder beet leaves, other) | K26: MF1212 | M26: D.2.2 | N26: Industrial waste (uncontrolled) | O26: MF722
A27: A.1.2.3 | B27: Fodder crops (including biomass harvest from grassland) | C27: MF1221 | E27: B.1.2.3 | F27: Fodder crops (including biomass harvest from grassland) | G27: MF1221 | I27: C.1.2.3 | J27: Fodder crops (including biomass harvest from grassland) | K27: MF1221 | N27: Waste disposal to controlled landfills (memo item) | O27: MEMO_MF721 + MEMO_MF722
A28: A.1.2.4 | B28: Grazed biomass | C28: MF1222 | E28: B.1.3 | F28: Wood and wood products | G28: MF13 | I28: C.1.3 | J28: Wood and wood products | K28: MF13 | M28: D.3 | N28: EMISSIONS TO WATER | O28: MF73
A29: A.1.3 | B29: Wood | C29: MF13 | E29: B.1.3.1 | F29: Timber (Industrial roundwood) | G29: MF131 | I29: C.1.3.1 | J29: Timber (Industrial roundwood) | K29: MF131 | M29: D.3.1 | N29: Nitrogen (N) | O29: MF731
A30: A.1.3.1 | B30: Timber (Industrial roundwood) | C30: MF131 | E30: B.1.3.2 | F30: Wood fuel and other extraction | G30: MF132 | I30: C.1.3.2 | J30: Wood fuel and other extraction | K30: MF132 | M30: D.3.2 | N30: Phosphorus (P) | O30: MF732
A31: A.1.3.2 | B31: Wood fuel and other extraction | C31: MF132 | E31: B.1.4 | F31: Wild fish, aquatic animals and plants | I31: C.1.4 | J31: Wild fish, aquatic animals and plants | M31: D.3.3 | N31: Heavy metals | O31: MF733
A32: A.1.4 | B32: Wild harvest n.e.c. | C32: MF14 | E32: B.1.4.1 | F32: Wild fish catch | G32: MF141 | I32: C.1.4.1 | J32: Wild fish catch | K32: MF141 | M32: D.3.4 | N32: Other substances and (organic) materials | O32: MF734
A33: A.1.4.1 | B33: Wild fish catch | C33: MF141 | E33: B.1.4.2 | F33: All other wild aquatic animals | G33: MF142 | I33: C.1.4.2 | J33: All other wild aquatic animals | K33: MF142 | M33: D.3.5 | N33: Dumping of materials at sea | O33: MF735
A34: A.1.4.2 | B34: All other wild aquatic animals catch | C34: MF142 | E34: B.1.4.3 | F34: Aquatic plants | G34: MF142 | I34: C.1.4.3 | J34: Aquatic plants | K34: MF142 | M34: D.4 | N34: DISSIPATIVE USE OF PRODUCTS | O34: MF74
A35: A.1.4.3 | B35: Wild aquatic plant harvest | C35: MF142 | E35: B.1.5 | F35: Live animals and products (exluding wild fish, aquatic animals and plants) | G35: MF15 | I35: C.1.5 | J35: Live animals and products (exluding wild fish, aquatic animals and plants) | K35: MF15 | M35: D.4.1 | N35: Organic fertilizer (manure) | O35: MF741
A36: A.1.4.4 | B36: Wild terrestrial plant harvest n.e.c. (incl. gathering) | C36: MF143 | E36: B.1.5.1 | F36: Live animals (exluding wild fish and animals) | G36: MF151 | I36: C.1.5.1 | J36: Live animals (exluding wild fish and animals) | K36: MF151 | M36: D.4.2 | N36: Mineral fertilizer | O36: MF742
A37: A.1.4.5 | B37: Wild terrestrial animal catch (incl. hunting) | C37: MF143 | E37: B.1.5.2 | F37: Meat and meat preparations | G37: MF152 | I37: C.1.5.2 | J37: Meat and meat preparations | K37: MF152 | M37: D.4.3 | N37: Sewage sludge | O37: MF743
A38: A.2 | B38: METAL ORES | C38: MF2 | E38: B.1.5.3 | F38: Dairy products, birds eggs, and honey | G38: MF153 | I38: C.1.5.3 | J38: Dairy products, birds eggs, and honey | K38: MF153 | M38: D.4.4 | N38: Compost | O38: MF744
A39: A.2.1 | B39: Iron ores | C39: MF21 | E39: B.1.5.4 | F39: Other products from animals | G39: MF154 | I39: C.1.5.4 | J39: Other products from animals | K39: MF154 | M39: D.4.5 | N39: Pesticides | O39: MF745
A40: M.2.Fe | B40: Iron ores metal content (memo item) | E40: B.1.compound | F40: Mixed / compounded products mainly from biomass | G40: M16 | I40: C.1.compound | J40: Mixed / compounded products mainly from biomass | K40: M16 | M40: D.4.6 | N40: Seeds | O40: MF746
A41: A.2.2 | B41: Aluminium ores | C41: MF227 | E41: B.2 | F41: METAL ORES | G41: MF2 | I41: C.2 | J41: METAL ORES | K41: MF2 | M41: D.4.7 | N41: Salt and other thawing materials spread on roads | O41: MF747
A42: M.2.Al | B42: Aluminium ores metal content (memo item) | E42: B.2.Fe | F42: Iron ores and concentrates, iron and steel, products dominated by iron content | G42: MF21 | I42: C.2.Fe | J42: Iron ores and concentrates, iron and steel, products dominated by iron content | K42: MF21 | M42: D.4.8 | N42: Solvents, laughing gas and other | O42: MF748
A43: A.2.3 | B43: Other metal ores | E43: B.2.Fe.m | F43: Iron ores metal content (memo item) | I43: C.2.Fe.m | J43: Iron ores metal content (memo item) | M43: D.5 | N43: DISSIPATIVE LOSSES | O43: M75
A44: M.2.x | B44: X ores metal content, where X is a specific metallic element other than iron or aluminium (memo item) | E44: B.2.Al | F44: Aluminium ores and concentrates, aluminium metal, products dominated by aluminium content | G44: MF227 | I44: C.2.Al | J44: Aluminium ores and concentrates, aluminium metal, products dominated by aluminium content | K44: MF227
A45: A.3 | B45: NON-METALLIC MINERALS | C45: MF3 | E45: B.2.Al.m | F45: Aluminium ores metal content (memo item) | I45: C.2.Al.m | J45: Aluminium ores metal content (memo item)
A46: A.3.1 | B46: Ornamental or building stone | C46: MF31 | E46: B.2.x | F46: X ores and concentrates, X metal, products dominated by X (where X is a specific metallic element other than iron or aluminium) | I46: C.2.x | J46: X ores and concentrates, X metal, products dominated by X (where X is a specific metallic element other than iron or aluminium)
A47: A.3.2 | B47: Carbonate minerals important in cement | E47: B.2.x.m | F47: X ores metal content, where X is a specific metallic element other than iron or aluminium (memo item) | I47: C.2.x.m | J47: X ores metal content, where X is a specific metallic element other than iron or aluminium (memo item)
A48: A.3.2.1 | B48: Chalk | E48: B.2.compound | F48: Mixed / compounded products mainly from metal | I48: C.2.compound | J48: Mixed / compounded products mainly from metal
A49: A.3.2.2 | B49: Dolomite | E49: B.3 | F49: NON-METALLIC MINERALS | G49: MF3 | I49: C.3 | J49: NON-METALLIC MINERALS | K49: MF3
A50: A.3.2.3 | B50: Limestone | E50: B.3.1 | F50: Ornamental or building stone | G50: MF31 | I50: C.3.1 | J50: Ornamental or building stone | K50: MF31
A51: A.3.4 | B51: Chemical and fertilizer minerals | C51: MF34 | E51: B.3.2 | F51: Carbonate minerals important in cement | I51: C.3.2 | J51: Carbonate minerals important in cement
A52: A.3.5 | B52: Salt | C52: MF35 | E52: B.3.2.1 | F52: Chalk | I52: C.3.2.1 | J52: Chalk
A53: A.3.6 | B53: Gypsum | E53: B.3.2.2 | F53: Dolomite | I53: C.3.2.2 | J53: Dolomite
A54: A.3.7 | B54: Clays | C54: MF37 | E54: B.3.2.3 | F54: Limestone | I54: C.3.2.3 | J54: Limestone
A55: A.3.7.1 | B55: Structural clays | E55: B.3.2.4 | F55: Cement and its products | I55: C.3.2.4 | J55: Cement and its products
A56: A.3.7.2 | B56: Specialty clays | E56: B.3.4 | F56: Chemical and fertilizer minerals | G56: MF34 | I56: C.3.4 | J56: Chemical and fertilizer minerals | K56: MF34
A57: A.3.8 | B57: Sand and gravel | E57: B.3.5 | F57: Salt | G57: MF35 | I57: C.3.5 | J57: Salt | K57: MF35
A58: A.3.8.1 | B58: Industrial sand and gravel | E58: B.3.6 | F58: Gypsum and its products | I58: C.3.6 | J58: Gypsum and its products
A59: A.3.8.2 | B59: Sand and gravel for construction | E59: B.3.7 | F59: Clays | G59: MF37 | I59: C.3.7 | J59: Clays | K59: MF37
A60: A.3.9 | B60: Other non-metallic minerals n.e.c. | C60: MF39 | E60: B.3.7.1 | F60: Structural clays and their products | I60: C.3.7.1 | J60: Structural clays and their products
A61: A.4 | B61: FOSSIL FUELS | C61: MF4 | E61: B.3.7.2 | F61: Specialty clays | I61: C.3.7.2 | J61: Specialty clays
A62: A.4.1 | B62: Coal and peat | C62: MF41 | E62: B.3.8 | F62: Sand and gravel | I62: C.3.8 | J62: Sand and gravel
A63: A.4.1.1 | B63: Brown coal | E63: B.3.8.1 | F63: Industrial sand and gravel | I63: C.3.8.1 | J63: Industrial sand and gravel
A64: A.4.1.1.1 | B64: Lignite (brown coal) | C64: MF411 | E64: B.3.8.2 | F64: Sand and gravel for construction | I64: C.3.8.2 | J64: Sand and gravel for construction
A65: A.4.1.1.2 | B65: Other sub-bituminous coal | E65: B.3.9 | F65: Other non-metallic minerals n.e.c. | G65: MF39 | I65: C.3.9 | J65: Other non-metallic minerals n.e.c. | K65: MF39
A66: A.4.1.2 | B66: Hard coal | C66: MF412 | E66: B.3.compound | F66: Mixed / compounded products mainly from non-metallic mineral | G66: MF3B | I66: C.3.compound | J66: Mixed / compounded products mainly from non-metallic mineral | K66: MF3B
A67: A.4.1.2.1 | B67: Anthracite | E67: B.4 | F67: FOSSIL FUELS | G67: MF 4 | I67: C.4 | J67: FOSSIL FUELS | K67: MF 4
A68: A.4.1.2.2 | B68: Coking coal | E68: B.4.1 | F68: Coal and peat | G68: MF41 | I68: C.4.1 | J68: Coal and peat | K68: MF41
A69: A.4.1.2.3 | B69: Other bituminous coal | E69: B.4.1.1 | F69: Brown coal | I69: C.4.1.1 | J69: Brown coal
A70: A.4.1.3 | B70: Peat | C70: MF414 | E70: B.4.1.1.1 | F70: Lignite (brown coal) | G70: MF411 | I70: C.4.1.1.1 | J70: Lignite (brown coal) | K70: MF411
A71: A.4.2 | B71: Crude oil, natural gas and natural gas liquids | C71: MF42 | E71: B.4.1.1.2 | F71: Other sub-bituminous coal | I71: C.4.1.1.2 | J71: Other sub-bituminous coal
A72: A.4.2.1 | B72: Crude oil | E72: B.4.1.2 | F72: Hard coal | G72: MF412 | I72: C.4.1.2 | J72: Hard coal | K72: MF412
A73: A.4.2.2 | B73: Natural gas | C73: MF422 | E73: B.4.1.2.1 | F73: Anthracite | I73: C.4.1.2.1 | J73: Anthracite
A74: A.4.2.3 | B74: Natural gas liquids | E74: B.4.1.2.2 | F74: Coking coal | I74: C.4.1.2.2 | J74: Coking coal
A75: A.4.3 | B75: Oil shale and tar sands | C75: MF413 | E75: B.4.1.2.3 | F75: Other bituminous coal | I75: C.4.1.2.3 | J75: Other bituminous coal
E76: B.4.1.3 | F76: Peat | G76: MF414 | I76: C.4.1.3 | J76: Peat | K76: MF414
E77: B.4.1.4 | F77: Coal derived products n.e.c. | I77: C.4.1.4 | J77: Coal derived products n.e.c.
E78: B.4.2 | F78: Conventional petroleum and gas | G78: MF42 | I78: C.4.2 | J78: Conventional petroleum and gas | K78: MF42
E79: B.4.2.1 | F79: Crude oil and liquid petroleum products | G79: MF421 | I79: C.4.2.1 | J79: Crude oil and liquid petroleum products | K79: MF421
E80: B.4.2.2 | F80: Natural gas and gaseous petroleum products | G80: MF422 | I80: C.4.2.2 | J80: Natural gas and gaseous petroleum products | K80: MF422
E81: B.4.3 | F81: Oil shale and tar sands | G81: MF413 | I81: C.4.3 | J81: Oil shale and tar sands | K81: MF413
E82: B.4.compound | F82: Mixed / compounded products mainly from fossil fuels | G82: MF43 | I82: C.4.compound | J82: Mixed / compounded products mainly from fossil fuels | K82: MF43
E83: B.5 | F83: MIXED / COMPLEX PRODUCTS n.e.c. | G83: MF5 | I83: C.5 | J83: MIXED / COMPLEX PRODUCTS n.e.c. | K83: MF5
E84: B.6 | F84: WASTE FOR FINAL TREATMENT AND DISPOSAL | G84: MF6 | I84: C.6 | J84: WASTE FOR FINAL TREATMENT AND DISPOSAL | K84: MF6

Sheet Corresp FAO Crop Codes_DE
A1: Correspondence FAO Crop Codes to EW-MFA Codes_Domestic Extraction
A2: This tool is a correspondence table for use when compiling EW-MFA data on Domestic extraction (Table_A), specifically material category A.1.1 Crops. The table shows the conversion from FAO Item Codes for Primary Crops to UNEP EW-MFA codes.
A3: The data on the FAOSTAT website (linked below) can be found by clicking Data > Production > Crops and livestock products. Within the Crops and livestock products, first your respective country needs to be selected, then 'Production Quantity', 'Crops, primary' (with FAO selected on the drop down button to the top right), and the respective years you wish to receive data for.
A4: https://www.fao.org/faostat/en/
A6: FAO Item Name Primary Crops | B6: FAO Item Code | C6: MFA Description | D6: MFA Code
A7: Rice, Paddy | B7: 27 | C7: Rice | D7: A.1.1.1.1
A8: Wheat | B8: 15 | C8: Wheat | D8: A.1.1.1.2
A9: Maize | B9: 56 | C9: Maize | D9: A.1.1.1.3
A10: Barley | B10: 44 | C10: Cereals n.e.c. | D10: A.1.1.1.4
A11: Pop Corn | B11: 68 | C11: Cereals n.e.c. | D11: A.1.1.1.4
A12: Rye | B12: 71 | C12: Cereals n.e.c. | D12: A.1.1.1.4
A13: Oats | B13: 75 | C13: Cereals n.e.c. | D13: A.1.1.1.4
A14: Millet | B14: 79 | C14: Cereals n.e.c. | D14: A.1.1.1.4
A15: Sorghum | B15: 83 | C15: Cereals n.e.c. | D15: A.1.1.1.4
A16: Buckwheat | B16: 89 | C16: Cereals n.e.c. | D16: A.1.1.1.4
A17: Quinoa | B17: 92 | C17: Cereals n.e.c. | D17: A.1.1.1.4
A18: Fonio | B18: 94 | C18: Cereals n.e.c. | D18: A.1.1.1.4
... A178: OTHER RESINS Including inter alia: copaiba, copal (Copaifera spp.); gum tragacanth (some Astragalus spp.); incense (Boswellia spp.); myrrh, opopanax, Mecca balsam (Commiphora spp.); tolu balsam, peru balsam (Myroxilon balsamum; M. Pereira) | B178: 1292 | C178: Other crops n.e.c. | D178: A.1.1.12

Sheet Crop Residues Tool_DE
A1: Calculated totals for Crop Residues - Domestic Extraction
A2: This tool allows users to do estimations for material categories A.1.2.1 Straw and A.1.2.2 Other crop residues (sugar and fodder beet leaves, other). It is adapted from section 2.1.3.3 of the Global Manual on EW-MFA.
A3: Unless the user has an unusually high number of crops which produce residues which are recovered from the field, it should not be necessary for the user to alter any part of the sheet anywhere other than in the gray sections. Within the gray sections, only enter data for crops for which you have crop production figures, and where you have (or can make) reasonable estimates for both Harvest Factor and Recovery Rate. There are two separate gray data entry tables, one for crops which produce straw as residue (typically cereal), and one for others (e.g. those that produce beet tops, sugar cane tops, etc). This reflects the two categories of residues, A.1.2.1 Straw and A.1.2.2 Other crop residues (sugar and fodder beet leaves, other). The final results will be reflected in the blue cells.
A4: To aid in estimating Harvest Factors and Recovery Rates, default values for different World regions have been included in two tables below, along with a table showing the region to which each country belongs in this scheme (all three tables in pink). The data compiler can use the values for each crop given here as a default value, however, it is important that they make use of their knowledge of local conditions. For example, if your country is in East Asia and you want to enter Rice as one of your crops, and the relevant Harvest Factor and Recovery Rate for your region are 1.0 and 0.8 respectively (0.8 from cereals, as there is no specific rice Recovery Rate). However, you may have local knowledge that indicates perhaps 90% of rice residues are actually just burned off (not used as fuel, animal feed, or other use). In that case you should input a Recovery Rate of 0.1 in the appropriate field in the gray area.
A5: Where a specific crop is not listed in the tables, the data compiler should use factors from the most analogous crop in their judgement. Remember: there is no need to enter a crop unless some portion of the crop residues it produces are recovered from the field for further economic use.
A6: There should normally be no need to touch anything in the areas in colors except gray. The final numbers you need for crop residues will be calculated and reported in the Summary section at the top, when the relevant gray fields have been filled out appropriately.
A8: Hints: | C8: Final results; it will be filled in automatically. | G8: Intermediate results; it will be filled in automatically. | M8: * | N8: Find the suggested Harvest Factor below, in pink.
C9: It should be filled in manually. | G9: Reference tables with suggested Harvest Factors and Recovery Rates by region. | M9: ** | N9: Find the suggested Recovery Rate below, in pink.
A11: SUMMARY
A12: Description | B12: Unit | C12: Material category | D12: 2010 | E12: 2011 | F12: 2012 | G12: 2013 | H12: 2014 | I12: 2015 | J12: 2016 | K12: 2017 | L12: 2018 | M12: 2019 | N12: 2020 | O12: 2021 | P12: 2022 | Q12: 2023 | R12: 2024 | S12: 2025 | T12: 2026 | U12: 2027 | V12: 2028 | W12: 2029 | X12: 2030
A13: Straw | B13: tonnes | C13: A.1.2.1 | D13: =D52 -> 0 | E13: =E52 -> 0 | F13: =F52 -> 0 | G13: =G52 -> 0 | H13: =H52 -> 0 | I13: =I52 -> 0 | J13: =J52 -> 0 | K13: =K52 -> 0 | ... X13: =X52 -> 0
A14: Other crop residues (sugar and fodder beet leaves, other) | B14: tonnes | C14: A.1.2.2 | D14: =D90 -> 0 | E14: =E90 -> 0 | F14: =F90 -> 0 | G14: =G90 -> 0 | H14: =H90 -> 0 | I14: =I90 -> 0 | J14: =J90 -> 0 | K14: =K90 -> 0 | ... X14: =X90 -> 0
A17: STRAW PRIMARY CROP HARVEST BY YEAR (tonnes)
A18: Crop | B18: Harvest Factor* | C18: Recovery Rate** | D18: 2010 | E18: 2011 | F18: 2012 | G18: 2013 | H18: 2014 | I18: 2015 | J18: 2016 | K18: 2017 | L18: 2018 | M18: 2019 | N18: 2020 | O18: 2021 | P18: 2022 | Q18: 2023 | R18: 2024 | S18: 2025 | T18: 2026 | U18: 2027 | V18: 2028 | W18: 2029 | X18: 2030
A19: Maize | B19: 3 | C19: 0.8
A20: Millet | B20: 3 | C20: 0.8
A21: Sorghum | B21: 3 | C21: 0.8
A22: E.g. Straw Crop 4
A23: E.g. Straw Crop 5
A24: E.g. Straw Crop 6
A25: E.g. Straw Crop 7
A26: E.g. Straw Crop 8
A27: E.g. Straw Crop 9
A28: E.g. Straw Crop 10
A29: E.g. Straw Crop 11
A30: E.g. Straw Crop 12
A31: E.g. Straw Crop 13
A32: E.g. Straw Crop 14
A33: ...E.g. Straw Crop x
A35: STRAW USED CROP RESIDUES BY YEAR (tonnes)
A36: Crop | D36: 2010 | E36: 2011 | F36: 2012 | G36: 2013 | H36: 2014 | I36: 2015 | J36: 2016 | K36: 2017 | L36: 2018 | M36: 2019 | N36: 2020 | O36: 2021 | P36: 2022 | Q36: 2023 | R36: 2024 | S36: 2025 | T36: 2026 | U36: 2027 | V36: 2028 | W36: 2029 | X36: 2030
A37: =A19 -> Maize | D37: =$B19*$C19*D19 -> 0 | E37: =$B19*$C19*E19 -> 0 | F37: =$B19*$C19*F19 -> 0 | G37: =$B19*$C19*G19 -> 0 | H37: =$B19*$C19*H19 -> 0 | I37: =$B19*$C19*I19 -> 0 | J37: =$B19*$C19*J19 -> 0 | K37: =$B19*$C19*K19 -> 0 | ... X37: =$B19*$C19*X19 -> 0
A38: =A20 -> Millet | D38: =$B20*$C20*D20 -> 0 | E38: =$B20*$C20*E20 -> 0 | F38: =$B20*$C20*F20 -> 0 | G38: =$B20*$C20*G20 -> 0 | H38: =$B20*$C20*H20 -> 0 | I38: =$B20*$C20*I20 -> 0 | J38: =$B20*$C20*J20 -> 0 | K38: =$B20*$C20*K20 -> 0 | ... X38: =$B20*$C20*X20 -> 0
A39: =A21 -> Sorghum | D39: =$B21*$C21*D21 -> 0 | E39: =$B21*$C21*E21 -> 0 | F39: =$B21*$C21*F21 -> 0 | G39: =$B21*$C21*G21 -> 0 | H39: =$B21*$C21*H21 -> 0 | I39: =$B21*$C21*I21 -> 0 | J39: =$B21*$C21*J21 -> 0 | K39: =$B21*$C21*K21 -> 0 | ... X39: =$B21*$C21*X21 -> 0
A40: =A22 -> E.g. Straw Crop 4 | D40: =$B22*$C22*D22 -> 0 | E40: =$B22*$C22*E22 -> 0 | F40: =$B22*$C22*F22 -> 0 | G40: =$B22*$C22*G22 -> 0 | H40: =$B22*$C22*H22 -> 0 | I40: =$B22*$C22*I22 -> 0 | J40: =$B22*$C22*J22 -> 0 | K40: =$B22*$C22*K22 -> 0 | ... X40: =$B22*$C22*X22 -> 0
A41: =A23 -> E.g. Straw Crop 5 | D41: =$B23*$C23*D23 -> 0 | E41: =$B23*$C23*E23 -> 0 | F41: =$B23*$C23*F23 -> 0 | G41: =$B23*$C23*G23 -> 0 | H41: =$B23*$C23*H23 -> 0 | I41: =$B23*$C23*I23 -> 0 | J41: =$B23*$C23*J23 -> 0 | K41: =$B23*$C23*K23 -> 0 | ... X41: =$B23*$C23*X23 -> 0
A42: =A24 -> E.g. Straw Crop 6 | D42: =$B24*$C24*D24 -> 0 | E42: =$B24*$C24*E24 -> 0 | F42: =$B24*$C24*F24 -> 0 | G42: =$B24*$C24*G24 -> 0 | H42: =$B24*$C24*H24 -> 0 | I42: =$B24*$C24*I24 -> 0 | J42: =$B24*$C24*J24 -> 0 | K42: =$B24*$C24*K24 -> 0 | ... X42: =$B24*$C24*X24 -> 0
A43: =A25 -> E.g. Straw Crop 7 | D43: =$B25*$C25*D25 -> 0 | E43: =$B25*$C25*E25 -> 0 | F43: =$B25*$C25*F25 -> 0 | G43: =$B25*$C25*G25 -> 0 | H43: =$B25*$C25*H25 -> 0 | I43: =$B25*$C25*I25 -> 0 | J43: =$B25*$C25*J25 -> 0 | K43: =$B25*$C25*K25 -> 0 | ... X43: =$B25*$C25*X25 -> 0
A44: =A26 -> E.g. Straw Crop 8 | D44: =$B26*$C26*D26 -> 0 | E44: =$B26*$C26*E26 -> 0 | F44: =$B26*$C26*F26 -> 0 | G44: =$B26*$C26*G26 -> 0 | H44: =$B26*$C26*H26 -> 0 | I44: =$B26*$C26*I26 -> 0 | J44: =$B26*$C26*J26 -> 0 | K44: =$B26*$C26*K26 -> 0 | ... X44: =$B26*$C26*X26 -> 0
A45: =A27 -> E.g. Straw Crop 9 | D45: =$B27*$C27*D27 -> 0 | E45: =$B27*$C27*E27 -> 0 | F45: =$B27*$C27*F27 -> 0 | G45: =$B27*$C27*G27 -> 0 | H45: =$B27*$C27*H27 -> 0 | I45: =$B27*$C27*I27 -> 0 | J45: =$B27*$C27*J27 -> 0 | K45: =$B27*$C27*K27 -> 0 | ... X45: =$B27*$C27*X27 -> 0
A46: =A28 -> E.g. Straw Crop 10 | D46: =$B28*$C28*D28 -> 0 | E46: =$B28*$C28*E28 -> 0 | F46: =$B28*$C28*F28 -> 0 | G46: =$B28*$C28*G28 -> 0 | H46: =$B28*$C28*H28 -> 0 | I46: =$B28*$C28*I28 -> 0 | J46: =$B28*$C28*J28 -> 0 | K46: =$B28*$C28*K28 -> 0 | ... X46: =$B28*$C28*X28 -> 0
A47: =A29 -> E.g. Straw Crop 11 | D47: =$B29*$C29*D29 -> 0 | E47: =$B29*$C29*E29 -> 0 | F47: =$B29*$C29*F29 -> 0 | G47: =$B29*$C29*G29 -> 0 | H47: =$B29*$C29*H29 -> 0 | I47: =$B29*$C29*I29 -> 0 | J47: =$B29*$C29*J29 -> 0 | K47: =$B29*$C29*K29 -> 0 | ... X47: =$B29*$C29*X29 -> 0
A48: =A30 -> E.g. Straw Crop 12 | D48: =$B30*$C30*D30 -> 0 | E48: =$B30*$C30*E30 -> 0 | F48: =$B30*$C30*F30 -> 0 | G48: =$B30*$C30*G30 -> 0 | H48: =$B30*$C30*H30 -> 0 | I48: =$B30*$C30*I30 -> 0 | J48: =$B30*$C30*J30 -> 0 | K48: =$B30*$C30*K30 -> 0 | ... X48: =$B30*$C30*X30 -> 0
... A51: =A33 -> ...E.g. Straw Crop x | D51: =$B33*$C33*D33 -> 0 | E51: =$B33*$C33*E33 -> 0 | F51: =$B33*$C33*F33 -> 0 | G51: =$B33*$C33*G33 -> 0 | H51: =$B33*$C33*H33 -> 0 | I51: =$B33*$C33*I33 -> 0 | J51: =$B33*$C33*J33 -> 0 | K51: =$B33*$C33*K33 -> 0 | ... X51: =$B33*$C33*X33 -> 0
A52: Total for Straw | D52: =SUM(D37:D51) -> 0 | E52: =SUM(E37:E51) -> 0 | F52: =SUM(F37:F51) -> 0 | G52: =SUM(G37:G51) -> 0 | H52: =SUM(H37:H51) -> 0 | I52: =SUM(I37:I51) -> 0 | J52: =SUM(J37:J51) -> 0 | K52: =SUM(K37:K51) -> 0 | ... X52: =SUM(X37:X51) -> 0
A55: NON-STRAW PRIMARY CROP HARVEST BY YEAR (tonnes)
A56: Crop | B56: Harvest Factor* | C56: Recovery Rate** | D56: 2010 | E56: 2011 | F56: 2012 | G56: 2013 | H56: 2014 | I56: 2015 | J56: 2016 | K56: 2017 | L56: 2018 | M56: 2019 | N56: 2020 | O56: 2021 | P56: 2022 | Q56: 2023 | R56: 2024 | S56: 2025 | T56: 2026 | U56: 2027 | V56: 2028 | W56: 2029 | X56: 2030
A57: E.g. non-straw Crop 1
A58: E.g. non-straw Crop 2
A59: E.g. non-straw Crop 3
A60: E.g. non-straw Crop 4
A61: E.g. non-straw Crop 5
A62: E.g. non-straw Crop 6
A63: E.g. non-straw Crop 7
A64: E.g. non-straw Crop 8
A65: E.g. non-straw Crop 9
A66: E.g. non-straw Crop 10
A67: E.g. non-straw Crop 11
A68: E.g. non-straw Crop 12
... A73: NON-STRAW USED CROP RESIDUES BY YEAR (tonnes)
A74: Crop | D74: 2010 | E74: 2011 | F74: 2012 | G74: 2013 | H74: 2014 | I74: 2015 | J74: 2016 | K74: 2017 | L74: 2018 | M74: 2019 | N74: 2020 | O74: 2021 | P74: 2022 | Q74: 2023 | R74: 2024 | S74: 2025 | T74: 2026 | U74: 2027 | V74: 2028 | W74: 2029 | X74: 2030
A75: =A57 -> E.g. non-straw Crop 1 | D75: =$B57*$C57*D57 -> 0 | E75: =$B57*$C57*E57 -> 0 | F75: =$B57*$C57*F57 -> 0 | G75: =$B57*$C57*G57 -> 0 | H75: =$B57*$C57*H57 -> 0 | I75: =$B57*$C57*I57 -> 0 | J75: =$B57*$C57*J57 -> 0 | K75: =$B57*$C57*K57 -> 0 | ... X75: =$B57*$C57*X57 -> 0
A76: =A58 -> E.g. non-straw Crop 2 | D76: =$B58*$C58*D58 -> 0 | E76: =$B58*$C58*E58 -> 0 | F76: =$B58*$C58*F58 -> 0 | G76: =$B58*$C58*G58 -> 0 | H76: =$B58*$C58*H58 -> 0 | I76: =$B58*$C58*I58 -> 0 | J76: =$B58*$C58*J58 -> 0 | K76: =$B58*$C58*K58 -> 0 | ... X76: =$B58*$C58*X58 -> 0
A77: =A59 -> E.g. non-straw Crop 3 | D77: =$B59*$C59*D59 -> 0 | E77: =$B59*$C59*E59 -> 0 | F77: =$B59*$C59*F59 -> 0 | G77: =$B59*$C59*G59 -> 0 | H77: =$B59*$C59*H59 -> 0 | I77: =$B59*$C59*I59 -> 0 | J77: =$B59*$C59*J59 -> 0 | K77: =$B59*$C59*K59 -> 0 | ... X77: =$B59*$C59*X59 -> 0
A78: =A60 -> E.g. non-straw Crop 4 | D78: =$B60*$C60*D60 -> 0 | E78: =$B60*$C60*E60 -> 0 | F78: =$B60*$C60*F60 -> 0 | G78: =$B60*$C60*G60 -> 0 | H78: =$B60*$C60*H60 -> 0 | I78: =$B60*$C60*I60 -> 0 | J78: =$B60*$C60*J60 -> 0 | K78: =$B60*$C60*K60 -> 0 | ... X78: =$B60*$C60*X60 -> 0
A79: =A61 -> E.g. non-straw Crop 5 | D79: =$B61*$C61*D61 -> 0 | E79: =$B61*$C61*E61 -> 0 | F79: =$B61*$C61*F61 -> 0 | G79: =$B61*$C61*G61 -> 0 | H79: =$B61*$C61*H61 -> 0 | I79: =$B61*$C61*I61 -> 0 | J79: =$B61*$C61*J61 -> 0 | K79: =$B61*$C61*K61 -> 0 | ... X79: =$B61*$C61*X61 -> 0
A80: =A62 -> E.g. non-straw Crop 6 | D80: =$B62*$C62*D62 -> 0 | E80: =$B62*$C62*E62 -> 0 | F80: =$B62*$C62*F62 -> 0 | G80: =$B62*$C62*G62 -> 0 | H80: =$B62*$C62*H62 -> 0 | I80: =$B62*$C62*I62 -> 0 | J80: =$B62*$C62*J62 -> 0 | K80: =$B62*$C62*K62 -> 0 | ... X80: =$B62*$C62*X62 -> 0
A81: =A63 -> E.g. non-straw Crop 7 | D81: =$B63*$C63*D63 -> 0 | E81: =$B63*$C63*E63 -> 0 | F81: =$B63*$C63*F63 -> 0 | G81: =$B63*$C63*G63 -> 0 | H81: =$B63*$C63*H63 -> 0 | I81: =$B63*$C63*I63 -> 0 | J81: =$B63*$C63*J63 -> 0 | K81: =$B63*$C63*K63 -> 0 | ... X81: =$B63*$C63*X63 -> 0
A82: =A64 -> E.g. non-straw Crop 8 | D82: =$B64*$C64*D64 -> 0 | E82: =$B64*$C64*E64 -> 0 | F82: =$B64*$C64*F64 -> 0 | G82: =$B64*$C64*G64 -> 0 | H82: =$B64*$C64*H64 -> 0 | I82: =$B64*$C64*I64 -> 0 | J82: =$B64*$C64*J64 -> 0 | K82: =$B64*$C64*K64 -> 0 | ... X82: =$B64*$C64*X64 -> 0
A83: =A65 -> E.g. non-straw Crop 9 | D83: =$B65*$C65*D65 -> 0 | E83: =$B65*$C65*E65 -> 0 | F83: =$B65*$C65*F65 -> 0 | G83: =$B65*$C65*G65 -> 0 | H83: =$B65*$C65*H65 -> 0 | I83: =$B65*$C65*I65 -> 0 | J83: =$B65*$C65*J65 -> 0 | K83: =$B65*$C65*K65 -> 0 | ... X83: =$B65*$C65*X65 -> 0
A84: =A66 -> E.g. non-straw Crop 10 | D84: =$B66*$C66*D66 -> 0 | E84: =$B66*$C66*E66 -> 0 | F84: =$B66*$C66*F66 -> 0 | G84: =$B66*$C66*G66 -> 0 | H84: =$B66*$C66*H66 -> 0 | I84: =$B66*$C66*I66 -> 0 | J84: =$B66*$C66*J66 -> 0 | K84: =$B66*$C66*K66 -> 0 | ... X84: =$B66*$C66*X66 -> 0
A85: =A67 -> E.g. non-straw Crop 11 | D85: =$B67*$C67*D67 -> 0 | E85: =$B67*$C67*E67 -> 0 | F85: =$B67*$C67*F67 -> 0 | G85: =$B67*$C67*G67 -> 0 | H85: =$B67*$C67*H67 -> 0 | I85: =$B67*$C67*I67 -> 0 | J85: =$B67*$C67*J67 -> 0 | K85: =$B67*$C67*K67 -> 0 | ... X85: =$B67*$C67*X67 -> 0
A86: =A68 -> E.g. non-straw Crop 12 | D86: =$B68*$C68*D68 -> 0 | E86: =$B68*$C68*E68 -> 0 | F86: =$B68*$C68*F68 -> 0 | G86: =$B68*$C68*G68 -> 0 | H86: =$B68*$C68*H68 -> 0 | I86: =$B68*$C68*I68 -> 0 | J86: =$B68*$C68*J68 -> 0 | K86: =$B68*$C68*K68 -> 0 | ... X86: =$B68*$C68*X68 -> 0
... A89: =A71 -> ...E.g. non-straw Crop x | D89: =$B71*$C71*D71 -> 0 | E89: =$B71*$C71*E71 -> 0 | F89: =$B71*$C71*F71 -> 0 | G89: =$B71*$C71*G71 -> 0 | H89: =$B71*$C71*H71 -> 0 | I89: =$B71*$C71*I71 -> 0 | J89: =$B71*$C71*J71 -> 0 | K89: =$B71*$C71*K71 -> 0 | ... X89: =$B71*$C71*X71 -> 0
A90: Total for Other crop residues (sugar and fodder beet leaves, other) | D90: =SUM(D75:D89) -> 0 | E90: =SUM(E75:E89) -> 0 | F90: =SUM(F75:F89) -> 0 | G90: =SUM(G75:G89) -> 0 | H90: =SUM(H75:H89) -> 0 | I90: =SUM(I75:I89) -> 0 | J90: =SUM(J75:J89) -> 0 | K90: =SUM(K75:K89) -> 0 | ... X90: =SUM(X75:X89) -> 0
A93: REFERENCE TABLES
A94: * HARVEST FACTORS: Available crop residues [t (as is weight)] = primary crop harvest [t (as is weight)] * harvest factor
A95: Crop | B95: East Asia | C95: East Europe | D95: Latin America & the Caribbean | E95: North Africa & West Asia | F95: North America & Oceania | G95: South and Central Asia | H95: Sub-Saharan Africa | I95: West Europe
A96: Wheat, other cereals | B96: 1.5 | C96: 1.5 | D96: 1.5 | E96: 1.5 | F96: 1.2 | G96: 1.7 | H96: 2.3 | I96: 1
A97: Rice, Paddy | B97: 1 | C97: 1.2 | D97: 1.2 | E97: 1.2 | F97: 1.2 | G97: 1.5 | H97: 1.5 | I97: 1.2
A98: Maize | B98: 3 | C98: 1.9 | D98: 3 | E98: 3 | F98: 1.2 | G98: 3.5 | H98: 3.5 | I98: 1.2
A99: Millet | B99: 3 | C99: 1.9 | D99: 3 | E99: 3 | F99: 1.2 | G99: 3.5 | H99: 3.5 | I99: 1.2
A100: Sorghum | B100: 3 | C100: 1.9 | D100: 3 | E100: 3 | F100: 1.2 | G100: 3.5 | H100: 3.5 | I100: 1.2
A101: Roots and Tubers | B101: 0.3 | C101: 0.3 | D101: 0.3 | E101: 0.3 | F101: 0.3 | G101: 0.3 | H101: 0.3 | I101: 0.3
A102: Sugar Cane | B102: 0.16 | C102: 0.16 | D102: 0.16 | E102: 0.16 | F102: 0.16 | G102: 0.16 | H102: 0.16 | I102: 0.16
A103: Sugar Beets | B103: 0.2 | C103: 0.2 | D103: 0.2 | E103: 0.2 | F103: 0.2 | G103: 0.2 | H103: 0.2 | I103: 0.2
A104: Pulses | B104: 0.4 | C104: 1 | D104: 0.4 | E104: 0.4 | F104: 1 | G104: 0.4 | H104: 0.4 | I104: 1
A105: Soybeans | B105: 1.2 | C105: 1.5 | D105: 1.5 | E105: 1.5 | F105: 1.2 | G105: 1.5 | H105: 1.5 | I105: 1.2
A106: Groundnuts in Shell | B106: 1.2 | C106: 1.2 | D106: 1.5 | E106: 1.5 | F106: 1.2 | G106: 1.5 | H106: 1.5 | I106: 1.2
A107: Canola seed, oil crops | B107: 2.3 | C107: 1.9 | D107: 2.3 | E107: 2.3 | F107: 1.9 | G107: 2.3 | H107: 2.3 | I107: 1.9
A108: Source: Based on data provided in the supporting information to Krausmann (2013) and Wirsenius (2000).
A110: ** RECOVERY RATES: Used crop residues [t (as is weight)] = available crop residues [t (as is weight)] * recovery rate
B111: East Asia | C111: East Europe | D111: Latin America & the Caribbean | E111: North Africa & West Asia | F111: North America & Oceania | G111: South and Central Asia | H111: Sub-Saharan Africa | I111: West Europe
A112: Cereals incl. rice and maize | B112: 0.8 | C112: 0.75 | D112: 0.8 | E112: 0.8 | F112: 0.7 | G112: 0.9 | H112: 0.9 | I112: 0.7
A113: Roots and Tubers | B113: 0.75 | C113: 0.25 | D113: 0.75 | E113: 0.75 | F113: 0 | G113: 0.75 | H113: 0.75 | I113: 0
A114: Sugar Cane | B114: 0.52 | C114: 0.47 | D114: 0.4 | E114: 0.47 | F114: 0.47 | G114: 0.52 | H114: 0.47 | I114: 0.47
A115: Sugar Beets | B115: 0.75 | C115: 0.25 | D115: 0.75 | E115: 0.75 | F115: 0 | G115: 0.75 | H115: 0.75 | I115: 0
A116: Sugar Crops n.e.c. | B116: 0.8 | C116: 0.3 | D116: 0.8 | E116: 0.8 | F116: 0 | G116: 0.8 | H116: 0.8 | I116: 0
A117: Beans, Dry | B117: 0.5 | C117: 0.5 | D117: 0.5 | E117: 0.5 | F117: 0 | G117: 0.5 | H117: 0.5 | I117: 0
A118: Other pulses | B118: 0.8 | C118: 0.75 | D118: 0.8 | E118: 0.8 | F118: 0.7 | G118: 0.9 | H118: 0.9 | I118: 0.7
...

Sheet Grazed Biomass Tool_DE
A1: Calculated totals for Grazed Biomass - Domestic Extraction
A2: This tool allows users to do estimations for material category A.1.2.4 Grazed biomass. It is adapted from Estimation method A of section 2.1.3.4 of the Global Manual on EW-MFA.
A3: To aid in estimating roughage intake, default values for different World regions have been included in a table below, along with a table showing the region to which each country belongs in this scheme (both tables in pink). The data compiler can use the values for each animal type given here as a default value, however it is important that they make use of their knowledge of local conditions.
A4: For example, If your country is in East Asia, and you want to enter Buffalo as one of your grazing animals, then the relevant Roughage intake (tonnes/head/year) will be 4.1. However, you may have local knowledge that indicates 70% of the roughage intake for Buffalo is actually brought to them already cut, and that they do little free grazing. In that case, the grazed biomass intake should be reduced by 70% (enter 30 into the '% of roughage intake from grazing' field). Far better is if the compiler can source direct estimates of how much animals graze locally (perhaps from universities or agricultural institutions). In that case, the data would be entered directly as the Roughage intake (tonnes/head/year), with the corresponding '% of roughage intake from grazing' field set to 100.
A5: Where a specific grazing animal is not listed in the tables, the data compiler should use factors from the most analogous animal in their judgement. Remember: there is no need to enter an animal herd unless it derives some of its food requirements from direct grazing/browsing in the field.
A6: There should normally be no need to touch anything in the areas in colors except gray. The final numbers you need for grazed biomass will be calculated and reported in the Summary section at the top, when the relevant gray fields have been filled out appropriately.
A8: Hints: | C8: Final results; it will be filled in automatically. | G8: Intermediate results; it will be filled in automatically.
C9: It should be filled in manually. | G9: Reference table with suggested Roughage intake by region. | M9: * | N9: Find the suggested Roughage intake below, in pink.
A11: SUMMARY
A12: Description | B12: Unit | C12: Material category | D12: 2010 | E12: 2011 | F12: 2012 | G12: 2013 | H12: 2014 | I12: 2015 | J12: 2016 | K12: 2017 | L12: 2018 | M12: 2019 | N12: 2020 | O12: 2021 | P12: 2022 | Q12: 2023 | R12: 2024 | S12: 2025 | T12: 2026 | U12: 2027 | V12: 2028 | W12: 2029 | X12: 2030
A13: Grazed biomass | B13: tonnes | C13: A.1.2.4 | D13: =D51 -> 0 | E13: =E51 -> 0 | F13: =F51 -> 0 | G13: =G51 -> 0 | H13: =H51 -> 0 | I13: =I51 -> 0 | J13: =J51 -> 0 | K13: =K51 -> 0 | ... X13: =X51 -> 0
A16: GRAZING LIVESTOCK (NUMBER OF ANIMALS)
A17: Animal type | B17: Roughage intake (t/head/y)* | C17: % of roughage intake from grazing | D17: 2010 | E17: 2011 | F17: 2012 | G17: 2013 | H17: 2014 | I17: 2015 | J17: 2016 | K17: 2017 | L17: 2018 | M17: 2019 | N17: 2020 | O17: 2021 | P17: 2022 | Q17: 2023 | R17: 2024 | S17: 2025 | T17: 2026 | U17: 2027 | V17: 2028 | W17: 2029 | X17: 2030
A18: E.g. Animal type 1
A19: E.g. Animal type 2
A20: E.g. Animal type 3
A21: E.g. Animal type 4
A22: E.g. Animal type 5
A23: E.g. Animal type 6
A24: E.g. Animal type 7
A25: E.g. Animal type 8
A26: E.g. Animal type 9
A27: E.g. Animal type 10
A28: E.g. Animal type 11
A29: E.g. Animal type 12
... A34: DEMAND FOR GRAZED BIOMASS BY ANIMAL TYPE (t at 15% mc)
A35: Animal type | D35: 2010 | E35: 2011 | F35: 2012 | G35: 2013 | H35: 2014 | I35: 2015 | J35: 2016 | K35: 2017 | L35: 2018 | M35: 2019 | N35: 2020 | O35: 2021 | P35: 2022 | Q35: 2023 | R35: 2024 | S35: 2025 | T35: 2026 | U35: 2027 | V35: 2028 | W35: 2029 | X35: 2030
A36: =A18 -> E.g. Animal type 1 | D36: =$B18*D18*$C18 -> 0 | E36: =$B18*E18*$C18 -> 0 | F36: =$B18*F18*$C18 -> 0 | G36: =$B18*G18*$C18 -> 0 | H36: =$B18*H18*$C18 -> 0 | I36: =$B18*I18*$C18 -> 0 | J36: =$B18*J18*$C18 -> 0 | K36: =$B18*K18*$C18 -> 0 | ... X36: =$B18*X18*$C18 -> 0
A37: =A19 -> E.g. Animal type 2 | D37: =$B19*D19*$C19 -> 0 | E37: =$B19*E19*$C19 -> 0 | F37: =$B19*F19*$C19 -> 0 | G37: =$B19*G19*$C19 -> 0 | H37: =$B19*H19*$C19 -> 0 | I37: =$B19*I19*$C19 -> 0 | J37: =$B19*J19*$C19 -> 0 | K37: =$B19*K19*$C19 -> 0 | ... X37: =$B19*X19*$C19 -> 0
A38: =A20 -> E.g. Animal type 3 | D38: =$B20*D20*$C20 -> 0 | E38: =$B20*E20*$C20 -> 0 | F38: =$B20*F20*$C20 -> 0 | G38: =$B20*G20*$C20 -> 0 | H38: =$B20*H20*$C20 -> 0 | I38: =$B20*I20*$C20 -> 0 | J38: =$B20*J20*$C20 -> 0 | K38: =$B20*K20*$C20 -> 0 | ... X38: =$B20*X20*$C20 -> 0
A39: =A21 -> E.g. Animal type 4 | D39: =$B21*D21*$C21 -> 0 | E39: =$B21*E21*$C21 -> 0 | F39: =$B21*F21*$C21 -> 0 | G39: =$B21*G21*$C21 -> 0 | H39: =$B21*H21*$C21 -> 0 | I39: =$B21*I21*$C21 -> 0 | J39: =$B21*J21*$C21 -> 0 | K39: =$B21*K21*$C21 -> 0 | ... X39: =$B21*X21*$C21 -> 0
A40: =A22 -> E.g. Animal type 5 | D40: =$B22*D22*$C22 -> 0 | E40: =$B22*E22*$C22 -> 0 | F40: =$B22*F22*$C22 -> 0 | G40: =$B22*G22*$C22 -> 0 | H40: =$B22*H22*$C22 -> 0 | I40: =$B22*I22*$C22 -> 0 | J40: =$B22*J22*$C22 -> 0 | K40: =$B22*K22*$C22 -> 0 | ... X40: =$B22*X22*$C22 -> 0
A41: =A23 -> E.g. Animal type 6 | D41: =$B23*D23*$C23 -> 0 | E41: =$B23*E23*$C23 -> 0 | F41: =$B23*F23*$C23 -> 0 | G41: =$B23*G23*$C23 -> 0 | H41: =$B23*H23*$C23 -> 0 | I41: =$B23*I23*$C23 -> 0 | J41: =$B23*J23*$C23 -> 0 | K41: =$B23*K23*$C23 -> 0 | ... X41: =$B23*X23*$C23 -> 0
A42: =A24 -> E.g. Animal type 7 | D42: =$B24*D24*$C24 -> 0 | E42: =$B24*E24*$C24 -> 0 | F42: =$B24*F24*$C24 -> 0 | G42: =$B24*G24*$C24 -> 0 | H42: =$B24*H24*$C24 -> 0 | I42: =$B24*I24*$C24 -> 0 | J42: =$B24*J24*$C24 -> 0 | K42: =$B24*K24*$C24 -> 0 | ... X42: =$B24*X24*$C24 -> 0
A43: =A25 -> E.g. Animal type 8 | D43: =$B25*D25*$C25 -> 0 | E43: =$B25*E25*$C25 -> 0 | F43: =$B25*F25*$C25 -> 0 | G43: =$B25*G25*$C25 -> 0 | H43: =$B25*H25*$C25 -> 0 | I43: =$B25*I25*$C25 -> 0 | J43: =$B25*J25*$C25 -> 0 | K43: =$B25*K25*$C25 -> 0 | ... X43: =$B25*X25*$C25 -> 0
A44: =A26 -> E.g. Animal type 9 | D44: =$B26*D26*$C26 -> 0 | E44: =$B26*E26*$C26 -> 0 | F44: =$B26*F26*$C26 -> 0 | G44: =$B26*G26*$C26 -> 0 | H44: =$B26*H26*$C26 -> 0 | I44: =$B26*I26*$C26 -> 0 | J44: =$B26*J26*$C26 -> 0 | K44: =$B26*K26*$C26 -> 0 | ... X44: =$B26*X26*$C26 -> 0
A45: =A27 -> E.g. Animal type 10 | D45: =$B27*D27*$C27 -> 0 | E45: =$B27*E27*$C27 -> 0 | F45: =$B27*F27*$C27 -> 0 | G45: =$B27*G27*$C27 -> 0 | H45: =$B27*H27*$C27 -> 0 | I45: =$B27*I27*$C27 -> 0 | J45: =$B27*J27*$C27 -> 0 | K45: =$B27*K27*$C27 -> 0 | ... X45: =$B27*X27*$C27 -> 0
A46: =A28 -> E.g. Animal type 11 | D46: =$B28*D28*$C28 -> 0 | E46: =$B28*E28*$C28 -> 0 | F46: =$B28*F28*$C28 -> 0 | G46: =$B28*G28*$C28 -> 0 | H46: =$B28*H28*$C28 -> 0 | I46: =$B28*I28*$C28 -> 0 | J46: =$B28*J28*$C28 -> 0 | K46: =$B28*K28*$C28 -> 0 | ... X46: =$B28*X28*$C28 -> 0
A47: =A29 -> E.g. Animal type 12 | D47: =$B29*D29*$C29 -> 0 | E47: =$B29*E29*$C29 -> 0 | F47: =$B29*F29*$C29 -> 0 | G47: =$B29*G29*$C29 -> 0 | H47: =$B29*H29*$C29 -> 0 | I47: =$B29*I29*$C29 -> 0 | J47: =$B29*J29*$C29 -> 0 | K47: =$B29*K29*$C29 -> 0 | ... X47: =$B29*X29*$C29 -> 0
... A50: =A32 -> ...E.g. Animal type x | D50: =$B32*D32*$C32 -> 0 | E50: =$B32*E32*$C32 -> 0 | F50: =$B32*F32*$C32 -> 0 | G50: =$B32*G32*$C32 -> 0 | H50: =$B32*H32*$C32 -> 0 | I50: =$B32*I32*$C32 -> 0 | J50: =$B32*J32*$C32 -> 0 | K50: =$B32*K32*$C32 -> 0 | ... X50: =$B32*X32*$C32 -> 0
A51: Total for Grazed biomass | D51: =SUM(D36:D50) -> 0 | E51: =SUM(E36:E50) -> 0 | F51: =SUM(F36:F50) -> 0 | G51: =SUM(G36:G50) -> 0 | H51: =SUM(H36:H50) -> 0 | I51: =SUM(I36:I50) -> 0 | J51: =SUM(J36:J50) -> 0 | K51: =SUM(K36:K50) -> 0 | ... X51: =SUM(X36:X50) -> 0
A54: REFERENCE TABLES
A55: Estimate of annual roughage intake by grazing animals. Data refer to 2010; roughage intake includes grazed biomass, hay and forage crops, values are given in t (at 15% mc)/head/year. Intake of market feed and crop residues is already discounted for.
A56: Animal type | B56: South and Central Asia | C56: East Europe | D56: North Africa & West Asia | E56: North America & Oceania | F56: West Europe | G56: Sub-Saharan Africa | H56: Latin America & the Caribbean | I56: East Asia
A57: Cattle, buffalo | B57: 1.2 | C57: 4.5 | D57: 2.8 | E57: 5.9 | F57: 5.9 | G57: 2 | H57: 3.6 | I57: 4.1
A58: Sheep, goats | B58: 0.3 | C58: 0.6 | D58: 0.3 | E58: 0.6 | F58: 0.6 | G58: 0.3 | H58: 0.3 | I58: 0.4
A59: Horses | B59: 2.8 | C59: 4 | D59: 3.4 | E59: 4.1 | F59: 4.2 | G59: 3 | H59: 3.5 | I59: 4.3
A60: Mules, asses | B60: 1.7 | C60: 2.4 | D60: 2 | E60: 2.5 | F60: 2.5 | G60: 1.8 | H60: 2.1 | I60: 2.6
A61: Source: Derived from Krausmann et al. (2013). mc: moisture content.
A63: COUNTRY TO ROUGHAGE INTAKE REGION
A64: Country | B64: Region
A65: Afghanistan | B65: SthAndCentAsia
A66: Åland Islands | B66: WestEurope
A67: Albania | B67: EastEurope
A68: Algeria | B68: NthAfricaWestAsia
A69: American Samoa | B69: NthAmerOceania
A70: Andorra | B70: WestEurope
A71: Angola | B71: SubSahAfrica
A72: Anguilla | B72: LAmerCarib
A73: Antigua and Barbuda | B73: LAmerCarib
A74: Argentina | B74: LAmerCarib
A75: Armenia | B75: NthAfricaWestAsia
... A311: Zimbabwe | B311: SubSahAfrica

Sheet ConvFact Wood_DE
A1: Conversion Factors Wood - Domestic Extraction
A2: This tool allows users to convert volume measures of wood to weight measures, as required for the reporting of the EW-MFA material categories A.1.3.1 Timber (Industrial roundwood) and A.1.3.2 Wood fuel and other extraction. The default conversion factors are adapted from Table 2.7 of the Global Manual on EW-MFA.
A3: Wood is usually reported in terms of volume rather than weight. Units used are stacked (or piled) cubic metres and solid cubic metres (scm). One stacked cubic metre is considered equal 0.70 solid cubic metres. The extraction of wood is reported in forestry statistics which usually differentiate between coniferous and non-coniferous wood.
A4: To calculate the weight of wood in tonnes at 15% moisture content (t at 15% mc) using the conversion factors for coniferous and non-coniferous wood, a user should just enter the real value in solid cubic metres under the "Input (scm)" column. The appropriate conversions will be shown under the "Output (t at 15% mc)" column. The user should not have any reason to alter any columns in the existing table apart from the input column.
A6: Hints: | C6: Final results; it will be filled in automatically. | G6: Default conversion factors.
C7: It should be filled in manually.
B10: Density [t at 15% mc/scm] | C10: Input (scm) | D10: Output (t at 15% mc)
A11: Coniferous | B11: 0.52 | D11: =B11*C11 -> 0
A12: Non-coniferous | B12: 0.68 | D12: =B12*C12 -> 0
A13: EU25 average (80% coniferous) | B13: 0.55 | D13: =B13*C13 -> 0
A14: Source: Based on factors used in IPCC greenhouse gas inventories (IPCC, 2003).

Sheet Metal Ores Tool 1_DE
A1: Calculated totals for Metal Ores - Mined Ores
A2: This is a support tool for National Statistical Offices (NSOs) to compile accounts on mined metal ores. The main description of the EW-MFA practice for recording metal ores production is provided in section 2.2 of the Global Manual on EW-MFA.
A4: Hints: | C4: It should be filled in manually. | G4: Reference tables.
A7: Mined ore data: EXAMPLE | I7: MINED ORES | K7: Conversion factors for metal compound grades to a metal-only basis (examples)
A8: Ore_Stream_ID | B8: Year | C8: ROM Ore (tonnes) | D8: Ore type | E8: Metal | F8: ROM Grade (ppm) | G8: Waste rock (tonnes) | I8: Ore_Stream_ID | M8: Element 1 | N8: Element 2
A9: Iron Mine A | B9: 2015 | C9: 25000000 | D9: A.2.1 | E9: M.2.Fe | F9: 580000 | G9: 62500000 | I9: This is simply an identifier field used to identify individual ore streams. In the simplest and most common cases, the Ore_Stream_ID should correspond to one mine or individual ore deposit’s output for a year, however where the output from several mines cannot be separated, one Ore_Stream_ID may be used to cover all. Alternatively, where one mine has multiple significantly different ore streams, different Ore_Stream_ID names should be used to identify each, especially where their processing or stockpiling fate differs. | M9: Al | N9: O
A10: Desert Mine A1 | B10: 2015 | C10: 10000000 | D10: A.2.1 | E10: M.2.Fe | F10: 570000 | G10: 13000000 | I10: Year | K10: Al2O3 | L10: Atomic Weight | M10: 26.982 | N10: 15.999
A11: Desert Mine A2 | B11: 2015 | C11: 7000000 | D11: A.2.1 | E11: M.2.Fe | F11: 470000 | G11: 21000000 | I11: This is the year for which the recorded data applies. | L11: Atoms | M11: 2 | N11: 3
A12: Weipa A | B12: 2015 | C12: 18000000 | D12: A.2.2 | E12: M.2.Al | F12: 200000 | G12: 27000000 | I12: ROM Ore (tonnes) | L12: Total Wt. | M12: =M10*M11 -> 53.964 | N12: =N10*N11 -> 47.997
A13: AlMine | B13: 2015 | C13: 10000000 | D13: A.2.2 | E13: M.2.Al | F13: 170000 | G13: 21000000 | I13: The estimated total tonnage of Run of Mine (ROM) ore extracted via one Ore_Stream_ID for the relevant year. | L13: Weight fraction | M13: =M12/(M12+N12) -> 0.52926119 | N13: =N12/(M12+N12) -> 0.47073881
A14: Bonanza A | B14: 2015 | C14: 25000000 | D14: A.2.3 | E14: M.2.Cu | F14: 5000 | G14: 1.025e+08 | I14: Ore type | M14: Cr | N14: O
A15: Bonanza A | B15: 2015 | C15: 25000000 | D15: A.2.3 | E15: M.2.Au | F15: 0.9 | G15: 1.025e+08 | I15: This is the ID code of the EW-MFA material category, i.e. one of A.2.1, A.2.2, or A.2.3, for Iron ores, Aluminium ores, or Other metal ores respectively. | K15: Cr2O3 | L15: Atomic Weight | M15: 51.996 | N15: 15.999
A16: Bonanza A | B16: 2015 | C16: 25000000 | D16: A.2.3 | E16: M.2.Ag | F16: 5 | G16: 1.025e+08 | I16: Metal | L16: Atoms | M16: 2 | N16: 3
A17: Bonanza A | B17: 2015 | C17: 25000000 | D17: A.2.3 | E17: M.2.Mo | F17: 105 | G17: 1.025e+08 | I17: This is used to identify the component metal analysed for the current row. The naming convention is M.2.x where x is the symbol for the element in the periodic table e.g. M.2.Cu for copper, M.2.Sn for tin. | L17: Total Wt. | M17: =M15*M16 -> 103.992 | N17: =N15*N16 -> 47.997
A18: Bonanza B | B18: 2015 | C18: 13000000 | D18: A.2.3 | E18: M.2.Cu | F18: 12000 | G18: 78000000 | I18: ROM Grade (ppm) | L18: Weight fraction | M18: =M17/(M17+N17) -> 0.68420741 | N18: =N17/(M17+N17) -> 0.31579259
A19: Bonanza B | B19: 2015 | C19: 13000000 | D19: A.2.3 | E19: M.2.Mo | F19: 300 | G19: 78000000 | I19: This is the estimated average concentration for one of the metals in an ore stream, averaged over the relevant year. There should be a value for each of the targeted metals, however if there is also data for incidental metals, especially if they are of potential future economic interest, or are particularly environmentally sensitive, this should also be recorded. The number of such individual metals for which there is data ultimately determines the number of individual lines entered under one Ore_Stream_ID for one year. | M19: Ti | N19: O
A20: Miscmines group A | B20: 2015 | C20: 5000000 | D20: A.2.3 | E20: M.2.Zn | F20: 50000 | G20: 17500000 | I20: The concentration is determined on a weight basis, in parts per million (ppm), i.e. a grade of 15,000 for A.2.Cu would mean that there are 15,000 grams (15kg) of pure copper contained in each tonne of ore. Grades should always be given in terms of weight ppm of the metal, so if grade is recorded in terms of a compound e.g. TiO2, this should be adjusted by the weight fraction of Ti in TiO2 (0.6). Examples of how this can be calculated are provided for common examples in the table to the right. For many metals, the original data will give the grade as a percentage. In these cases, the conversion is achieved simply by multiplying by 10,000. | K20: TiO2 | L20: Atomic Weight | M20: 47.867 | N20: 15.999
A21: Miscmines group A | B21: 2015 | C21: 5000000 | D21: A.2.3 | E21: M.2.Pb | F21: 30000 | G21: 17500000 | I21: The grade given should be the volume weighted average (not arithmetic mean) over the year if aggregating up from short (less than yearly) time periods. Where data on the concentration of one or more of the contained metals is sporadic, care should be taken not to count missing grade data as a 0 for grade averaging purposes. | L21: Atoms | M21: 1 | N21: 2
A22: Miscmines group A | B22: 2015 | C22: 5000000 | D22: A.2.3 | E22: M.2.Ag | F22: 30 | G22: 17500000 | I22: Waste rock (tonnes) | L22: Total Wt. | M22: =M20*M21 -> 47.867 | N22: =N20*N21 -> 31.998
I23: If available, data on the quantity of waste rock and overburden excavated over the year to access the metal ores associated with each Ore_Stream_ID should be recorded here. This flow is not central to EW-MFA, and so is optional. This quantity is of importance in some other reporting schemes for material flows, and does have environmental implications in its own right. | L23: Weight fraction | M23: =M22/(M22+N22) -> 0.5993489 | N23: =N22/(M22+N22) -> 0.4006511
M24: U | N24: O
A25: Mined ore data | K25: U3O8 | L25: Atomic Weight | M25: 238.03 | N25: 15.999
A26: Ore_Stream_ID | B26: Year | C26: ROM Ore (tonnes) | D26: Ore type | E26: Metal | F26: ROM Grade (ppm) | G26: Waste rock (tonnes) | L26: Atoms | M26: 3 | N26: 8
L27: Total Wt. | M27: =M25*M26 -> 714.09 | N27: =N25*N26 -> 127.992
L28: Weight fraction | M28: =M27/(M27+N27) -> 0.8480053 | N28: =N27/(M27+N27) -> 0.1519947
M29: X | N29: Y
K30: X2Y5 | L30: Atomic Weight | M30: 1 | N30: 2
L31: Atoms | M31: 2 | N31: 5
L32: Total Wt. | M32: =M30*M31 -> 2 | N32: =N30*N31 -> 10
L33: Weight fraction | M33: =M32/(M32+N32) -> 0.16666667 | N33: =N32/(M32+N32) -> 0.83333333

Sheet Metal Ores Tool 2_DE
A1: Calculated totals for Metal Ores - Processed/Shipped Ores
A2: This is a support tool for National Statistical Offices (NSOs) to compile accounts on processed/shipped metal ores. The main description of the EW-MFA practice for recording metal ores production is provided in section 2.2 of the Global Manual on EW-MFA.
A4: Hints: | C4: It should be filled in manually. | H4: Reference tables.
A7: Processed/Shipped ore data: EXAMPLE | J7: PROCESSED/SHIPPED ORES | L7: Conversion factors for metal compound grades to a metal-only basis (examples)
A8: Ore_Stream_ID | B8: Year | C8: Input (tonnes) | D8: Ore type | E8: Metal | F8: Input Grade (ppm) | G8: Recovery factor | H8: Sold | J8: Ore_Stream_ID | N8: Element 1 | O8: Element 2
A9: Iron Mine A | B9: 2015 | C9: 25000000 | D9: A.2.1 | E9: M.2.Fe | F9: 580000 | G9: 1 | H9: 1 | J9: This is simply an identifier field used to identify individual ore streams, either fed into a specific beneficiation processs, or shipped directly (as ore) to a customer. In the simplest cases these will largely mirror the Ore_Stream_IDs used for mined ore, but could vary considerably where for example ore from different mined streams is blended prior to processing or shipment.The mine operator is best placed to determine sensible Ore_Stream_ID names. Minor variations between mined ore and processed/shipped ore will occur where the ore is actually measured, analysed and recorded at two locations between exit from the mine and entry into processing, e.g. at a mine ore pad, and then again upon delivery to the processing plant. These minor variations will mainly be due to measurement error. | N9: Al | O9: O
A10: Desert Mine A1 | B10: 2015 | C10: 10200000 | D10: A.2.1 | E10: M.2.Fe | F10: 575000 | G10: 0.7 | H10: 1 | J10: Year | L10: Al2O3 | M10: Atomic Weight | N10: 26.982 | O10: 15.999
A11: Weipa A | B11: 2015 | C11: 17800000 | D11: A.2.2 | E11: M.2.Al | F11: 200000 | G11: 1 | H11: 1 | J11: This is the year for which the recorded data applies. | M11: Atoms | N11: 2 | O11: 3
A12: AlMine | B12: 2015 | C12: 10600000 | D12: A.2.2 | E12: M.2.Al | F12: 170000 | G12: 0.6 | H12: 1 | J12: Input (tonnes) | M12: Total Wt. | N12: =N10*N11 -> 53.964 | O12: =O10*O11 -> 47.997
A13: Bonanza A | B13: 2015 | C13: 30000000 | D13: A.2.3 | E13: M.2.Cu | F13: 5200 | G13: 0.75 | H13: 1 | J13: The estimated total tonnage of ore corresponding to the Ore_Stream_ID for the relevant year. | M13: Weight fraction | N13: =N12/(N12+O12) -> 0.52926119 | O13: =O12/(N12+O12) -> 0.47073881
A14: Bonanza A | B14: 2015 | C14: 30000000 | D14: A.2.3 | E14: M.2.Au | F14: 1 | G14: 0.55 | H14: 1 | J14: Ore type | N14: Cr | O14: O
A15: Bonanza A | B15: 2015 | C15: 30000000 | D15: A.2.3 | E15: M.2.Ag | F15: 4 | G15: 0.3 | H15: 1 | J15: This is the ID code of the EW-MFA material category, i.e. one of A.2.1, A.2.2, or A.2.3, for Iron ores, Aluminium ores, or Other metal ores respectively. | L15: Cr2O3 | M15: Atomic Weight | N15: 51.996 | O15: 15.999
A16: Bonanza A | B16: 2015 | C16: 30000000 | D16: A.2.3 | E16: M.2.Mo | F16: 95 | G16: 0.5 | H16: 0 | J16: Metal | M16: Atoms | N16: 2 | O16: 3
A17: Bonanza B | B17: 2015 | C17: 12500000 | D17: A.2.3 | E17: M.2.Cu | F17: 12000 | G17: 0.6 | H17: 1 | J17: This is used to identify the component metal analysed for the current row. The naming convention is M.2.x where x is the symbol for the element in the periodic table e.g. M.2.Cu for copper, M.2.Sn for tin. | M17: Total Wt. | N17: =N15*N16 -> 103.992 | O17: =O15*O16 -> 47.997
A18: Bonanza B | B18: 2015 | C18: 12500000 | D18: A.2.3 | E18: M.2.Mo | F18: 300 | G18: 0.7 | H18: 1 | J18: Input Grade (ppm) | M18: Weight fraction | N18: =N17/(N17+O17) -> 0.68420741 | O18: =O17/(N17+O17) -> 0.31579259
A19: Eastern | B19: 2015 | C19: 7500000 | D19: A.2.3 | E19: M.2.Zn | F19: 64000 | G19: 0.85 | H19: 1 | J19: This is the estimated volume weighted average concentration for the current component in the current ore stream, averaged over the relevant year, as it enters beneficiation or as it is sold. There should be a value for each of the targeted metals, however if there is also data for incidental metals, especially if they are of potential future economic interest, or are particularly environmentally sensitive, this should also be recorded. The number of such individual metals for which there is data ultimately determines the number of individual lines entered under one Ore_Stream_ID. The concentration is determined on a weight basis, in parts per million (ppm), i.e. a grade of 15,000 for A.2.Cu would mean that there are 15,000 grams (15kg) of pure copper contained in each tonne of ore. Grades should always be given in terms of weight ppm of the metal, so if grade is recorded in terms of a compound e.g. TiO2, this should be adjusted by the weight fraction of Ti in TiO2 (0.6). Examples of how this can be calculated are provided for common examples in the table to the right. For many metals, the original data will give the grade as a percentage. In these cases, the conversion is achieved simply by multiplying by 10,000. | N19: Ti | O19: O
A20: Eastern | B20: 2015 | C20: 7500000 | D20: A.2.3 | E20: M.2.Pb | F20: 28000 | G20: 0.65 | H20: 1 | J20: Recovery factor | L20: TiO2 | M20: Atomic Weight | N20: 47.867 | O20: 15.999
A21: Eastern | B21: 2015 | C21: 7500000 | D21: A.2.3 | E21: M.2.Ag | F21: 38 | G21: 0.45 | H21: 0 | J21: This is the percentage of the total metal contained in the Run of Mine (ROM) ore entering the processing plant which is retained in the metal concentrate. Where the ore is merely shipped rather than processed, this factor should always be approximately 100 per cent, however virtually any beneficiation process will lead to some loss of contained metal, and in many cases that loss can be over 50 per cent. | M21: Atoms | N21: 1 | O21: 2
J22: Sold | M22: Total Wt. | N22: =N20*N21 -> 47.867 | O22: =O20*O21 -> 31.998
J23: This field just records whether the mining operator receives payment for this particular component of the ore or concentrate. It is common for mining operations to only be paid in full for some of the valuable metals contained in their ore or concentrates. Other metal components may be only partially paid for, not paid for at all, or even attract a penalty if they are seen as a contaminant, e.g. bismuth in a copper concentrate. Note that this field is not important for the basic EW-MFA accounts. It has been included due to its value for other potentially important policy questions. Example: A mine produces a concentrate which is analysed for copper, gold, and bismuth content, but only receives payment for the copper and gold, then there should be a 1 for both of these and a 0 for bismuth. If the bismuth actually incurs a penalty from the customer (i.e. reduces the price of the concentrate), then enter -1 for bismuth in this field. | M23: Weight fraction | N23: =N22/(N22+O22) -> 0.5993489 | O23: =O22/(N22+O22) -> 0.4006511
N24: U | O24: O
A25: Processed/Shipped ore data | L25: U3O8 | M25: Atomic Weight | N25: 238.03 | O25: 15.999
A26: Ore_Stream_ID | B26: Year | C26: Input (tonnes) | D26: Ore type | E26: Metal | F26: Input Grade (ppm) | G26: Recovery factor | H26: Sold | M26: Atoms | N26: 3 | O26: 8
M27: Total Wt. | N27: =N25*N26 -> 714.09 | O27: =O25*O26 -> 127.992
M28: Weight fraction | N28: =N27/(N27+O27) -> 0.8480053 | O28: =O27/(N27+O27) -> 0.1519947
N29: X | O29: Y
L30: X2Y5 | M30: Atomic Weight | N30: 1 | O30: 2
M31: Atoms | N31: 2 | O31: 5
M32: Total Wt. | N32: =N30*N31 -> 2 | O32: =O30*O31 -> 10
M33: Weight fraction | N33: =N32/(N32+O32) -> 0.16666667 | O33: =O32/(N32+O32) -> 0.83333333

Sheet Metal Ores Tool 3_DE
A1: Calculated totals for Metal Ores - SMS Back Calculation
A2: This tool is provided for situations where the National Statistical Office (NSO) cannot source adequate data on primary ore production, but does have estimates for total metals production from domestic mines. The secondary mixed sources (SMS) approach is described in sections 2.2.2.2 and 2.2.3.5 of the Global Manual on EW-MFA.
A3: The method employed simply involves back-calculating ore tonnages from metal production using an assumed ore grade and an assumed recovery factor from the full metal content of the ore to the produced metal. If the NSO is satisfied that they have accounted for much of the ore produced simply by compiling and categorizing direct quotations of ore tonnages from primary sources, they should think very carefully before trying to expand their account to give broader coverage via back-calculation from metal production. This is because major errors can easily accumulate using back-calculation, errors which may greatly outweigh the benefits of apparent broader coverage. This is especially the case for minor metals, which are often produced as by-products of mines which are targeting other metal(s). The most important sources of back-calculation error are listed in section 2.2.3.5 of the Global Manual on EW-MFA.
A5: Hints: | C5: It should be filled in manually. | G5: Reference tables.
C6: Final results; it will be filled in automatically. | G6: Reference tables.
A9: Back-calculation tool for metal ores from known domestic metal extraction
A10: Main product ore type | B10: Year | C10: Back calculated ore tonnage | D10: Ore type | E10: Metal | F10: Total metal production from domestic mines | G10: Back calculated contained metal tonnage | H10: Ore grade for main product mines (ppm) | I10: Assumed recovery factor %
C11: =IF(ISERROR(F11*(1000000/H11)*(1/I11)),0,F11*(1000000/H11)*(1/I11)) -> 0 | F11: 0 | G11: =F11*1/I11 -> 0 | H11: 0 | I11: 1 | K11: Note: Fill in the gray fields for each ore type being back-calculated. If a particular metal is produced from local mines, but it is never the main economic product of any mine, then the grade should be given as "NA".
C12: =IF(ISERROR(F12*(1000000/H12)*(1/I12)),0,F12*(1000000/H12)*(1/I12)) -> 0 | F12: 0 | G12: =F12*1/I12 -> 0 | H12: 0 | I12: 1
C13: =IF(ISERROR(F13*(1000000/H13)*(1/I13)),0,F13*(1000000/H13)*(1/I13)) -> 0 | F13: 0 | G13: =F13*1/I13 -> 0 | H13: 0 | I13: 1 | K13: Note: Recovery rates are often less than 80%, especially for secondary co-product metals in metallurgically complex ores. This will lead to under-estimation of ore extraction. If metals production is dominated by a few major mines, and information on recovery factors can be sourced for the main metal product for these mines, it may be worth adjusting (i.e. increasing) the backcalculated ore in the light of this information. The recovery factor of relevance here is the recovery of metal from ore processed (e.g. in concentrates from flotation, crude metals recovered via heap leaching etc.). For ores that are shipped directly, the relevant recovery factor can be assumed to be effectively 100%.
C14: =IF(ISERROR(F14*(1000000/H14)*(1/I14)),0,F14*(1000000/H14)*(1/I14)) -> 0 | F14: 0 | G14: =F14*1/I14 -> 0 | H14: 0 | I14: 1
C15: =IF(ISERROR(F15*(1000000/H15)*(1/I15)),0,F15*(1000000/H15)*(1/I15)) -> 0 | F15: 0 | G15: =F15*1/I15 -> 0 | H15: 0 | I15: 1
A18: Example
A19: Main product ore type | B19: Year | C19: Back calculated ore tonnage | D19: Ore type | E19: Metal | F19: Total metal production from domestic mines | G19: Back calculated contained metal tonnage | H19: Ore grade for main product mines (ppm) | I19: Assumed recovery factor %
A20: Iron Ores | B20: 2015 | C20: =IF(ISERROR(F20*(1000000/H20)*(1/I20)),0,F20*(1000000/H20)*(1/I20)) -> 25000000 | D20: A.2.1 | E20: M.2.Fe | F20: 14500000 | G20: =F20*1/I20 -> 14500000 | H20: 580000 | I20: 1
A21: Copper ores | B21: 2015 | C21: =IF(ISERROR(F21*(1000000/H21)*(1/I21)),0,F21*(1000000/H21)*(1/I21)) -> 7000000 | D21: A.2.3 | E21: M.2.Cu | F21: 63000 | G21: =F21*1/I21 -> 63000 | H21: 9000 | I21: 1
A22: Gold Ores | B22: 2015 | C22: =IF(ISERROR(F22*(1000000/H22)*(1/I22)),0,F22*(1000000/H22)*(1/I22)) -> 8100000 | D22: A.2.3 | E22: M.2.Au | F22: 32.4 | G22: =F22*1/I22 -> 32.4 | H22: 4 | I22: 1
A23: Nickel ores | B23: 2015 | C23: =IF(ISERROR(F23*(1000000/H23)*(1/I23)),0,F23*(1000000/H23)*(1/I23)) -> 10000000 | D23: A.2.3 | E23: M.2.Ni | F23: 50000 | G23: =F23*1/I23 -> 50000 | H23: 5000 | I23: 1
A24: Zinc Ores | B24: 2015 | C24: =IF(ISERROR(F24*(1000000/H24)*(1/I24)),0,F24*(1000000/H24)*(1/I24)) -> 3611111.1 | D24: A.2.3 | E24: M.2.Zn | F24: 325000 | G24: =F24*1/I24 -> 325000 | H24: 90000 | I24: 1
A25: Silver Ores | B25: 2015 | C25: =IF(ISERROR(F25*(1000000/H25)*(1/I25)),0,F25*(1000000/H25)*(1/I25)) -> 0 | D25: A.2.3 | E25: M.2.Ag | F25: 3000 | G25: =F25*1/I25 -> 3000 | H25: NA | I25: 1 | K25: Note: NA entered for grade of silver in both 2015 and 2016 indicates that no silver was produced from a mine where silver was the most economically important product (i.e. all silver produced was a by-product / subordinate co-product). This in turn means that no ore tonnage is attributed to silver.
A26: Iron Ores | B26: 2016 | C26: =IF(ISERROR(F26*(1000000/H26)*(1/I26)),0,F26*(1000000/H26)*(1/I26)) -> 23636364 | D26: A.2.1 | E26: M.2.Fe | F26: 13000000 | G26: =F26*1/I26 -> 13000000 | H26: 550000 | I26: 1
A27: Copper ores | B27: 2016 | C27: =IF(ISERROR(F27*(1000000/H27)*(1/I27)),0,F27*(1000000/H27)*(1/I27)) -> 5700000 | D27: A.2.3 | E27: M.2.Cu | F27: 57000 | G27: =F27*1/I27 -> 57000 | H27: 10000 | I27: 1
A28: Gold Ores | B28: 2016 | C28: =IF(ISERROR(F28*(1000000/H28)*(1/I28)),0,F28*(1000000/H28)*(1/I28)) -> 0 | D28: A.2.3 | E28: M.2.Au | F28: 21 | G28: =F28*1/I28 -> 21 | H28: NA | I28: 1 | K28: Note: NA entered for grade of gold in 2016 indicates that no gold was produced as main product for that year (possibly all gold was a minor by-product of copper production). In this case the relevant ore tonnage has already been attributed to copper.
A29: Nickel ores | B29: 2016 | C29: =IF(ISERROR(F29*(1000000/H29)*(1/I29)),0,F29*(1000000/H29)*(1/I29)) -> 7272727.3 | D29: A.2.3 | E29: M.2.Ni | F29: 40000 | G29: =F29*1/I29 -> 40000 | H29: 5500 | I29: 1
A30: Zinc Ores | B30: 2016 | C30: =IF(ISERROR(F30*(1000000/H30)*(1/I30)),0,F30*(1000000/H30)*(1/I30)) -> 3529411.8 | D30: A.2.3 | E30: M.2.Zn | F30: 300000 | G30: =F30*1/I30 -> 300000 | H30: 85000 | I30: 1
A31: Silver Ores | B31: 2016 | C31: =IF(ISERROR(F31*(1000000/H31)*(1/I31)),0,F31*(1000000/H31)*(1/I31)) -> 0 | D31: A.2.3 | E31: M.2.Ag | F31: 2000 | G31: =F31*1/I31 -> 2000 | H31: NA | I31: 1

Sheet ConvFact Non-Met Minerals
A1: Conversion Factors Non-Metallic Minerals
A2: This tool allows users to convert data on different non-metallic minerals reported in volume units of cubic metres (m3) to tonnes (t), as required for the reporting of the EW-MFA material category 3 Non-Metallic Minerals. The default conversion factors are adapted from Table 2.13 of the Global Manual on EW-MFA.
A3: The default conversion factors show specific densities for some common non-metallic minerals, but ideally these values should be specific to the minerals extracted in the area of analysis.
A4: To calculate the tonnage of different non-metallic minerals using the conversion factors, a user should just enter the real value in cubic metres under the "Input (m3 of material)" column. The appropriate conversions will be shown under the "Output (t of material)" column. The user should not have any reason to alter any columns in the existing table apart from the input column (one exception is marked with an asterix).
A6: Hints: | C6: Final results; it will be filled in automatically. | G6: Default conversion factors.
C7: It should be filled in manually.
A10: Material | B10: Density [t/m3] | C10: Input (m3) | D10: Output (t)
A11: Ornamental and Building Stone
A12: Marble, solid | B12: 2.563 | D12: =B12*C12 -> 0
A13: Granite, solid | B13: 2.691 | D13: =B13*C13 -> 0
A14: Sandstone, solid | B14: 2.323 | D14: =B14*C14 -> 0
A15: Porphyry, solid | B15: 2.547 | D15: =B15*C15 -> 0
A16: Basalt, solid | B16: 3.011 | D16: =B16*C16 -> 0
A17: Stone (default value if no other specifications are available) | B17: 2.5 | D17: =B17*C17 -> 0
A18: Chalk and Dolomite
A19: Chalk, lumpy | B19: 1.442 | D19: =B19*C19 -> 0
A20: Dolomite, lumpy | B20: 1.522 | D20: =B20*C20 -> 0
A21: Chalk and dolomite (default value if no other specifications are available) | B21: 1.5 | D21: =B21*C21 -> 0
A22: Slate
A23: Slate, solid | B23: 2.691 | D23: =B23*C23 -> 0
A24: Slate, broken* | D24: =B24*C24 -> 0 | E24: * The conversion factor for 'Slate, broken' is provided as a range of 1.29 – 1.45, so the factor most suitable must be chosen and manually entered into the pink field to enable the output calculation.
A25: Slate, pulverized | B25: 1.362 | D25: =B25*C25 -> 0
A26: Slate (default value if no other specifications are available) | B26: 1.4 | D26: =B26*C26 -> 0
A27: Limestone and Gypsum
A28: Gypsum, crushed | B28: 1.602 | D28: =B28*C28 -> 0
A29: Limestone, broken | B29: 1.554 | D29: =B29*C29 -> 0
A30: Limestone (default value if no other specifications are available) | B30: 1.5 | D30: =B30*C30 -> 0
A31: Clay
A32: Clay, dry excavated | B32: 1.089 | D32: =B32*C32 -> 0
A33: Clay, wet excavated | B33: 1.826 | D33: =B33*C33 -> 0
A34: Clay, dry lump | B34: 1.073 | D34: =B34*C34 -> 0
A35: Clay, fire | B35: 1.362 | D35: =B35*C35 -> 0
A36: Clay, wet lump | B36: 1.602 | D36: =B36*C36 -> 0
A37: Clay, compacted | B37: 1.746 | D37: =B37*C37 -> 0
A38: Clay (default value if no other specifications are available) | B38: 1.5 | D38: =B38*C38 -> 0
A39: Sand and Gravel
A40: Gravel, loose, dry | B40: 1.522 | D40: =B40*C40 -> 0
A41: Gravel, with sand, natural | B41: 1.922 | D41: =B41*C41 -> 0
A42: Gravel, dry 1.3 to 5.1 cm | B42: 1.682 | D42: =B42*C42 -> 0
A43: Gravel, wet 1.3 to 5.1 cm | B43: 2.002 | D43: =B43*C43 -> 0
A44: Sand, wet | B44: 1.922 | D44: =B44*C44 -> 0
A45: Sand, wet, packed | B45: 2.082 | D45: =B45*C45 -> 0
A46: Sand, dry | B46: 1.602 | D46: =B46*C46 -> 0
A47: Sand, loose | B47: 1.442 | D47: =B47*C47 -> 0
A48: Sand, rammed | B48: 1.682 | D48: =B48*C48 -> 0
A49: Sand, water filled | B49: 1.922 | D49: =B49*C49 -> 0
A50: Sand with gravel, dry | B50: 1.65 | D50: =B50*C50 -> 0
A51: Sand with gravel, wet | B51: 2.02 | D51: =B51*C51 -> 0
A52: Sand and gravel (default value if no other specifications are available) | B52: 1.9 | D52: =B52*C52 -> 0
A53: Source: Eurostat (2013)

Sheet Chalk, Dol and Limest Tool_DE
A1: Calculated totals for Chalk, Dolomite and Limestone_Domestic Extraction
A2: This tool allows users to do estimations for material category A.3.2 Carbonate minerals important in cement.
A3: To aid in estimating material category A.3.2, default values have been included (in pink). The data compiler can use the default values, however, it is important that they make use of their knowledge of local conditions. If alternative factors are available, they can be inserted into the respective gray sections.
A4: It should not be necessary for the user to alter any part of the sheet anywhere other than in the gray sections. The final numbers will be calculated and reported in the Summary section at the top (in blue), when the relevant gray fields have been filled out appropriately.
A6: Hints: | C6: Final results; it will be filled in automatically. | G6: Intermediate results; it will be filled in automatically.
C7: It should be filled in manually. | G7: Default values.
A9: SUMMARY
A10: Description | B10: Unit | C10: Material category | D10: 2010 | E10: 2011 | F10: 2012 | G10: 2013 | H10: 2014 | I10: 2015 | J10: 2016 | K10: 2017 | L10: 2018 | M10: 2019 | N10: 2020 | O10: 2021 | P10: 2022 | Q10: 2023 | R10: 2024 | S10: 2025 | T10: 2026 | U10: 2027 | V10: 2028 | W10: 2029 | X10: 2030
A11: Carbonate minerals important in cement | B11: tonnes | C11: A.3.2 | D11: =D45 -> 0 | E11: =E45 -> 0 | F11: =F45 -> 0 | G11: =G45 -> 0 | H11: =H45 -> 0 | I11: =I45 -> 0 | J11: =J45 -> 0 | K11: =K45 -> 0 | ... X11: =X45 -> 0
A13: In this tool, we assume that the carbonate minerals required for the production of cement were extracted domestically (reasonable due to relatively low value per tonne). This lets us estimate one major component of carbonate extraction, simply by applying a cement production "recipe". The default factor used here assumes a high purity (CaCO3 near 100%) limestone, and an average cement composition of 65% CaO ("quicklime"). Producing the 0.65 tonnes of CaO required for one tonne of cement from this limestone would require approximately 1.2 tonnes, this is the factor we apply by default to domestic cement production.
A14: A second major component of carbonate demand, production of lime for industrial purposes, is also estimated in a similar fashion. Lime is largely produced in the same rotary kilns as cement, by the same producers. Two main types of lime are likely to be reported here, "quicklime" - CaO, and/or "hydrated / slaked lime" - Ca(OH)2. The same high purity limestone is assumed, so one tonne of quicklime would require 1.8 tonnes of limestone, and one tonne of hydrated lime 1.35 tonnes of limestone.
A15: Note that agricultural lime and /or dolomite is mainly just crushed limestone / dolomite, and so should not be entered as quick or hydrated lime, but instead be directly added to the specific limestone and /or dolomite fields.
A17: Estimated A.3.2, undifferentiated (tonnes)
C18: Example Data | D18: 2010 | E18: 2011 | F18: 2012 | G18: 2013 | H18: 2014 | I18: 2015 | J18: 2016 | K18: 2017 | L18: 2018 | M18: 2019 | N18: 2020 | O18: 2021 | P18: 2022 | Q18: 2023 | R18: 2024 | S18: 2025 | T18: 2026 | U18: 2027 | V18: 2028 | W18: 2029 | X18: 2030
A19: Cement production | C19: 1000000
A20: Default cement to limestone factor | C20: 1.2 | D20: 1.2 | E20: 1.2 | F20: 1.2 | G20: 1.2 | H20: 1.2 | I20: 1.2 | J20: 1.2 | K20: 1.2 | L20: 1.2 | M20: 1.2 | N20: 1.2 | O20: 1.2 | P20: 1.2 | Q20: 1.2 | R20: 1.2 | S20: 1.2 | T20: 1.2 | U20: 1.2 | V20: 1.2 | W20: 1.2 | X20: 1.2
A21: Alternative local cement to limestone factor
A23: Quicklime production | C23: 500000
A24: Default quicklime to limestone production | C24: 1.8 | D24: 1.8 | E24: 1.8 | F24: 1.8 | G24: 1.8 | H24: 1.8 | I24: 1.8 | J24: 1.8 | K24: 1.8 | L24: 1.8 | M24: 1.8 | N24: 1.8 | O24: 1.8 | P24: 1.8 | Q24: 1.8 | R24: 1.8 | S24: 1.8 | T24: 1.8 | U24: 1.8 | V24: 1.8 | W24: 1.8 | X24: 1.8
A25: Alternative local quicklime to limestone factor
A27: Hydrated lime production | C27: 200000
A28: Default hydrated lime to limestone factor | C28: =IF(C25="",1.35,C25/C24*1.35) -> 1.35 | D28: =IF(D25="",1.35,D25/D24*1.35) -> 1.35 | E28: =IF(E25="",1.35,E25/E24*1.35) -> 1.35 | F28: =IF(F25="",1.35,F25/F24*1.35) -> 1.35 | G28: =IF(G25="",1.35,G25/G24*1.35) -> 1.35 | H28: =IF(H25="",1.35,H25/H24*1.35) -> 1.35 | I28: =IF(I25="",1.35,I25/I24*1.35) -> 1.35 | J28: =IF(J25="",1.35,J25/J24*1.35) -> 1.35 | ... X28: =IF(X25="",1.35,X25/X24*1.35) -> 1.35
A30: A.3.2 (Undifferentiated, for cement production) | C30: =IF(C21="",C19*C20,C19*C21) -> 1200000 | D30: =IF(D21="",D19*D20,D19*D21) -> 0 | E30: =IF(E21="",E19*E20,E19*E21) -> 0 | F30: =IF(F21="",F19*F20,F19*F21) -> 0 | G30: =IF(G21="",G19*G20,G19*G21) -> 0 | H30: =IF(H21="",H19*H20,H19*H21) -> 0 | I30: =IF(I21="",I19*I20,I19*I21) -> 0 | J30: =IF(J21="",J19*J20,J19*J21) -> 0 | ... X30: =IF(X21="",X19*X20,X19*X21) -> 0
A31: A.3.2 (Undifferentiated, for quicklime production) | C31: =IF(C25="",C23*C24,C23*C25) -> 900000 | D31: =IF(D25="",D23*D24,D23*D25) -> 0 | E31: =IF(E25="",E23*E24,E23*E25) -> 0 | F31: =IF(F25="",F23*F24,F23*F25) -> 0 | G31: =IF(G25="",G23*G24,G23*G25) -> 0 | H31: =IF(H25="",H23*H24,H23*H25) -> 0 | I31: =IF(I25="",I23*I24,I23*I25) -> 0 | J31: =IF(J25="",J23*J24,J23*J25) -> 0 | ... X31: =IF(X25="",X23*X24,X23*X25) -> 0
A32: A.3.2 (Undifferentiated, for slaked lime production) | C32: =C27*C28 -> 270000 | D32: =D27*D28 -> 0 | E32: =E27*E28 -> 0 | F32: =F27*F28 -> 0 | G32: =G27*G28 -> 0 | H32: =H27*H28 -> 0 | I32: =I27*I28 -> 0 | J32: =J27*J28 -> 0 | ... X32: =X27*X28 -> 0
A34: The following three rows for chalk, dolomite and limestone should only be filled in where you believe that they have not been elsewhere accounted for. In particular beware duplicating carbonates calculated from cement and lime production above. If you have direct data on some portion of these detailed lithologies going to cement and lime making, exclude that tonnage using the "Calculated A.3.2 for cement and lime production to exclude" field.
A36: Calculated Totals for A.3.2 (tonnes)
C37: Example Data | D37: 2010 | E37: 2011 | F37: 2012 | G37: 2013 | H37: 2014 | I37: 2015 | J37: 2016 | K37: 2017 | L37: 2018 | M37: 2019 | N37: 2020 | O37: 2021 | P37: 2022 | Q37: 2023 | R37: 2024 | S37: 2025 | T37: 2026 | U37: 2027 | V37: 2028 | W37: 2029 | X37: 2030
A38: A.3.2.1 Chalk | C38: 50000
A39: A.3.2.2 Dolomite | C39: 150000
A40: A.3.2.3 Limestone | C40: 500000
A42: Calculated A.3.2 for cement and lime production | C42: =SUM(C30:C32) -> 2370000 | D42: =SUM(D30:D32) -> 0 | E42: =SUM(E30:E32) -> 0 | F42: =SUM(F30:F32) -> 0 | G42: =SUM(G30:G32) -> 0 | H42: =SUM(H30:H32) -> 0 | I42: =SUM(I30:I32) -> 0 | J42: =SUM(J30:J32) -> 0 | ... X42: =SUM(X30:X32) -> 0
A43: Calculated A.3.2 for cement and lime production to exclude
A45: Total A.3.2 | C45: =C42+C38+C39+C40-IF(C43<=C42,C43,C42) -> 3070000 | D45: =D42+D38+D39+D40-IF(D43<=D42,D43,D42) -> 0 | E45: =E42+E38+E39+E40-IF(E43<=E42,E43,E42) -> 0 | F45: =F42+F38+F39+F40-IF(F43<=F42,F43,F42) -> 0 | G45: =G42+G38+G39+G40-IF(G43<=G42,G43,G42) -> 0 | H45: =H42+H38+H39+H40-IF(H43<=H42,H43,H42) -> 0 | I45: =I42+I38+I39+I40-IF(I43<=I42,I43,I42) -> 0 | J45: =J42+J38+J39+J40-IF(J43<=J42,J43,J42) -> 0 | ... X45: =X42+X38+X39+X40-IF(X43<=X42,X43,X42) -> 0

Sheet ConvFact Clays_DE
A1: Conversion Factors Clays - Domestic Extraction
A2: This tool allows users to convert data on production of clay products to amounts of crude clay, as required for the reporting of the EW-MFA material category A.3.7.1 Structural clays. The default conversion factors are adapted from Table 2.14 of the Global Manual on EW-MFA.
A3: Common clays and loams for construction purposes, in particular for bricks and tiles, are distinguished from special or industrial clays and should be accounted for in A.3.7.1, but are often under-represented or excluded from statistics. It is strongly advised to look for specific national sources (e.g. industrial associations) to convert data on production of clay products into amounts of crude clay. If national sources are not available, conversion factors as shown below could be used.
A4: The reference table shows the estimated average conversion factors to tonnes of crude clay for clay products as typically listed in statistical reports. The conversion factors were obtained from the existing EW-MFA guidelines used in Europe (Eurostat, 2013). According to these guidelines, 1.349 tonnes of clay are required to produce 1 tonne of clay product.
A5: The estimation results should be compared against the figures for common clays and loams extraction reported in statistics (excluding industrial or special clays). The higher number should be selected as data for the domestic extraction of common clay and loam (with an eventual tolerance of about 10 per cent for using the original statistics figure).
A6: To calculate the tonnage of raw clay using the conversion factors for different products, a user should just enter the real value in the respective unit under the "Input (product)" column. The appropriate conversions will be shown under the "Output (t of raw clay)" column. The user should not have any reason to alter any columns in the existing table apart from the input column.
A8: Hints: | C8: Final results; it will be filled in automatically. | G8: Default conversion factors.
C9: It should be filled in manually.
A12: Product | B12: Typical reporting unit | C12: ConvFactor | D12: Input (product in typical reporting unit) | E12: Output (t of raw clay)
A13: Non-refractory clay building bricks (excluding siliceous fossil meals or earths) | B13: m3 | C13: 1.822973 | E13: =C13*D13 -> 0
A14: Non-refractory clay flooring blocks, support of filler tiles and the like (excluding siliceous fossil meals or earths) | B14: kg | C14: 0.001349 | E14: =C14*D14 -> 0
A15: Non-refractory clay roofing tiles | B15: p/st (number of items) | C15: 0.0031974402 | E15: =C15*D15 -> 0
A16: Non-refractory clay constructional products (including chimneypots, cowls, chimney liners and flue-blocks, architectural ornaments, ventilator grills, clay-lath; excluding pipes, guttering and the like) | B16: kg | C16: 0.001349 | E16: =C16*D16 -> 0
A17: Ceramic pipes, conduits, guttering and pipe fittings: drain pipes and guttering with fittings | B17: kg | C17: 0.001349 | E17: =C17*D17 -> 0
A18: Source: Eurostat (2013)

Sheet Sand and Gravel Tool_DE
A1: Calculated totals for Sand and Gravel for Construction_Domestic Extraction
A2: This tool allows users to do estimations for material category A.3.8.2 Sand and gravel for construction. It is adapted from section 2.3.3.6 of the Global Manual on EW-MFA and follows estimation steps 1-4 described in the section.
A3: To aid in estimating material category A.3.8.2, default values have been included (in pink or inserted directly into the equations). The data compiler can use the default values, however, it is important that they make use of their knowledge of local conditions. If alternative factors are available, they can be inserted into the respective gray sections.
A4: It should not be necessary for the user to alter any part of the sheet anywhere other than in the gray sections. The final numbers will be calculated and reported in the Summary section at the top (in blue), when the relevant gray fields have been filled out appropriately.
A6: Hints: | C6: Final results; it will be filled in automatically. | G6: Intermediate results; it will be filled in automatically.
C7: It should be filled in manually. | G7: Default values.
A9: SUMMARY
A10: Description | B10: Unit | C10: Material category | D10: 2010 | E10: 2011 | F10: 2012 | G10: 2013 | H10: 2014 | I10: 2015 | J10: 2016 | K10: 2017 | L10: 2018 | M10: 2019 | N10: 2020 | O10: 2021 | P10: 2022 | Q10: 2023 | R10: 2024 | S10: 2025 | T10: 2026 | U10: 2027 | V10: 2028 | W10: 2029 | X10: 2030
A11: Sand and gravel for construction | B11: tonnes | C11: A.3.8.2 | D11: =D24+D67+D93+D103 -> 0 | E11: =E24+E67+E93+E103 -> 0 | F11: =F24+F67+F93+F103 -> 0 | G11: =G24+G67+G93+G103 -> 0 | H11: =H24+H67+H93+H103 -> 0 | I11: =I24+I67+I93+I103 -> 0 | J11: =J24+J67+J93+J103 -> 0 | K11: =K24+K67+K93+K103 -> 0 | ... X11: =X24+X67+X93+X103 -> 0
A14: STEP 1: ESTIMATION OF SAND AND GRAVEL REQUIRED FOR THE PRODUCTION OF CONCRETE (tonnes)
C15: Example Data | D15: 2010 | E15: 2011 | F15: 2012 | G15: 2013 | H15: 2014 | I15: 2015 | J15: 2016 | K15: 2017 | L15: 2018 | M15: 2019 | N15: 2020 | O15: 2021 | P15: 2022 | Q15: 2023 | R15: 2024 | S15: 2025 | T15: 2026 | U15: 2027 | V15: 2028 | W15: 2029 | X15: 2030
A16: Cement Production | C16: 1000000
A17: Cement Imports | C17: 250000
A18: Cement Exports | C18: 350000
A19: Stockpile Changes | C19: -50000
A20: Domestic Cement Consumption | C20: =C16+C17-C18-C19 -> 950000 | D20: =D16+D17-D18-D19 -> 0 | E20: =E16+E17-E18-E19 -> 0 | F20: =F16+F17-F18-F19 -> 0 | G20: =G16+G17-G18-G19 -> 0 | H20: =H16+H17-H18-H19 -> 0 | I20: =I16+I17-I18-I19 -> 0 | J20: =J16+J17-J18-J19 -> 0 | ... X20: =X16+X17-X18-X19 -> 0
A21: Default Concrete Factor | B21: 5.26
A22: Alternative Local Factor
A23: Factor Used | B23: =IF(ISBLANK(B22),B21,B22) -> 5.26
A24: Subtotal A.3.8.2 Required for the Production of Concrete | C24: =$B$23*C20 -> 4997000 | D24: =$B$23*D20 -> 0 | E24: =$B$23*E20 -> 0 | F24: =$B$23*F20 -> 0 | G24: =$B$23*G20 -> 0 | H24: =$B$23*H20 -> 0 | I24: =$B$23*I20 -> 0 | J24: =$B$23*J20 -> 0 | ... X24: =$B$23*X20 -> 0
A27: STEP 2: ESTIMATION OF SAND AND GRAVEL REQUIRED FOR THE PRODUCTION AND MAINTENANCE OF ROADS (tonnes)
A28: This method of calculation is based on Table 2.17 of the Global Manual on EW-MFA. The table is predicated on classifying roads into the seven categories shown in cross-section in the figure to the right, then applying two different factors (one for new road construction, one for maintence of road network) to linear km of each, further multiplied by the width in metres.
A29: As different roads in the same cross-section class can have different widths, an important pre-processing step to use this tool will be to first calculate the kilometre.metre (equivalent to 1000 m2) in each cross-section class, for both new construction and total road network.
A30: For example, if 100km of 10m wide road and a further 20km of 20m wide road was newly constructed in the "intermediate type pavement" class, we would calculate the total kilometre.metres of new road in this class as (100 x 10) + (20 x 20) = 1,400km.m. Similarly, if there are 8,000km of 4m wide and 2,000km of 8m wide road in the "Low pavement type" class in the entire road network, then then we would calculate the road requiring maintence in this class as (8,000 x 4) + (2,000 x 8) = 48,000km.m
A31: Estimated kilometre.metres of road by class (km.m)
A32: New Road Construction | C32: Example Data | D32: 2010 | E32: 2011 | F32: 2012 | G32: 2013 | H32: 2014 | I32: 2015 | J32: 2016 | K32: 2017 | L32: 2018 | M32: 2019 | N32: 2020 | O32: 2021 | P32: 2022 | Q32: 2023 | R32: 2024 | S32: 2025 | T32: 2026 | U32: 2027 | V32: 2028 | W32: 2029 | X32: 2030
A33: Non-surfaced | C33: 1000
A34: Surfaced non-paved
A35: Low type pavement | C35: 1000
A36: Intermediate type pavement | C36: 1400
A37: High flexible type pavement
A38: High composite type pavement
A39: High rigid type pavement | C39: 1000
A41: Total Road Network (for maintenance)
A42: Non-surfaced | C42: 10000
A43: Surfaced non-paved | C43: 10000
A44: Low type pavement | C44: 48000
A45: Intermediate type pavement | C45: 10000
A46: High flexible type pavement | C46: 10000 | Z46: Source: Miatto, A. (2017). Societal metabolism of non-metallic minerals. Graduate School of Environmental Studies. Nagoya, Nagoya University. PhD: 112.
A47: High composite type pavement | C47: 10000
A48: High rigid type pavement | C48: 10000
A49: Estimated Sand and Gravel Required for the Production and Maintenance of Roads (tonnes)
A50: New Road Construction by class | B50: Tonnes per km.m | C50: Example Estimates | D50: 2010 | E50: 2011 | F50: 2012 | G50: 2013 | H50: 2014 | I50: 2015 | J50: 2016 | K50: 2017 | L50: 2018 | M50: 2019 | N50: 2020 | O50: 2021 | P50: 2022 | Q50: 2023 | R50: 2024 | S50: 2025 | T50: 2026 | U50: 2027 | V50: 2028 | W50: 2029 | X50: 2030
A51: Non-surfaced | B51: 0 | C51: =C33*$B51 -> 0 | D51: =D33*$B51 -> 0 | E51: =E33*$B51 -> 0 | F51: =F33*$B51 -> 0 | G51: =G33*$B51 -> 0 | H51: =H33*$B51 -> 0 | I51: =I33*$B51 -> 0 | J51: =J33*$B51 -> 0 | ... X51: =X33*$B51 -> 0
A52: Surfaced non-paved | B52: 84 | C52: =C34*$B52 -> 0 | D52: =D34*$B52 -> 0 | E52: =E34*$B52 -> 0 | F52: =F34*$B52 -> 0 | G52: =G34*$B52 -> 0 | H52: =H34*$B52 -> 0 | I52: =I34*$B52 -> 0 | J52: =J34*$B52 -> 0 | ... X52: =X34*$B52 -> 0
A53: Low type pavement | B53: 118 | C53: =C35*$B53 -> 118000 | D53: =D35*$B53 -> 0 | E53: =E35*$B53 -> 0 | F53: =F35*$B53 -> 0 | G53: =G35*$B53 -> 0 | H53: =H35*$B53 -> 0 | I53: =I35*$B53 -> 0 | J53: =J35*$B53 -> 0 | ... X53: =X35*$B53 -> 0
A54: Intermediate type pavement | B54: 287 | C54: =C36*$B54 -> 401800 | D54: =D36*$B54 -> 0 | E54: =E36*$B54 -> 0 | F54: =F36*$B54 -> 0 | G54: =G36*$B54 -> 0 | H54: =H36*$B54 -> 0 | I54: =I36*$B54 -> 0 | J54: =J36*$B54 -> 0 | ... X54: =X36*$B54 -> 0
A55: High flexible type pavement | B55: 439 | C55: =C37*$B55 -> 0 | D55: =D37*$B55 -> 0 | E55: =E37*$B55 -> 0 | F55: =F37*$B55 -> 0 | G55: =G37*$B55 -> 0 | H55: =H37*$B55 -> 0 | I55: =I37*$B55 -> 0 | J55: =J37*$B55 -> 0 | ... X55: =X37*$B55 -> 0
A56: High composite type pavement | B56: 416 | C56: =C38*$B56 -> 0 | D56: =D38*$B56 -> 0 | E56: =E38*$B56 -> 0 | F56: =F38*$B56 -> 0 | G56: =G38*$B56 -> 0 | H56: =H38*$B56 -> 0 | I56: =I38*$B56 -> 0 | J56: =J38*$B56 -> 0 | ... X56: =X38*$B56 -> 0
A57: High rigid type pavement | B57: 402 | C57: =C39*$B57 -> 402000 | D57: =D39*$B57 -> 0 | E57: =E39*$B57 -> 0 | F57: =F39*$B57 -> 0 | G57: =G39*$B57 -> 0 | H57: =H39*$B57 -> 0 | I57: =I39*$B57 -> 0 | J57: =J39*$B57 -> 0 | ... X57: =X39*$B57 -> 0
A59: Road Network for maintenance by class
A60: Non-surfaced | B60: 0 | C60: =C42*$B60 -> 0 | D60: =D42*$B60 -> 0 | E60: =E42*$B60 -> 0 | F60: =F42*$B60 -> 0 | G60: =G42*$B60 -> 0 | H60: =H42*$B60 -> 0 | I60: =I42*$B60 -> 0 | J60: =J42*$B60 -> 0 | ... X60: =X42*$B60 -> 0
A61: Surfaced non-paved | B61: 34 | C61: =C43*$B61 -> 340000 | D61: =D43*$B61 -> 0 | E61: =E43*$B61 -> 0 | F61: =F43*$B61 -> 0 | G61: =G43*$B61 -> 0 | H61: =H43*$B61 -> 0 | I61: =I43*$B61 -> 0 | J61: =J43*$B61 -> 0 | ... X61: =X43*$B61 -> 0
A62: Low type pavement | B62: 34 | C62: =C44*$B62 -> 1632000 | D62: =D44*$B62 -> 0 | E62: =E44*$B62 -> 0 | F62: =F44*$B62 -> 0 | G62: =G44*$B62 -> 0 | H62: =H44*$B62 -> 0 | I62: =I44*$B62 -> 0 | J62: =J44*$B62 -> 0 | ... X62: =X44*$B62 -> 0
A63: Intermediate type pavement | B63: 60 | C63: =C45*$B63 -> 600000 | D63: =D45*$B63 -> 0 | E63: =E45*$B63 -> 0 | F63: =F45*$B63 -> 0 | G63: =G45*$B63 -> 0 | H63: =H45*$B63 -> 0 | I63: =I45*$B63 -> 0 | J63: =J45*$B63 -> 0 | ... X63: =X45*$B63 -> 0
A64: High flexible type pavement | B64: 86 | C64: =C46*$B64 -> 860000 | D64: =D46*$B64 -> 0 | E64: =E46*$B64 -> 0 | F64: =F46*$B64 -> 0 | G64: =G46*$B64 -> 0 | H64: =H46*$B64 -> 0 | I64: =I46*$B64 -> 0 | J64: =J46*$B64 -> 0 | ... X64: =X46*$B64 -> 0
A65: High composite type pavement | B65: 51 | C65: =C47*$B65 -> 510000 | D65: =D47*$B65 -> 0 | E65: =E47*$B65 -> 0 | F65: =F47*$B65 -> 0 | G65: =G47*$B65 -> 0 | H65: =H47*$B65 -> 0 | I65: =I47*$B65 -> 0 | J65: =J47*$B65 -> 0 | ... X65: =X47*$B65 -> 0
A66: High rigid type pavement | B66: 318 | C66: =C48*$B66 -> 3180000 | D66: =D48*$B66 -> 0 | E66: =E48*$B66 -> 0 | F66: =F48*$B66 -> 0 | G66: =G48*$B66 -> 0 | H66: =H48*$B66 -> 0 | I66: =I48*$B66 -> 0 | J66: =J48*$B66 -> 0 | ... X66: =X48*$B66 -> 0
A67: Subtotal A.3.8.2 Required for the Production and Maintenance of Roads | C67: =SUM(C51:C57,C60:C66) -> 8043800 | D67: =SUM(D51:D57,D60:D66) -> 0 | E67: =SUM(E51:E57,E60:E66) -> 0 | F67: =SUM(F51:F57,F60:F66) -> 0 | G67: =SUM(G51:G57,G60:G66) -> 0 | H67: =SUM(H51:H57,H60:H66) -> 0 | I67: =SUM(I51:I57,I60:I66) -> 0 | J67: =SUM(J51:J57,J60:J66) -> 0 | ... X67: =SUM(X51:X57,X60:X66) -> 0
A70: STEP 3: ESTIMATION OF SAND AND GRAVEL REQUIRED FOR THE CONSTRUCTION OF RAILWAYS (tonnes)
A71: The calculation here reflects the very rough methodology outlined on Page 68 of the Global Manual on EW-MFA. As noted there, if local direct data and /or expert knowledge is available to provide better estimates, use those.
A72: Width of all Railway Gauge Classes Built in a Country
B73: Gauge (m) - Example data, real data needs to be filled in | C73: Sand and Gravel Required for the Construction of Railways (t/km) | D73: Alternative factors (t/km)
A74: Gauge class 1 | B74: 0.66 | C74: =IF(2119.3*1*B74-581.2>0,2119.3*1*B74-581.2,0) -> 817.538
A75: Gauge class 2 | B75: 1.435 | C75: =IF(2119.3*1*B75-581.2>0,2119.3*1*B75-581.2,0) -> 2459.9955
A76: Gauge class 3 | B76: 1.88 | C76: =IF(2119.3*1*B76-581.2>0,2119.3*1*B76-581.2,0) -> 3403.084 | D76: 4000
A77: Gauge class 4 | C77: =IF(2119.3*1*B77-581.2>0,2119.3*1*B77-581.2,0) -> 0
A78: Gauge class 5 | C78: =IF(2119.3*1*B78-581.2>0,2119.3*1*B78-581.2,0) -> 0
A79: New Railway Constructed by Gauge Class
B80: Sand and Gravel Required for the Construction of Railways (t/km) | C80: Example Data (km) | D80: 2010 | E80: 2011 | F80: 2012 | G80: 2013 | H80: 2014 | I80: 2015 | J80: 2016 | K80: 2017 | L80: 2018 | M80: 2019 | N80: 2020 | O80: 2021 | P80: 2022 | Q80: 2023 | R80: 2024 | S80: 2025 | T80: 2026 | U80: 2027 | V80: 2028 | W80: 2029 | X80: 2030
A81: Gauge class 1 | B81: =IF(D74>0,D74,C74) -> 817.538 | C81: 30
A82: Gauge class 2 | B82: =IF(D75>0,D75,C75) -> 2459.9955 | C82: 20
A83: Gauge class 3 | B83: =IF(D76>0,D76,C76) -> 4000 | C83: 10
A84: Gauge class 4 | B84: =IF(D77>0,D77,C77) -> 0
A85: Gauge class 5 | B85: =IF(D78>0,D78,C78) -> 0
A86: Sand and Gravel Required for New Railway Construction, by Gauge Class (tonnes)
C87: Example Estimates | D87: 2010 | E87: 2011 | F87: 2012 | G87: 2013 | H87: 2014 | I87: 2015 | J87: 2016 | K87: 2017 | L87: 2018 | M87: 2019 | N87: 2020 | O87: 2021 | P87: 2022 | Q87: 2023 | R87: 2024 | S87: 2025 | T87: 2026 | U87: 2027 | V87: 2028 | W87: 2029 | X87: 2030
A88: Gauge class 1 | C88: =C81*$B81 -> 24526.14 | D88: =D81*$B81 -> 0 | E88: =E81*$B81 -> 0 | F88: =F81*$B81 -> 0 | G88: =G81*$B81 -> 0 | H88: =H81*$B81 -> 0 | I88: =I81*$B81 -> 0 | J88: =J81*$B81 -> 0 | ... X88: =X81*$B81 -> 0
A89: Gauge class 2 | C89: =C82*$B82 -> 49199.91 | D89: =D82*$B82 -> 0 | E89: =E82*$B82 -> 0 | F89: =F82*$B82 -> 0 | G89: =G82*$B82 -> 0 | H89: =H82*$B82 -> 0 | I89: =I82*$B82 -> 0 | J89: =J82*$B82 -> 0 | ... X89: =X82*$B82 -> 0
A90: Gauge class 3 | C90: =C83*$B83 -> 40000 | D90: =D83*$B83 -> 0 | E90: =E83*$B83 -> 0 | F90: =F83*$B83 -> 0 | G90: =G83*$B83 -> 0 | H90: =H83*$B83 -> 0 | I90: =I83*$B83 -> 0 | J90: =J83*$B83 -> 0 | ... X90: =X83*$B83 -> 0
A91: Gauge class 4 | C91: =C84*$B84 -> 0 | D91: =D84*$B84 -> 0 | E91: =E84*$B84 -> 0 | F91: =F84*$B84 -> 0 | G91: =G84*$B84 -> 0 | H91: =H84*$B84 -> 0 | I91: =I84*$B84 -> 0 | J91: =J84*$B84 -> 0 | ... X91: =X84*$B84 -> 0
A92: Gauge class 5 | C92: =C85*$B85 -> 0 | D92: =D85*$B85 -> 0 | E92: =E85*$B85 -> 0 | F92: =F85*$B85 -> 0 | G92: =G85*$B85 -> 0 | H92: =H85*$B85 -> 0 | I92: =I85*$B85 -> 0 | J92: =J85*$B85 -> 0 | ... X92: =X85*$B85 -> 0
A93: Subtotal A.3.8.2 Required for the Construction of Railways | C93: =SUM(C88:C92) -> 113726.05 | D93: =SUM(D88:D92) -> 0 | E93: =SUM(E88:E92) -> 0 | F93: =SUM(F88:F92) -> 0 | G93: =SUM(G88:G92) -> 0 | H93: =SUM(H88:H92) -> 0 | I93: =SUM(I88:I92) -> 0 | J93: =SUM(J88:J92) -> 0 | ... X93: =SUM(X88:X92) -> 0
A96: STEP 4: ESTIMATION OF SAND AND GRAVEL REQUIRED FOR BUILDING SUBLAYERS (tonnes)
A97: As outlined on Page 68 of the Global Manual on EW-MFA, there is huge variation between the quantity of A.3.8.2 materials used in building sublayers depending on local soil composition, groundwater depth, weather patterns, typical construction methods and average building loads. It is thus strongly advised that those compiling this account consult with local experts to determine appropriate estimation methods.
A98: The default method used below is a simple stopgap measure, which applies a factor of 0.08 to the tonnage of sand and gravel used in concrete production, estimated in Step 1. It does not require any further data entry. If you have alternative estimates based on local knowledge and expertise, enter those in the "Local Knowledge based estimate" row, and it will replace the default estimate as the subtotal for this component.
C99: Example Data | D99: 2010 | E99: 2011 | F99: 2012 | G99: 2013 | H99: 2014 | I99: 2015 | J99: 2016 | K99: 2017 | L99: 2018 | M99: 2019 | N99: 2020 | O99: 2021 | P99: 2022 | Q99: 2023 | R99: 2024 | S99: 2025 | T99: 2026 | U99: 2027 | V99: 2028 | W99: 2029 | X99: 2030
A100: Previously estimated sand and gravel required for the production of concrete | C100: =C24 -> 4997000 | D100: =D24 -> 0 | E100: =E24 -> 0 | F100: =F24 -> 0 | G100: =G24 -> 0 | H100: =H24 -> 0 | I100: =I24 -> 0 | J100: =J24 -> 0 | ... X100: =X24 -> 0
A101: Default estimate of sand and gravel required for building sublayers | C101: =C100*0.08 -> 399760 | D101: =D100*0.08 -> 0 | E101: =E100*0.08 -> 0 | F101: =F100*0.08 -> 0 | G101: =G100*0.08 -> 0 | H101: =H100*0.08 -> 0 | I101: =I100*0.08 -> 0 | J101: =J100*0.08 -> 0 | ... X101: =X100*0.08 -> 0
A102: Local knowledge based estimate of sand and gravel required for building sublayers
A103: Subtotal A.3.8.2 Required for Building Sublayers | C103: =IF(C102>0,C102,C101) -> 399760 | D103: =IF(D102>0,D102,D101) -> 0 | E103: =IF(E102>0,E102,E101) -> 0 | F103: =IF(F102>0,F102,F101) -> 0 | G103: =IF(G102>0,G102,G101) -> 0 | H103: =IF(H102>0,H102,H101) -> 0 | I103: =IF(I102>0,I102,I101) -> 0 | J103: =IF(J102>0,J102,J101) -> 0 | ... X103: =IF(X102>0,X102,X101) -> 0

Sheet Fossil Fuels Tool_DE
A1: Calculated totals for Fossil Fuels - Domestic Extraction
A2: Notes: This is a concordance for use when compiling EW-MFA data on fossil fuels from data formatted for the UNSD Energy questionnaire.
A3: Where no MFA Description or Code is given, this means that this account is ignored for the fossil fuel account, perhaps because it is likely to include components from other categories which can't be accurately excluded, or even materials like added water or atmospheric gases which should not be included under any EW-MFA category.
A4: Most of the relevant UNSD fields are specified in thousands of tonnes, so the appropriate multiplier for EW-MFA will be 1000, however in a few cases they are given in energy units (e.g. natural gas). These need different factors applied to them, and default values are given in the "ConvFactor" column.
A5: To calculate the fossil fuel flow for one year using the conversion factors, a user should just enter the real value for the year they wish to calculate under the "Input (UNSD Data)" column. The appropriate conversions will be shown under the "Output (MFA; tonnes)" column. The user should not have any reason to alter any columns in the existing table apart from the input column.
A6: For this sheet, the input data should be that which would be entered into the "production" fields on the UNSD energy questionnaire, for the material listed. These materials represent only a small fraction of the total number of fields given on the "Coal and Peat", "Oil", and "Gases" worksheets of that questionnaire, due to the narrow scope of domestic extraction.
A8: Hints: | C8: It should be filled in manually. | F8: Reference tables.
C9: Final results; it will be filled in automatically.
A11: UNSD Questionnaire | B11: UNSD Code | C11: MFA Description | D11: MFA Code | E11: ConvFactor | F11: Input (UNSD Data) | G11: Output (MFA, tonnes)
A12: Lignite (LN); Metric tons, thousand (WSR) | B12: LN | C12: Lignite (brown coal) | D12: A.4.1.1.1 | E12: 1000 | G12: =E12*F12 -> 0
A13: Brown Coal (LB); Metric tons, thousand (WSR) | B13: LB | C13: Lignite (brown coal) | D13: A.4.1.1.1 | E13: 1000 | G13: =E13*F13 -> 0
A14: Sub-bituminous coal (SB); Metric tons, thousand (WSR) | B14: SB | C14: Other Sub-Bituminous Coal | D14: A.4.1.1.2 | E14: 1000 | G14: =E14*F14 -> 0
A15: Anthracite (AT); Metric tons, thousand (WSR) | B15: AT | C15: Anthracite | D15: A.4.1.2.1 | E15: 1000 | G15: =E15*F15 -> 0
A16: Coking coal (CC); Metric tons, thousand (WSR) | B16: CC | C16: Coking Coal | D16: A.4.1.2.2 | E16: 1000 | G16: =E16*F16 -> 0
A17: Hard Coal (CL); Metric tons, thousand (WSR) | B17: CL | C17: Other Bituminous Coal | D17: A.4.1.2.3 | E17: 1000 | G17: =E17*F17 -> 0
A18: Other bituminous coal (OB); Metric tons, thousand (WSR) | B18: OB | C18: Other Bituminous Coal | D18: A.4.1.2.3 | E18: 1000 | G18: =E18*F18 -> 0
A19: Peat (PT); Metric tons, thousand (WSR) | B19: PT | C19: Peat | D19: A.4.1.3 | E19: 1000 | G19: =E19*F19 -> 0
A20: Natural Gas Liquids (GL); Metric tons, thousand (WSR) | B20: GL | C20: Natural gas liquids | D20: A.4.2.3 | E20: 1000 | G20: =E20*F20 -> 0
A21: Conventional crude oil (CR); Metric tons, thousand (WSR) | B21: CR | C21: Crude oil | D21: A.4.2.1 | E21: 1000 | G21: =E21*F21 -> 0
A22: Natural Gas (including LNG) (NG); Terajoules (HSO) | B22: NG | C22: Natural gas | D22: A.4.2.2 | E22: 20 | G22: =E22*F22 -> 0
A23: Oil Shale / Oil Sands (OS); Metric tons, thousand (WSR) | B23: OS | C23: Oil shale and tar sands | D23: A.4.3 | E23: 1000 | G23: =E23*F23 -> 0

Sheet Fossil Fuels Tool_Imp
A1: Calculated totals for Fossil Fuels - Imports
A2: Notes: This is a concordance for use when compiling EW-MFA data on fossil fuels from data formatted for the UNSD Energy questionnaire.
A3: Where no MFA Description or Code is given, this means that this account is ignored for the fossil fuel account, perhaps because it is likely to include components from other categories which can't be accurately excluded, or even materials like added water or atmospheric gases which should not be included under any EW-MFA category.
A4: Most of the relevant UNSD fields are specified in thousands of tonnes, so the appropriate multiplier for EW-MFA will be 1,000, however in a few cases they are given in energy units (e.g. natural gas). These need different factors applied to them, and default values are given in the "ConvFactor" column. Where the "ConvFactor" is given as NA, it is usually because a reasonable default value has not been determined, and so that item will be excluded from the accounts.
A5: A few of the ConvFactor values are negative. These apply to the biomass derived fuels. These should not be counted as fossil fuels, however categories like "Gas Oil/ Diesel Oil (DL)" are specified as inclusive of biodiesel. This means the biodiesel component, if known, should then be subtracted from the EW-MFA fossil fuel account. The biofuels should already have been indentified elsewhere, and counted under the biomass accounts.
A6: To calculate the fossil fuel flow for one year using the conversion factors, a user should just enter the real value for the year they wish to calculate under the "Input (UNSD Data)" column. The appropriate conversions will be shown under the "Output (MFA; tonnes)" column. The user should not have any reason to alter any columns in the existing table apart from the input column.
A7: For this sheet, the input data should be that compiled for entry into the "import" fields on the UNSD energy questionnaire, for the material listed. These materials represent only part of the total number of energy sources given on the "Coal and Peat", "Oil", and "Gases" worksheets of that questionnaire, as not all of the materials fit under fossil fuels. In some cases biomass items might need to be addressed so that they can be subtracted from inclusive material categories, notably biofuels such as biodiesel.
A9: Hints: | C9: It should be filled in manually. | F9: Reference tables.
C10: Final results; it will be filled in automatically.
A12: UNSD Questionnaire | B12: UNSD Code | C12: MFA description | D12: MFA Code | E12: ConvFactor | F12: Input (UNSD Data) | G12: Output (MFA, tonnes)
A13: Brown Coal Briquettes (BB); Metric tons, thousand (WSR) | B13: BB | C13: Lignite (brown coal) | D13: B.4.1.1.1 | E13: 1000 | G13: =IF(D13="NA","NA",IF(ISERROR(E13*F13),"NA",(E13*F13))) -> 0
A14: Brown Coal (LB); Metric tons, thousand (WSR) | B14: LB | C14: Lignite (brown coal) | D14: B.4.1.1.1 | E14: 1000 | G14: =IF(D14="NA","NA",IF(ISERROR(E14*F14),"NA",(E14*F14))) -> 0
A15: Lignite (LN); Metric tons, thousand (WSR) | B15: LN | C15: Lignite (brown coal) | D15: B.4.1.1.1 | E15: 1000 | G15: =IF(D15="NA","NA",IF(ISERROR(E15*F15),"NA",(E15*F15))) -> 0
A16: Sub-bituminous coal (SB); Metric tons, thousand (WSR) | B16: SB | C16: Other Sub-Bituminous Coal | D16: B.4.1.1.2 | E16: 1000 | G16: =IF(D16="NA","NA",IF(ISERROR(E16*F16),"NA",(E16*F16))) -> 0
A17: Anthracite (AT); Metric tons, thousand (WSR) | B17: AT | C17: Anthracite | D17: B.4.1.2.1 | E17: 1000 | G17: =IF(D17="NA","NA",IF(ISERROR(E17*F17),"NA",(E17*F17))) -> 0
A18: Coking coal (CC); Metric tons, thousand (WSR) | B18: CC | C18: Coking Coal | D18: B.4.1.2.2 | E18: 1000 | G18: =IF(D18="NA","NA",IF(ISERROR(E18*F18),"NA",(E18*F18))) -> 0
A19: Hard Coal (CL); Metric tons, thousand (WSR) | B19: CL | C19: Other Bituminous Coal | D19: B.4.1.2.3 | E19: 1000 | G19: =IF(D19="NA","NA",IF(ISERROR(E19*F19),"NA",(E19*F19))) -> 0
A20: Other bituminous coal (OB); Metric tons, thousand (WSR) | B20: OB | C20: Other Bituminous Coal | D20: B.4.1.2.3 | E20: 1000 | G20: =IF(D20="NA","NA",IF(ISERROR(E20*F20),"NA",(E20*F20))) -> 0
A21: Peat Products (BP); Metric tons, thousand (WSR) | B21: BP | C21: Peat | D21: B.4.1.3 | E21: 1000 | G21: =IF(D21="NA","NA",IF(ISERROR(E21*F21),"NA",(E21*F21))) -> 0
A22: Peat (PT); Metric tons, thousand (WSR) | B22: PT | C22: Peat | D22: B.4.1.3 | E22: 1000 | G22: =IF(D22="NA","NA",IF(ISERROR(E22*F22),"NA",(E22*F22))) -> 0
A23: Patent fuel (BC); Metric tons, thousand (WSR) | B23: BC | C23: Coal derived products n.e.c. | D23: B.4.1.4 | E23: 1000 | G23: =IF(D23="NA","NA",IF(ISERROR(E23*F23),"NA",(E23*F23))) -> 0
A24: Other coal products (CP); Metric tons, thousand (WSR) | B24: CP | C24: Coal derived products n.e.c. | D24: B.4.1.4 | E24: 1000 | G24: =IF(D24="NA","NA",IF(ISERROR(E24*F24),"NA",(E24*F24))) -> 0
... A56: Oil Shale / Oil Sands (OS); Metric tons, thousand (WSR) | B56: OS | C56: Oil shale and tar sands | D56: B.4.3 | E56: 1000 | G56: =IF(D56="NA","NA",IF(ISERROR(E56*F56),"NA",(E56*F56))) -> 0
A57: Blast Furnace Gas (BG); Terajoules (HSO) | B57: BG | C57: N/A | D57: N/A | E57: N/A | G57: N/A
A58: Other recovered gases (BO); Terajoules (HSO) | B58: BO | C58: N/A | D58: N/A | E58: N/A | G58: N/A
A59: Total Refinery Output (GR); Metric tons, thousand (WSR) | B59: GR | C59: N/A | D59: N/A | E59: 1000 | G59: =IF(D59="N/A","N/A",IF(ISERROR(E59*F59),"N/A",(E59*F59))) -> N/A

Sheet Fossil Fuels Tool_Exp
A1: Calculated totals for Fossil Fuels - Exports
A2: Notes: This is a concordance for use when compiling EW-MFA data on fossil fuels from data formatted for the UNSD Energy questionnaire.
A3: Where no MFA Description or Code is given, this means that this account is ignored for the fossil fuel account, perhaps because it is likely to include components from other categories which can't be accurately excluded, or even materials like added water or atmospheric gases which should not be included under any EW-MFA category.
A4: Most of the relevant UNSD fields are specified in thousands of tonnes, so the appropriate multiplier for EW-MFA will be 1,000, however in a few cases they are given in energy units (e.g. natural gas). These need different factors applied to them, and default values are given in the "ConvFactor" column. Where the "ConvFactor" is given as NA, it is usually because a reasonable default value has not been determined, and so that item will be excluded from the accounts.
A5: A few of the ConvFactor values are negative. These apply to the biomass derived fuels. These should not be counted as fossil fuels, however categories like "Gas Oil/ Diesel Oil (DL)" are specified as inclusive of biodiesel. This means the biodiesel component, if known, should then be subtracted from the EW-MFA fossil fuel account. The biofuels should already have been indentified elsewhere, and counted under the biomass accounts.
A6: To calculate the fossil fuel flow for one year using the conversion factors, a user should just enter the real value for the year they wish to calculate under the "Input (UNSD Data)" column. The appropriate conversions will be shown under the "Output (MFA; tonnes)" column. The user should not have any reason to alter any columns in the existing table apart from the input column.
A7: For this sheet, the input data should be that compiled for entry into the "export" fields on the UNSD energy questionnaire, for the material listed. These materials represent only part of the total number of energy sources given on the "Coal and Peat", "Oil", and "Gases" worksheets of that questionnaire, as not all of the materials fit under fossil fuels. In some cases biomass items need to be addressed so that they can be subtracted from inclusive material categories, notably biofuels such as biodiesel.
A9: Hints: | C9: It should be filled in manually. | F9: Reference tables.
C10: Final results; it will be filled in automatically.
A12: UNSD Questionnaire | B12: UNSD Code | C12: MFA Description | D12: MFA Code | E12: ConvFactor | F12: Input (UNSD Data) | G12: Output (MFA, tonnes)
A13: Brown Coal Briquettes (BB); Metric tons, thousand (WSR) | B13: BB | C13: Lignite (brown coal) | D13: C.4.1.1.1 | E13: 1000 | G13: =IF(D13="NA","NA",IF(ISERROR(E13*F13),"NA",(E13*F13))) -> 0
A14: Brown Coal (LB); Metric tons, thousand (WSR) | B14: LB | C14: Lignite (brown coal) | D14: C.4.1.1.1 | E14: 1000 | G14: =IF(D14="NA","NA",IF(ISERROR(E14*F14),"NA",(E14*F14))) -> 0
A15: Lignite (LN); Metric tons, thousand (WSR) | B15: LN | C15: Lignite (brown coal) | D15: C.4.1.1.1 | E15: 1000 | G15: =IF(D15="NA","NA",IF(ISERROR(E15*F15),"NA",(E15*F15))) -> 0
A16: Sub-bituminous coal (SB); Metric tons, thousand (WSR) | B16: SB | C16: Other Sub-Bituminous Coal | D16: C.4.1.1.2 | E16: 1000 | G16: =IF(D16="NA","NA",IF(ISERROR(E16*F16),"NA",(E16*F16))) -> 0
A17: Anthracite (AT); Metric tons, thousand (WSR) | B17: AT | C17: Anthracite | D17: C.4.1.2.1 | E17: 1000 | G17: =IF(D17="NA","NA",IF(ISERROR(E17*F17),"NA",(E17*F17))) -> 0
A18: Coking coal (CC); Metric tons, thousand (WSR) | B18: CC | C18: Coking Coal | D18: C.4.1.2.2 | E18: 1000 | G18: =IF(D18="NA","NA",IF(ISERROR(E18*F18),"NA",(E18*F18))) -> 0
A19: Hard Coal (CL); Metric tons, thousand (WSR) | B19: CL | C19: Other Bituminous Coal | D19: C.4.1.2.3 | E19: 1000 | G19: =IF(D19="NA","NA",IF(ISERROR(E19*F19),"NA",(E19*F19))) -> 0
A20: Other bituminous coal (OB); Metric tons, thousand (WSR) | B20: OB | C20: Other Bituminous Coal | D20: C.4.1.2.3 | E20: 1000 | G20: =IF(D20="NA","NA",IF(ISERROR(E20*F20),"NA",(E20*F20))) -> 0
A21: Peat Products (BP); Metric tons, thousand (WSR) | B21: BP | C21: Peat | D21: C.4.1.3 | E21: 1000 | G21: =IF(D21="NA","NA",IF(ISERROR(E21*F21),"NA",(E21*F21))) -> 0
A22: Peat (PT); Metric tons, thousand (WSR) | B22: PT | C22: Peat | D22: C.4.1.3 | E22: 1000 | G22: =IF(D22="NA","NA",IF(ISERROR(E22*F22),"NA",(E22*F22))) -> 0
A23: Patent fuel (BC); Metric tons, thousand (WSR) | B23: BC | C23: Coal derived products n.e.c. | D23: C.4.1.4 | E23: 1000 | G23: =IF(D23="NA","NA",IF(ISERROR(E23*F23),"NA",(E23*F23))) -> 0
A24: Other coal products (CP); Metric tons, thousand (WSR) | B24: CP | C24: Coal derived products n.e.c. | D24: C.4.1.4 | E24: 1000 | G24: =IF(D24="NA","NA",IF(ISERROR(E24*F24),"NA",(E24*F24))) -> 0
... A56: Oil Shale / Oil Sands (OS); Metric tons, thousand (WSR) | B56: OS | C56: Oil shale and tar sands | D56: C.4.3 | E56: 1000 | G56: =IF(D56="NA","NA",IF(ISERROR(E56*F56),"NA",(E56*F56))) -> 0
A57: Blast Furnace Gas (BG); Terajoules (HSO) | B57: BG | C57: N/A | D57: N/A | E57: N/A | G57: N/A
A58: Other recovered gases (BO); Terajoules (HSO) | B58: BO | C58: N/A | D58: N/A | E58: N/A | G58: N/A
A59: Total Refinery Output (GR); Metric tons, thousand (WSR) | B59: GR | C59: N/A | D59: N/A | E59: 1000 | G59: =IF(D59="N/A","N/A",IF(ISERROR(E59*F59),"N/A",(E59*F59))) -> N/A

Sheet ConvFact Peat
A1: Conversion Factor Peat
A2: This tool allows users to convert data on dry peat reported in volume units of cubic metres (m3) to tonnes (t), as required for the reporting of the EW-MFA material category 4.1.3 Peat. The default conversion factor is adapted from section 2.4.4.3 of the Global Manual on EW-MFA.
A3: To calculate the tonnage of dry peat using the conversion factor, a user should just enter the real value in cubic metres under the "Input (m3 of peat)" column. The appropriate conversion will be shown under the "Output (t of peat)" column. The user should not have any reason to alter any column in the existing table apart from the input column.
A5: Hints: | C5: Final result; it will be filled in automatically. | G5: Default conversion factor.
C6: It should be filled in manually.
B9: Density [t/m3] | C9: Input (m3) | D9: Output (t)
A10: Peat | B10: 0.753 | D10: =B10*C10 -> 0
A11: Source: United Nations (1987)

Sheet ConvFact Crude Oil and NGL
A1: Conversion Factors Crude Oil and Natural Gas Liquids_Domestic Extraction
A2: This tool allows users to convert data on crude oil and natural gas liquids (NGL) reported in thousand barrels per day (Mb/d) to tonnes (t), as required for the reporting of the EW-MFA material categories A.4.2.1 Crude oil and A.4.2.3 Natural gas liquids. The data provided by the U.S. Energy Information Administration (EIA) Statistics is usually available in Mb/d. Note: Mb/d is thousands, not millions, of barrels per day in EIA nomenclature.
A3: If you have inital data denominated in a different volumetric/time measure, you should convert to the Mb/d equivalent first before entering it in the gray "Input" cells. So, for example, if you have data in kilolitres (m3) per year, you would divide this by 58,074.75 i.e. 365.25 (days per year) * 159 (litres per barrel).
A4: For conversion into metric tonnes ideally region specific factors should be applied. Where no such data are available, default conversion factors provided in the tables can be applied (in pink).
A5: The default density value of 0.8581 for Crude Oil is taken from BP's "Approximate conversion factors – Statistical Review of World Energy" July 2021 update, Page 1. The default density value of 0.753 for NGL is derived from the same source, using the lightest liquid product phase (at standard temp. and pressure) specified there, i.e. Gasoline.
A6: BP's "Approximate conversion factors – Statistical Review of World Energy" July 2021 update: pdf
A7: To calculate the tonnages of crude oil or natural gas liquids using the conversion factors, a user should just enter the real value under the "Input" column. The appropriate conversions will be shown under the "Output" column. The user should not have any reason to alter any columns in the existing table apart from the input column, except for when an alternative density value can be provided.
A9: Hints: | C9: Final results; it will be filled in automatically. | G9: Intermediate results; it will be filled in automatically.
C10: It should be filled in manually. | G10: Default conversion factors.
B13: Default density (S.G.) | C13: Alternative density (S.G.) | D13: Density used | E13: Conv. Fact. m3/year | F13: Conv. Fact. t/year | G13: Input (Mb/d) | H13: Output (t)
A14: Crude Oil | B14: 0.8581 | D14: =IF(ISBLANK(C14),B14,C14) -> 0.8581 | E14: =365.25*0.159*1000 -> 58074.75 | F14: =365.25*0.159*1000*D14 -> 49833.943 | H14: =F14*G14 -> 0
B17: Default density (S.G.) | C17: Alternative density (S.G.) | D17: Density used | E17: Conv. Fact. m3/year | F17: Conv. Fact. t/year | G17: Input (Mb/d) | H17: Output (t)
A18: NGL | B18: 0.75 | D18: =IF(ISBLANK(C18),B18,C18) -> 0.75 | E18: =365.25*0.159*1000 -> 58074.75 | F18: =365.25*0.159*1000*D18 -> 43556.062 | H18: =F18*G18 -> 0

Sheet ConvFact Natural Gas
A1: Conversion Factors Natural Gas
A2: This tool allows users to convert data on natural gas reported in standard cubic metres at 15 °C (m3) or megajoules (MJ) to tonnes (t), as required for the reporting of the EW-MFA material category 4.2.2 Natural gas. The default conversion factors are adapted from Table 2.25 of the Global Manual on EW-MFA.
A3: The production of natural gas is often reported in volume or energy content (“gross calorific value”, GCV). For conversion into metric tonnes ideally region specific factors should be applied. Where no such data are available, average factors provided here can be applied.
A4: To calculate the tonnage of natural gas using the conversion factors, a user should just enter the real value under the "Input" column. The appropriate conversions will be shown under the "Output" column. The user should not have any reason to alter any columns in the existing table apart from the input column.
A6: Hints: | C6: Final results; it will be filled in automatically. | G6: Default conversion factors.
C7: It should be filled in manually.
B10: Density [t/m3] | C10: Input (m3) | D10: Output (t)
A11: Natural gas | B11: 0.0008 | D11: =B11*C11 -> 0
A12: Source: Eurostat (2013)
B15: Density [t/MJ] | C15: Input (MJ) | D15: Output (t)
A16: Natural gas | B16: 2e-05 | D16: =B16*C16 -> 0
A17: Source: Eurostat (2013)

Sheet Corresp HS2017_Trade
A1: Correspondence Table HS 2017 Codes to EW-MFA Codes
A2: Notes: This tool is a correspondence table for use when compiling EW-MFA data on Imports of materials (Table_B) and Exports of materials (Table_C). The table shows the conversion from codes according to the Harmonized System Nomenclature 2017 Edition (HS 2017) to UNEP EW-MFA codes.
A3: Where no EW-MFA Code or Description is given and the word "EXCLUDED" is written, it means that this account is ignored for data on imports and exports, for example when it includes materials such as added water or atmospheric gases which should not be included under any EW-MFA category. The table is sorted according to HS 2017 levels, as indicated in the colored legend below. The list can be expanded and retracted by level 2 for easy access by using the "+" and "-" buttons on the left-hand side.
A5: HS 2017 Codes | C5: EW-MFA Codes
A6: Code | B6: Description | C6: Table B - Imports of Materials | D6: Table C - Exports of Materials | E6: Description
A7: Level 1
A8: Level 2
A9: Level 3
A10: Level 4
A11: Level 5
A12: I | B12: SECTION I - LIVE ANIMALS; ANIMAL PRODUCTS
A13: 01 | B13: CHAPTER 1 - LIVE ANIMALS | C13: B.1.5.1 | D13: C.1.5.1 | E13: Live animals (exluding wild fish and animals)
A14: 01.01 | B14: Live horses, asses, mules and hinnies | C14: B.1.5.1 | D14: C.1.5.1 | E14: Live animals (exluding wild fish and animals)
B15: - Horses | C15: B.1.5.1 | D15: C.1.5.1 | E15: Live animals (exluding wild fish and animals)
A16: 0101.21 | B16: -- Pure-bred breeding animals | C16: B.1.5.1 | D16: C.1.5.1 | E16: Live animals (exluding wild fish and animals)
A17: 0101.29 | B17: -- Other | C17: B.1.5.1 | D17: C.1.5.1 | E17: Live animals (exluding wild fish and animals)
A18: 0101.30 | B18: - Asses | C18: B.1.5.1 | D18: C.1.5.1 | E18: Live animals (exluding wild fish and animals)
A19: 0101.90 | B19: - Other | C19: B.1.5.1 | D19: C.1.5.1 | E19: Live animals (exluding wild fish and animals)
A20: 01.02 | B20: Live bovine animals | C20: B.1.5.1 | D20: C.1.5.1 | E20: Live animals (exluding wild fish and animals)
B21: - Cattle | C21: B.1.5.1 | D21: C.1.5.1 | E21: Live animals (exluding wild fish and animals)
A22: 0102.21 | B22: -- Pure-bred breeding animals | C22: B.1.5.1 | D22: C.1.5.1 | E22: Live animals (exluding wild fish and animals)
A23: 0102.29 | B23: -- Other | C23: B.1.5.1 | D23: C.1.5.1 | E23: Live animals (exluding wild fish and animals)
B24: - Buffalo | C24: B.1.5.1 | D24: C.1.5.1 | E24: Live animals (exluding wild fish and animals)
A25: 0102.31 | B25: -- Pure-bred breeding animals | C25: B.1.5.1 | D25: C.1.5.1 | E25: Live animals (exluding wild fish and animals)
A26: 0102.39 | B26: -- Other | C26: B.1.5.1 | D26: C.1.5.1 | E26: Live animals (exluding wild fish and animals)
A27: 0102.90 | B27: - Other | C27: B.1.5.1 | D27: C.1.5.1 | E27: Live animals (exluding wild fish and animals)
A28: 01.03 | B28: Live swine | C28: B.1.5.1 | D28: C.1.5.1 | E28: Live animals (exluding wild fish and animals)
A29: 0103.10 | B29: - Pure-bred breeding animals | C29: B.1.5.1 | D29: C.1.5.1 | E29: Live animals (exluding wild fish and animals)
B30: - Other | C30: B.1.5.1 | D30: C.1.5.1 | E30: Live animals (exluding wild fish and animals)
A31: 0103.91 | B31: -- Weighing less than 50 kg | C31: B.1.5.1 | D31: C.1.5.1 | E31: Live animals (exluding wild fish and animals)
A32: 0103.92 | B32: -- Weighing 50 kg or more | C32: B.1.5.1 | D32: C.1.5.1 | E32: Live animals (exluding wild fish and animals)
A33: 01.04 | B33: Live sheep and goats | C33: B.1.5.1 | D33: C.1.5.1 | E33: Live animals (exluding wild fish and animals)
A34: 0104.10 | B34: - Sheep | C34: B.1.5.1 | D34: C.1.5.1 | E34: Live animals (exluding wild fish and animals)
A35: 0104.20 | B35: - Goats | C35: B.1.5.1 | D35: C.1.5.1 | E35: Live animals (exluding wild fish and animals)
A36: 01.05 | B36: Live poultry, that is to say, fowls of the species Gallus domesticus, ducks, geese, turkeys and guinea fowls | C36: B.1.5.1 | D36: C.1.5.1 | E36: Live animals (exluding wild fish and animals)
B37: - Weighing not more than 185 g | C37: B.1.5.1 | D37: C.1.5.1 | E37: Live animals (exluding wild fish and animals)
A38: 0105.11 | B38: -- Fowls of the species Gallus domesticus | C38: B.1.5.1 | D38: C.1.5.1 | E38: Live animals (exluding wild fish and animals)
A39: 0105.12 | B39: -- Turkeys | C39: B.1.5.1 | D39: C.1.5.1 | E39: Live animals (exluding wild fish and animals)
A40: 0105.13 | B40: -- Ducks | C40: B.1.5.1 | D40: C.1.5.1 | E40: Live animals (exluding wild fish and animals)
A41: 0105.14 | B41: -- Geese | C41: B.1.5.1 | D41: C.1.5.1 | E41: Live animals (exluding wild fish and animals)
A42: 0105.15 | B42: -- Guinea fowls | C42: B.1.5.1 | D42: C.1.5.1 | E42: Live animals (exluding wild fish and animals)
B43: - Other | C43: B.1.5.1 | D43: C.1.5.1 | E43: Live animals (exluding wild fish and animals)
A44: 0105.94 | B44: -- Fowls of the species Gallus domesticus | C44: B.1.5.1 | D44: C.1.5.1 | E44: Live animals (exluding wild fish and animals)
A45: 0105.99 | B45: -- Other | C45: B.1.5.1 | D45: C.1.5.1 | E45: Live animals (exluding wild fish and animals)
A46: 01.06 | B46: Other live animals | C46: B.1.5.1 | D46: C.1.5.1 | E46: Live animals (exluding wild fish and animals)
B47: - Mammals | C47: B.1.5.1 | D47: C.1.5.1 | E47: Live animals (exluding wild fish and animals)
A48: 0106.11 | B48: -- Primates | C48: B.1.5.1 | D48: C.1.5.1 | E48: Live animals (exluding wild fish and animals)
A49: 0106.12 | B49: -- Whales, dolphins and porpoises (mammals of the order Cetacea); manatees and dugongs (mammals of the order Sirenia); seals, sea lions and walruses (mammals of the suborder Pinnipedia) | C49: B.1.5.1 | D49: C.1.5.1 | E49: Live animals (exluding wild fish and animals)
A50: 0106.13 | B50: -- Camels and other camelids (Camelidae) | C50: B.1.5.1 | D50: C.1.5.1 | E50: Live animals (exluding wild fish and animals)
A51: 0106.14 | B51: -- Rabbits and hares | C51: B.1.5.1 | D51: C.1.5.1 | E51: Live animals (exluding wild fish and animals)
A52: 0106.19 | B52: -- Other | C52: B.1.5.1 | D52: C.1.5.1 | E52: Live animals (exluding wild fish and animals)
A53: 0106.20 | B53: - Reptiles (including snakes and turtles) | C53: B.1.5.1 | D53: C.1.5.1 | E53: Live animals (exluding wild fish and animals)
B54: - Birds | C54: B.1.5.1 | D54: C.1.5.1 | E54: Live animals (exluding wild fish and animals)
A55: 0106.31 | B55: -- Birds of prey | C55: B.1.5.1 | D55: C.1.5.1 | E55: Live animals (exluding wild fish and animals)
A56: 0106.32 | B56: -- Psittaciformes (including parrots, parakeets, macaws and cockatoos) | C56: B.1.5.1 | D56: C.1.5.1 | E56: Live animals (exluding wild fish and animals)
A57: 0106.33 | B57: -- Ostriches; emus (Dromaius novaehollandiae) | C57: B.1.5.1 | D57: C.1.5.1 | E57: Live animals (exluding wild fish and animals)
A58: 0106.39 | B58: -- Other | C58: B.1.5.1 | D58: C.1.5.1 | E58: Live animals (exluding wild fish and animals)
B59: - Insects | C59: B.1.5.1 | D59: C.1.5.1 | E59: Live animals (exluding wild fish and animals)
A60: 0106.41 | B60: -- Bees | C60: B.1.5.1 | D60: C.1.5.1 | E60: Live animals (exluding wild fish and animals)
A61: 0106.49 | B61: -- Other | C61: B.1.5.1 | D61: C.1.5.1 | E61: Live animals (exluding wild fish and animals)
A62: 0106.90 | B62: - Other | C62: B.1.5.1 | D62: C.1.5.1 | E62: Live animals (exluding wild fish and animals)
A63: 02 | B63: CHAPTER 2 - MEAT AND EDIBLE MEAT OFFAL
A64: 02.01 | B64: Meat of bovine animals, fresh or chilled | C64: B.1.5.2 | D64: C.1.5.2 | E64: Meat and meat preparations
A65: 0201.10 | B65: - Carcases and half-carcases | C65: B.1.5.2 | D65: C.1.5.2 | E65: Meat and meat preparations
A66: 0201.20 | B66: - Other cuts with bone in | C66: B.1.5.2 | D66: C.1.5.2 | E66: Meat and meat preparations
A67: 0201.30 | B67: - Boneless | C67: B.1.5.2 | D67: C.1.5.2 | E67: Meat and meat preparations
A68: 02.02 | B68: Meat of bovine animals, frozen | C68: B.1.5.2 | D68: C.1.5.2 | E68: Meat and meat preparations
A69: 0202.10 | B69: - Carcases and half-carcases | C69: B.1.5.2 | D69: C.1.5.2 | E69: Meat and meat preparations
A70: 0202.20 | B70: - Other cuts with bone in | C70: B.1.5.2 | D70: C.1.5.2 | E70: Meat and meat preparations
A71: 0202.30 | B71: - Boneless | C71: B.1.5.2 | D71: C.1.5.2 | E71: Meat and meat preparations
A72: 02.03 | B72: Meat of swine, fresh, chilled or frozen | C72: B.1.5.2 | D72: C.1.5.2 | E72: Meat and meat preparations
B73: - Fresh or chilled | C73: B.1.5.2 | D73: C.1.5.2 | E73: Meat and meat preparations
A74: 0203.11 | B74: -- Carcases and half-carcases | C74: B.1.5.2 | D74: C.1.5.2 | E74: Meat and meat preparations
A75: 0203.12 | B75: -- Hams, shoulders and cuts thereof, with bone in | C75: B.1.5.2 | D75: C.1.5.2 | E75: Meat and meat preparations
A76: 0203.19 | B76: -- Other | C76: B.1.5.2 | D76: C.1.5.2 | E76: Meat and meat preparations
B77: - Frozen | C77: B.1.5.2 | D77: C.1.5.2 | E77: Meat and meat preparations
A78: 0203.21 | B78: -- Carcases and half-carcases | C78: B.1.5.2 | D78: C.1.5.2 | E78: Meat and meat preparations
A79: 0203.22 | B79: -- Hams, shoulders and cuts thereof, with bone in | C79: B.1.5.2 | D79: C.1.5.2 | E79: Meat and meat preparations
A80: 0203.29 | B80: -- Other | C80: B.1.5.2 | D80: C.1.5.2 | E80: Meat and meat preparations
A81: 02.04 | B81: Meat of sheep or goats, fresh, chilled or frozen | C81: B.1.5.2 | D81: C.1.5.2 | E81: Meat and meat preparations
A82: 0204.10 | B82: - Carcases and half-carcases of lamb, fresh or chilled | C82: B.1.5.2 | D82: C.1.5.2 | E82: Meat and meat preparations
B83: - Other meat of sheep, fresh or chilled | C83: B.1.5.2 | D83: C.1.5.2 | E83: Meat and meat preparations
A84: 0204.21 | B84: -- Carcases and half-carcases | C84: B.1.5.2 | D84: C.1.5.2 | E84: Meat and meat preparations
A85: 0204.22 | B85: -- Other cuts with bone in | C85: B.1.5.2 | D85: C.1.5.2 | E85: Meat and meat preparations
A86: 0204.23 | B86: -- Boneless | C86: B.1.5.2 | D86: C.1.5.2 | E86: Meat and meat preparations
A87: 0204.30 | B87: - Carcases and half-carcases of lamb, frozen | C87: B.1.5.2 | D87: C.1.5.2 | E87: Meat and meat preparations
B88: - Other meat of sheep, frozen | C88: B.1.5.2 | D88: C.1.5.2 | E88: Meat and meat preparations
A89: 0204.41 | B89: -- Carcases and half-carcases | C89: B.1.5.2 | D89: C.1.5.2 | E89: Meat and meat preparations
A90: 0204.42 | B90: -- Other cuts with bone in | C90: B.1.5.2 | D90: C.1.5.2 | E90: Meat and meat preparations
A91: 0204.43 | B91: -- Boneless | C91: B.1.5.2 | D91: C.1.5.2 | E91: Meat and meat preparations
A92: 0204.50 | B92: - Meat of goats | C92: B.1.5.2 | D92: C.1.5.2 | E92: Meat and meat preparations
A93: 0205.00 | B93: Meat of horses, asses, mules or hinnies, fresh, chilled or frozen | C93: B.1.5.2 | D93: C.1.5.2 | E93: Meat and meat preparations
A94: 02.06 | B94: Edible offal of bovine animals, swine, sheep, goats, horses, asses, mules or hinnies, fresh, chilled or frozen | C94: B.1.5.2 | D94: C.1.5.2 | E94: Meat and meat preparations
A95: 0206.10 | B95: - Of bovine animals, fresh or chilled | C95: B.1.5.2 | D95: C.1.5.2 | E95: Meat and meat preparations
B96: - Of bovine animals, frozen | C96: B.1.5.2 | D96: C.1.5.2 | E96: Meat and meat preparations
A97: 0206.21 | B97: -- Tongues | C97: B.1.5.2 | D97: C.1.5.2 | E97: Meat and meat preparations
A98: 0206.22 | B98: -- Livers | C98: B.1.5.2 | D98: C.1.5.2 | E98: Meat and meat preparations
A99: 0206.29 | B99: -- Other | C99: B.1.5.2 | D99: C.1.5.2 | E99: Meat and meat preparations
A100: 0206.30 | B100: - Of swine, fresh or chilled | C100: B.1.5.2 | D100: C.1.5.2 | E100: Meat and meat preparations
B101: - Of swine, frozen | C101: B.1.5.2 | D101: C.1.5.2 | E101: Meat and meat preparations
...

Sheet Corresp SITC Rev.4_Trade
A1: Correspondence Table SITC Rev. 4 Codes to EW-MFA Codes
A2: Notes: This tool is a correspondence table for use when compiling EW-MFA data on Imports of materials (Table_B) and Exports of materials (Table_C). The table shows the conversion from codes according to the Standard International Trade Classification Revision 4 (SITC Rev. 4) to UNEP EW-MFA codes.
A3: Where no EW-MFA Code or Description is given and the word "EXCLUDED" is written, it means that this account is ignored for data on imports and exports, for example when it includes materials such as added water or atmospheric gases which should not be included under any EW-MFA category. The table is sorted according to SITC Rev. 4 levels, as indicated in the colored legend below. The list can be expanded and retracted by level 2 for easy access by using the "+" and "-" buttons on the left-hand side.
A5: SITC Rev. 4 Codes | C5: EW-MFA Codes
A6: ID | B6: Text | C6: Table B - Imports of Materials | D6: Table C - Exports of Materials | E6: Description
A7: Level 1
A8: Level 2
A9: Level 3
A10: Level 4
A11: Level 5
A12: 0 | B12: Food and live animals
A13: 00 | B13: Live animals other than animals of division 03 | C13: B.1.5.1 | D13: C.1.5.1 | E13: Live animals (exluding wild fish and animals)
A14: 001 | B14: Live animals other than animals of division 03 | C14: B.1.5.1 | D14: C.1.5.1 | E14: Live animals (exluding wild fish and animals)
A15: 0011 | B15: Bovine animals, live | C15: B.1.5.1 | D15: C.1.5.1 | E15: Live animals (exluding wild fish and animals)
A16: 00111 | B16: Pure-bred breeding animals | C16: B.1.5.1 | D16: C.1.5.1 | E16: Live animals (exluding wild fish and animals)
A17: 00119 | B17: Other than pure-bred breeding animals | C17: B.1.5.1 | D17: C.1.5.1 | E17: Live animals (exluding wild fish and animals)
A18: 0011X | B18: Memorandum Item | C18: B.1.5.1 | D18: C.1.5.1 | E18: Live animals (exluding wild fish and animals)
A19: 0012 | B19: Sheep and goats, live | C19: B.1.5.1 | D19: C.1.5.1 | E19: Live animals (exluding wild fish and animals)
A20: 00121 | B20: Sheep, live | C20: B.1.5.1 | D20: C.1.5.1 | E20: Live animals (exluding wild fish and animals)
A21: 00122 | B21: Goats, live | C21: B.1.5.1 | D21: C.1.5.1 | E21: Live animals (exluding wild fish and animals)
A22: 0012X | B22: Memorandum Item | C22: B.1.5.1 | D22: C.1.5.1 | E22: Live animals (exluding wild fish and animals)
A23: 0013 | B23: Swine, live | C23: B.1.5.1 | D23: C.1.5.1 | E23: Live animals (exluding wild fish and animals)
A24: 00131 | B24: Pure-bred breeding animals | C24: B.1.5.1 | D24: C.1.5.1 | E24: Live animals (exluding wild fish and animals)
... A98: 01X | B98: Memorandum Item | C98: B.1.5.2 | D98: C.1.5.2 | E98: Meat and meat preparations
A99: 02 | B99: Dairy products and birds’ eggs
A100: 022 | B100: Milk and cream and milk products other than butter or cheese
A101: 0221 | B101: Milk (including skimmed milk) and cream, not concentrated or sweetened | C101: EXCLUDED | D101: EXCLUDED
A102: 02211 | B102: Milk of a fat content, by weight, not exceeding 1% | C102: EXCLUDED | D102: EXCLUDED
A103: 02212 | B103: Milk and cream, of a fat content, by weight, exceeding 1% but not exceeding 6% | C103: EXCLUDED | D103: EXCLUDED
A104: 02213 | B104: Cream of a fat content, by weight, exceeding 6% | C104: EXCLUDED | D104: EXCLUDED
A105: 0221X | B105: Memorandum Item | C105: EXCLUDED | D105: EXCLUDED
A106: 0222 | B106: Milk and cream, concentrated or sweetened
A107: 02221 | B107: Milk, in solid form, of a fat content, by weight, not exceeding 1.5% | C107: B.1.5.3 | D107: C.1.5.3 | E107: Dairy products, birds eggs, and honey
A108: 02222 | B108: Milk and cream, in solid form, of a fat content, by weight, exceeding 1.5% | C108: B.1.5.3 | D108: C.1.5.3 | E108: Dairy products, birds eggs, and honey
A109: 02223 | B109: Milk and cream, not in solid form, not containing added sugar or other sweetening matter | C109: EXCLUDED | D109: EXCLUDED
A110: 02224 | B110: Milk and cream, not in solid form, containing added sugar or other sweetening matter | C110: EXCLUDED | D110: EXCLUDED
A111: 0222X | B111: Memorandum Item
A112: 0223 | B112: Yogurt; buttermilk, curdled, fermented or acidified milk and cream; ice-cream | C112: B.1.5.3 | D112: C.1.5.3 | E112: Dairy products, birds eggs, and honey
A113: 02231 | B113: Yogurt, whether or not concentrated or containing added sugar or other sweetening matter or flavoured or containing added fruit, nuts or cocoa | C113: B.1.5.3 | D113: C.1.5.3 | E113: Dairy products, birds eggs, and honey
A114: 02232 | B114: Buttermilk, curdled milk and cream, kephir and other fermented or acidified milk or cream, whether or not concentrated or containing added sugar or other sweetening matter or flavoured or containing added fruit, nuts or cocoa | C114: B.1.5.3 | D114: C.1.5.3 | E114: Dairy products, birds eggs, and honey
A115: 02233 | B115: Ice-cream and other edible ice, whether or not containing cocoa | C115: B.1.5.3 | D115: C.1.5.3 | E115: Dairy products, birds eggs, and honey
A116: 0223X | B116: Memorandum Item | C116: B.1.5.3 | D116: C.1.5.3 | E116: Dairy products, birds eggs, and honey
A117: 0224 | B117: Whey; products consisting of natural milk constituents, n.e.s. | C117: B.1.5.3 | D117: C.1.5.3 | E117: Dairy products, birds eggs, and honey
A118: 02241 | B118: Whey and modified whey, whether or not concentrated or containing added sugar or other sweetening matter | C118: B.1.5.3 | D118: C.1.5.3 | E118: Dairy products, birds eggs, and honey
A119: 02249 | B119: Products consisting of natural milk constituents, n.e.s. | C119: B.1.5.3 | D119: C.1.5.3 | E119: Dairy products, birds eggs, and honey
A120: 0224X | B120: Memorandum Item | C120: B.1.5.3 | D120: C.1.5.3 | E120: Dairy products, birds eggs, and honey
A121: 022X | B121: Memorandum Item | C121: B.1.5.3 | D121: C.1.5.3 | E121: Dairy products, birds eggs, and honey
A122: 023 | B122: Butter and other fats and oils derived from milk | C122: B.1.5.3 | D122: C.1.5.3 | E122: Dairy products, birds eggs, and honey
A123: 0230 | B123: Butter and other fats and oils derived from milk; dairy spreads | C123: B.1.5.3 | D123: C.1.5.3 | E123: Dairy products, birds eggs, and honey
... A142: 02X | B142: Memorandum Item | C142: B.1.5.3 | D142: C.1.5.3 | E142: Dairy products, birds eggs, and honey
A143: 03 | B143: Fish (not marine mammals), crustaceans, molluscs and aquatic invertebrates, and preparations thereof
A144: 034 | B144: Fish, fresh (live or dead), chilled or frozen | C144: B.1.4.1 | D144: C.1.4.1 | E144: Wild fish catch
A145: 0341 | B145: Fish, fresh (live or dead) or chilled (excluding fillets and minced fish) | C145: B.1.4.1 | D145: C.1.4.1 | E145: Wild fish catch
A146: 03411 | B146: Fish, live | C146: B.1.4.1 | D146: C.1.4.1 | E146: Wild fish catch
A147: 03412 | B147: Salmonidae, fresh or chilled (excluding livers and roes) | C147: B.1.4.1 | D147: C.1.4.1 | E147: Wild fish catch
A148: 03413 | B148: Flat-fish, fresh or chilled (excluding livers and roes) | C148: B.1.4.1 | D148: C.1.4.1 | E148: Wild fish catch
A149: 03414 | B149: Tunas, skipjack or stripe-bellied bonito, fresh or chilled (excluding livers and roes) | C149: B.1.4.1 | D149: C.1.4.1 | E149: Wild fish catch
A150: 03415 | B150: Herrings, sardines, sardinella, brislings or sprats, fresh or chilled (excluding livers and roes) | C150: B.1.4.1 | D150: C.1.4.1 | E150: Wild fish catch
A151: 03416 | B151: Cod, fresh or chilled (excluding livers and roes) | C151: B.1.4.1 | D151: C.1.4.1 | E151: Wild fish catch
A152: 03417 | B152: Mackerel (scombrids), fresh or chilled (excluding livers and roes) | C152: B.1.4.1 | D152: C.1.4.1 | E152: Wild fish catch
A153: 03418 | B153: Other fish, fresh or chilled (excluding livers and roes) | C153: B.1.4.1 | D153: C.1.4.1 | E153: Wild fish catch
A154: 03419 | B154: Fish livers and roes, fresh or chilled | C154: B.1.4.1 | D154: C.1.4.1 | E154: Wild fish catch
A155: 0341X | B155: Memorandum Item | C155: B.1.4.1 | D155: C.1.4.1 | E155: Wild fish catch
... A201: 036X | B201: Memorandum Item | C201: B.1.4.2 | D201: C.1.4.2 | E201: All other wild aquatic animals
A202: 037 | B202: Fish, crustaceans, molluscs and other aquatic invertebrates, prepared or preserved, n.e.s.
A203: 0371 | B203: Fish, prepared or preserved, n.e.s.; caviar and caviar substitutes prepared from fish eggs. | C203: B.1.4.1 | D203: C.1.4.1 | E203: Wild fish catch
A204: 03711 | B204: Salmon, whole or in pieces, but not minced | C204: B.1.4.1 | D204: C.1.4.1 | E204: Wild fish catch
A205: 03712 | B205: Herrings, sardines, sardinella and brislings or sprats, whole or in pieces, but not minced | C205: B.1.4.1 | D205: C.1.4.1 | E205: Wild fish catch
A206: 03713 | B206: Tunas, skipjack and Atlantic bonito (Sarda spp.), whole or in pieces, but not minced | C206: B.1.4.1 | D206: C.1.4.1 | E206: Wild fish catch
A207: 03714 | B207: Mackerel, whole or in pieces, but not minced | C207: B.1.4.1 | D207: C.1.4.1 | E207: Wild fish catch
A208: 03715 | B208: Other fish, whole or in pieces, but not minced | C208: B.1.4.1 | D208: C.1.4.1 | E208: Wild fish catch
A209: 03716 | B209: Other fish, prepared or preserved, n.e.s. | C209: B.1.4.1 | D209: C.1.4.1 | E209: Wild fish catch
A210: 03717 | B210: Caviar and caviar substitutes prepared from fish eggs | C210: B.1.4.1 | D210: C.1.4.1 | E210: Wild fish catch
A211: 0371X | B211: Memorandum Item | C211: B.1.4.1 | D211: C.1.4.1 | E211: Wild fish catch
A212: 0372 | B212: Crustaceans, molluscs and other aquatic invertebrates, prepared or preserved, n.e.s. | C212: B.1.4.2 | D212: C.1.4.2 | E212: All other wild aquatic animals
A213: 03721 | B213: Crustaceans, prepared or preserved, n.e.s. | C213: B.1.4.2 | D213: C.1.4.2 | E213: All other wild aquatic animals
A214: 03722 | B214: Molluscs and other aquatic invertebrates, prepared or preserved, n.e.s. | C214: B.1.4.2 | D214: C.1.4.2 | E214: All other wild aquatic animals
A215: 0372X | B215: Memorandum Item | C215: B.1.4.2 | D215: C.1.4.2 | E215: All other wild aquatic animals
A216: 037X | B216: Memorandum Item
A217: 03X | B217: Memorandum Item
A218: 04 | B218: Cereals and cereal preparations
A219: 041 | B219: Wheat (including spelt) and meslin, unmilled | C219: B.1.1.1.2 | D219: C.1.1.1.2 | E219: Wheat
A220: 0411 | B220: Durum wheat, unmilled | C220: B.1.1.1.2 | D220: C.1.1.1.2 | E220: Wheat
A221: 0412 | B221: Other wheat (including spelt) and meslin, unmilled | C221: B.1.1.1.2 | D221: C.1.1.1.2 | E221: Wheat
A222: 041X | B222: Memorandum Item | C222: B.1.1.1.2 | D222: C.1.1.1.2 | E222: Wheat
A223: 042 | B223: Rice | C223: B.1.1.1.1 | D223: C.1.1.1.1 | E223: Rice
A224: 0421 | B224: Rice in the husk (paddy or rough rice) | C224: B.1.1.1.1 | D224: C.1.1.1.1 | E224: Rice
A225: 0422 | B225: Rice, husked but not further prepared (cargo rice or brown rice) | C225: B.1.1.1.1 | D225: C.1.1.1.1 | E225: Rice
A226: 0423 | B226: Rice, semi-milled or wholly milled, whether or not polished, glazed, parboiled or converted (including broken rice) | C226: B.1.1.1.1 | D226: C.1.1.1.1 | E226: Rice
A227: 04231 | B227: Rice, semi-milled or wholly milled, whether or not polished, glazed, parboiled or converted (excluding broken rice) | C227: B.1.1.1.1 | D227: C.1.1.1.1 | E227: Rice
A228: 04232 | B228: Broken rice | C228: B.1.1.1.1 | D228: C.1.1.1.1 | E228: Rice
A229: 0423X | B229: Memorandum Item | C229: B.1.1.1.1 | D229: C.1.1.1.1 | E229: Rice
A230: 042X | B230: Memorandum Item | C230: B.1.1.1.1 | D230: C.1.1.1.1 | E230: Rice
... A280: 048X | B280: Memorandum Item | C280: B.1.1.1.4 | D280: C.1.1.1.4 | E280: Cereals n.e.c.
A281: 04X | B281: Memorandum Item
A282: 05 | B282: Vegetables and fruit
A283: 054 | B283: Vegetables, fresh, chilled, frozen or simply preserved (including dried leguminous vegetables); roots, tubers and other edible vegetable products, n.e.s., fresh or dried
A284: 0541 | B284: Potatoes, fresh or chilled (not including sweet potatoes) | C284: B.1.1.2 | D284: C.1.1.2 | E284: Roots, tubers
A285: 0542 | B285: Leguminous vegetables, dried, shelled, whether or not skinned or split. | C285: B.1.1.4 | D285: C.1.1.4 | E285: Pulses
A286: 05421 | B286: Peas | C286: B.1.1.4 | D286: C.1.1.4 | E286: Pulses
...
